Workbook

Sheet NOVO
B3: Novidades da Versão
A6: V3.0.0
B7: GERAL
C8: =IF(D8<>"","▪","") -> ▪ | D8: Lançamento: Adequação à Portaria 424/2016. Acompanhamento por Eventos.
C9: =IF(D9<>"","▪","")
A10: V3.0.1
B11: GERAL
C12: =IF(D12<>"","▪","") -> ▪ | D12: Ajustes de formatações.
B13: PO
C14: =IF(D14<>"","▪","") -> ▪ | D14: Correção da aplicação do BDI não desonerado.
C15: =IF(D15<>"","▪","") -> ▪ | D15: Inclusão de coluna exclusiva "Preço Unitário Edital", para o Modo 'Orçamento Licitado'.
A17: V3.0.2
B18: GERAL
C19: =IF(D19<>"","▪","") -> ▪ | D19: Ajustes de formatações.
C20: =IF(D20<>"","▪","") -> ▪ | D20: Correção do Problema de Guias ocultas no BROFFICE.
B21: ORÇAMENTO
C22: =IF(D22<>"","▪","") -> ▪ | D22: Ampliada obtenção de dados da Planilha Referência de 20.000 para 65.536 linhas.
B23: CRONOGRAMA
C24: =IF(D24<>"","▪","") -> ▪ | D24: Correção na formulação do total acumulado por Repasse, CP e Outros
B25: QCI
C26: =IF(D26<>"","▪","") -> ▪ | D26: Correção na formulação do arredondamento no rateio dos valores do QCI.
B27: RRE
C28: =IF(D28<>"","▪","") -> ▪ | D28: Correção na formulação do total por Repasse, CP e Outros.
A30: V3.0.3
B31: GERAL
C32: =IF(D32<>"","▪","") -> ▪ | D32: Correção do Problema de Guias ocultas no BROFFICE.
B33: CÁLCULO
C34: =IF(D34<>"","▪","") -> ▪ | D34: Corrigida lentidão e travamento ao incluir e excluir frentes.
A37: V3.0.4
B38: BDI
C39: =IF(D39<>"","▪","") -> ▪ | D39: Correção da CPRB que exibia 4,5% mesmo quando não desonerado.
B40: CRONOGRAMA
C41: =IF(D41<>"","▪","") -> ▪ | D41: Correção da distribuição de Repasse, CP e Outros para as metas manuais.
B42: QCI
C43: =IF(D43<>"","▪","") -> ▪ | D43: Adicionado botão para adotar a CP do QCI como CP do contrato (zera saldo a reprogramar de CP).
A45: V3.0.5
B46: GERAL
C47: =IF(D47<>"","▪","") -> ▪ | D47: Corrigido modo de Cálculo da Planilha para Automático.
A49: V3.0.6
B50: GERAL
C51: =IF(D51<>"","▪","") -> ▪ | D51: Adicionado modo de arredondamento para compatibilidade com o TransfereGOV, altera na aba DADOS
C52: =IF(D52<>"","▪","") -> ▪ | D52: A planilha passará a ser disponibilizada com o formato .xlsm. Deve ser usado arquivo referência 1.9 ou superior, também no formato .xlsm
A54: V3.0.7
B55: GERAL
C56: =IF(D56<>"","▪","") -> ▪ | D56: Alterada a posição da aba NOVO para antes da aba MENU.
C57: =IF(D57<>"","▪","") -> ▪ | D57: Alterada a posição da aba CÁLCULO para depois da aba EVENTOS. Pois, no caso de acompanhamento por PLE, a lista supensa na coluna "Nº Agrupador de Eventos" na aba CÁLCULO depende do preenchimento prévio da aba EVENTOS.
C58: =IF(D58<>"","▪","") -> ▪ | D58: Alterada a posição da aba CRONO para depois da aba CRONOPLE. Pois, no caso de acompanhamento por PLE, a aba CRONO tem o preenchimento automático a partir da aba CRONOPLE.
C59: =IF(D59<>"","▪","") -> ▪ | D59: Alterada a posição da aba PLE para depois da aba QCI. Com a finalidade de deixar agrupadas todas as abas de acompanhamento (PLE, BM, RRE, OFÍCIO).
C60: =IF(D60<>"","▪","") -> ▪ | D60: Acrescentados botões de navegação (cor azul claro) em várias abas. Em relação a esses botões, também foram ajustados os links, nomes e formatação.
C61: =IF(D61<>"","▪","") -> ▪ | D61: Criada macro para exibir apenas as abas pertinentes (exemplo: caso o acompanhamento seja por PLE, a aba BM fica oculta).
C62: =IF(D62<>"","▪","") -> ▪ | D62: Ajuste na macro para correção automática do Nº AGRUPADOR DE EVENTOS na aba CÁLCULO, quando se ADCIONAR ou EXCLUIR LINHAS na aba EVENTOS.
B63: MENU
C64: =IF(D64<>"","▪","") -> ▪ | D64: Acrescentado o botão "IMPORTAR DE OUTROS MODELOS CAIXA": PO (MO27476); PLE (MO27477); e QCI (MO41211).
C65: =IF(D65<>"","▪","") -> ▪ | D65: Acrescentado o botão de seleção "Importar Fórmulas para o Custo Unitário (aba ORÇAMENTO)".
D66: Caso selecionada, será importada a fórmula (se houver) do custo unitário; Caso desmarcada, será importado somente o valor.
C67: =IF(D67<>"","▪","") -> ▪ | D67: Acrescentado o botão de seleção "Importar Fórmulas para as Quantidades da PLQ (aba CÁLCULO)".
D68: Caso selecionada, será importada a fórmula (se houver) do quantitativo; Caso desmarcada, será importado somente o valor.
C69: =IF(D69<>"","▪","") -> ▪ | D69: Atualizada a macro de Importação para incluir a importar da coluna "Nº Agrupador de Eventos" da aba CÁLCULO.
C70: =IF(D70<>"","▪","") -> ▪ | D70: Atualizada a macro de Imprimir Documentos (para englobar as abas EVENTOS e CRONOPLE).
B71: BDI
C72: =IF(D72<>"","▪","") -> ▪ | D72: Ajuste automático do valor da CPRB em função da data base do orçamento (para atendimento do Art. 9-A da Lei 12.546 de 14/12/2011).
B73: EVENTOS
C74: =IF(D74<>"","▪","") -> ▪ | D74: Acrescentados os dados de identificação do Contrato de Repasse.
C75: =IF(D75<>"","▪","") -> ▪ | D75: Acrescentadas as colunas dos totais dos Eventos por Frentes de Obra.
C76: =IF(D76<>"","▪","") -> ▪ | D76: Acrescentados os dados de Local, Data e Responsável Técnico.
C77: =IF(D77<>"","▪","") -> ▪ | D77: Acrescentado FILTRO para exibir apenas as linhas preenchidas.
B78: CRONOPLE
C79: =IF(D79<>"","▪","") -> ▪ | D79: Acrescentados os dados de identificação do Contrato de Repasse.
C80: =IF(D80<>"","▪","") -> ▪ | D80: Acrescentado o quadro "Cronograma" com percentual e valor da parcela e percentual e valor acumulado.
C81: =IF(D81<>"","▪","") -> ▪ | D81: Acrescentados os dados de Local, Data e Responsável Técnico.
C82: =IF(D82<>"","▪","") -> ▪ | D82: Acrescentado FILTRO para exibir apenas as linhas preenchidas.
B83: RRE
C84: =IF(D84<>"","▪","") -> ▪ | D84: Correção na fórmula da data, para replicar a “Data de fechamento do RRE” na aba DADOS.
B85: OFÍCIO
C86: =IF(D86<>"","▪","") -> ▪ | D86: Exclusão do quadro "Resumo de Valores por CTEF".

Sheet MENU
J1: PM | K1: TRUE
E2: =CHOOSE(MATCH(Objeto,{"PM","PO"}),"PLANILHA MÚLTIPLA ","PLANILHA ORÇAMENTÁRIA ")& Versao -> PLANILHA MÚLTIPLA v3.07 | J2: v3.07 | K2: TRUE
O3: 1
O4: 1
J5: Proposto
E6: DADOS DO CONTRATO | G6: NOVIDADES DA VERSÃO | J6: Licitado
J7: PLE
B8: =IF($O$3<>2,"DOCUMENTAÇÃO DA PROPOSTA","PROPOSTA: Para visualizar/preencher esta seção, altere o TIPO DE ORÇAMENTO para 'Proposto'") -> DOCUMENTAÇÃO DA PROPOSTA | J8: BM | L8: LEGENDA:
L9: Cores das células:
C10: =IF(TIPOORCAMENTO<>"Proposto",""," BDI ") -> BDI | E10: =IF(TIPOORCAMENTO<>"Proposto",""," ORÇAMENTO ") -> ORÇAMENTO | G10: =IF(TIPOORCAMENTO<>"Proposto","","MEMÓRIA DE CÁLCULO / PLQ") -> MEMÓRIA DE CÁLCULO / PLQ | N10: Fundo amarelo: células para preencher
C12: =IF(TIPOORCAMENTO<>"Proposto",""," QCI ") -> QCI | E12: =IF(TIPOORCAMENTO<>"Proposto","","CRONOGRAMA FÍSICO-FINANCEIRO") -> CRONOGRAMA FÍSICO-FINANCEIRO | N12: Fundo azul: células para seleção de opções
C14: =IF(TIPOORCAMENTO<>"Proposto","","Obs: Composições e Cotações devem ser preenchidas diretamente no arquivo Referência "&IF(ISBLANK(Import.DataBase),"mm-aaaa",TEXT(Import.DataBase,"mm-aaaa"))&".xlsm.") -> Obs: Composições e Cotações devem ser preenchidas diretamente no arquivo Referência 03-Sunday.xlsm.
L15: Cores dos botões:
B16: =IF($O$3<>2,"PÓS-LICITADO: Para visualizar/preencher esta seção, altere o TIPO DE ORÇAMENTO para 'Licitado'","RESULTADO DO PROCESSO LICITATÓRIO") -> PÓS-LICITADO: Para visualizar/preencher esta seção, altere o TIPO DE ORÇAMENTO para 'Licitado' | N16: Fundo azul claro: navegação entre abas
C18: =IF(TIPOORCAMENTO<>"Licitado",""," ORÇAMENTO ") | E18: =IF(TIPOORCAMENTO<>"Licitado",""," QCI ") | G18: =IF(TIPOORCAMENTO<>"Licitado","","CRONOGRAMA FÍSICO-FINANCEIRO") | N18: Fundo laranja: execução de macro
B20: =IF($O$3<>2,"ACOMPANHAMENTO: Para visualizar/preencher esta seção, altere o TIPO DE ORÇAMENTO para 'Licitado'","ACOMPANHAMENTO DO EMPREENDIMENTO") -> ACOMPANHAMENTO: Para visualizar/preencher esta seção, altere o TIPO DE ORÇAMENTO para 'Licitado'
C22: =IF(OR(TIPOORCAMENTO<>"Licitado",ACOMPANHAMENTO<>"PLE"),"","PLAN. DE LEVANT. DE EVENTOS - PLE") | E22: =IF(TIPOORCAMENTO<>"Licitado",""," RRE ") | G22: =IF(OR(TIPOORCAMENTO<>"Licitado",ACOMPANHAMENTO<>"BM"),""," BOLETIM DE MEDIÇÃO - BM ")
E24: =IF(TIPOORCAMENTO<>"Licitado","","OF. DE SOLICITAÇÃO DE DESBLOQUEIO")

Sheet DADOS
E1: A. DOCUMENTAÇÃO DA PROPOSTA | L1: Sub-Itens de Investimento
J2: Itens de Investimento | K2: Unidades habitacionais | L2: =COUNTA(K:K)-1 -> 3 | M2: Equipamentos comunitários | N2: =COUNTA(M:M)-1 -> 6 | O2: Pavimentação | P2: =COUNTA(O:O)-1 -> 6 | Q2: Drenagem | R2: =COUNTA(Q:Q)-1 -> 6 | S2: Abastecimento de água | T2: =COUNTA(S:S)-1 -> 11 | U2: Esgotamento sanitário | V2: =COUNTA(U:U)-1 -> 8 | W2: Energia elétrica e iluminação pública | X2: =COUNTA(W:W)-1 -> 4 | Y2: Coleta e tratamento de resíduos sólidos | Z2: =COUNTA(Y:Y)-1 -> 6 | AA2: Contenção e estabilização de encostas | AB2: =COUNTA(AA:AA)-1 -> 2 | AC2: Regularização fundiária | AD2: =COUNTA(AC:AC)-1 -> 2 | AE2: Aquisição de terreno | AF2: =COUNTA(AE:AE)-1 -> 2 | AG2: Aquisição de equipamentos e insumos | AH2: =COUNTA(AG:AG)-1 -> 1 | AI2: Elaboração de estudos e projetos | AJ2: =COUNTA(AI:AI)-1 -> 1 | AK2: Instrumentos e ações em planejamento e gestão pública | AL2: =COUNTA(AK:AK)-1 -> 1 | AM2: Ações complementares às obras | AN2: =COUNTA(AM:AM)-1 -> 3 | AO2: Gerenciamento | AP2: =COUNTA(AO:AO)-1 -> 1 | AQ2: Trabalho social | AR2: =COUNTA(AQ:AQ)-1 -> 4
E3: Dados do Contrato (Inicial) | J3: Unidades habitacionais | K3: Aquisição | L3: un | M3: Convivência comunitária, assistência social e/ou comunitária | N3: m² | O3: Capeamento de vias | P3: m² | Q3: Obras de microdrenagem | R3: m | S3: Captação subterrânea | T3: m³/s | U3: Ligações domiciliares e/ou intradomiciliares | V3: un | W3: Iluminação pública - luminárias | X3: un | Y3: Acondicionamento | Z3: un | AA3: Estabilização de taludes | AB3: m² | AC3: Desapropriacões/Indenizações | AD3: m² | AE3: Aquisição de terreno | AF3: m² | AG3: Aquisição de equipamentos e insumos | AH3: un | AI3: Elaboração de estudos e projetos | AJ3: un | AK3: Instrumentos e ações em planejamento e gestão pública | AL3: un | AM3: Avaliação pós intervenção | AN3: un | AO3: Gerenciamento | AP3: %CT | AQ3: Projeto de Trabalho Social Preliminar | AR3: nº fam
E4: Fonte de recursos: | F4: (SELECIONAR) | J4: Equipamentos comunitários | K4: Construção | L4: un | M4: Educação e cultura | N4: m² | O4: Recapeamento de vias | P4: m² | Q4: Desassoreamento de cursos de água | R4: m | S4: Captação superficial | T4: m³/s | U4: Rede coletora e/ou condominial | V4: m | W4: Ligações domiciliares | X4: un | Y4: Aterro sanitário e/ou disposição final | Z4: m³ | AA4: Obras complementares a ações de redução de risco e/ou contenções | AB4: m² | AC4: Projeto de Regularização Fundiária | AD4: m² | AE4: Benfeitorias | AF4: m² | AM4: Demolições | AN4: un | AQ4: Projeto de Trabalho Social | AR4: nº fam
E5: Proponente/Tomador: | F5: Secretario Diego Salini | J5: Pavimentação | K5: Reforma e/ou melhoria | L5: un | M5: Esportes | N5: m² | O5: Obras de artes especiais | P5: m | Q5: Canalização de cursos de água | R5: m | S5: Estação de bombeamento de água bruta | T5: m³/s | U5: Coletor tronco e/ou interceptores | V5: m | W5: Linhas de distribuição - baixa tensão | X5: m | Y5: Erradicação de lixões | Z5: m³ | AM5: Plano de Reassentamento e medidas compensatórias | AN5: un | AQ5: Plano de Desenvolvimento Socioterritorial | AR5: nº fam
E6: Município/UF: | F6: Bento Gonçalves | J6: Drenagem | M6: Lazer e turismo | N6: m² | O6: Pavimentação de calçadas | P6: m² | Q6: Recomposição de vegetação ciliar, renaturalização de cursos de água ou restauração de margens | R6: m² | S6: Adução | T6: m | U6: Emissário | V6: m | W6: Linhas de transmissão - alta tensão | X6: m | Y6: Sistema de coleta seletiva tradicional, transporte e/ou equipamentos | Z6: un | AQ6: Plano de Gestão Condominial | AR6: nº fam
E7: Nº da Operação (0000000-00): | J7: Abastecimento de água | M7: Saúde | N7: m² | O7: Pavimentação de vias | P7: m² | Q7: Reservatório de amortecimento de cheias | R7: m³ | S7: Estação de Tratamento de Água (ETA) | T7: m³/s | U7: Estação Elevatória | V7: m³/s | Y7: Tratamento local | Z7: un
E8: Nº do TransfereGOV (000000): | J8: Esgotamento sanitário | M8: Segurança pública | N8: m² | O8: Sinalização | P8: m² | Q8: Estação de Bombeamento | R8: m³/s | S8: Estação de bombeamento de água tratada | T8: m³/s | U8: Estação de Tratamento de Esgoto (ETE) | V8: m³/s | Y8: Usinas de reciclagem | Z8: m²
E9: =IF(F4="FGTS","Valor de Financiamento Contratado (R$):","Valor do Repasse Contratado (R$):") -> Valor do Repasse Contratado (R$): | F9: 0 | J9: Energia elétrica e iluminação pública | S9: Linha de recalque | T9: m | U9: Sistema simplificado de tratamento | V9: m³/s
E10: Valor de Contrapartida Contratada (R$): | F10: 0 | J10: Coleta e tratamento de resíduos sólidos | S10: Reservação | T10: m³ | U10: Unidades sanitárias | V10: un
E11: % mínimo de Contrapartida: | F11: 0 | J11: Contenção e estabilização de encostas | S11: Rede de distribuição | T11: m
E12: R$ mínimo de Contrapartida (se houver): | J12: Regularização fundiária | S12: Ligações domiciliares e/ou intradomiciliares | T12: un
E13: % máximo de Contrapartida: | F13: 0 | J13: Aquisição de terreno | S13: Sistema simplificado de abastecimento | T13: m
J14: Aquisição de equipamentos e insumos
E15: Dados do Empreendimento e Orçamento | J15: Elaboração de estudos e projetos
E16: Nome/apelido: | F16: ANEXO I TR - MANUTENÇÃO ABRIGO PASSAGEIROS ÔNIBUS E TÁXI | J16: Instrumentos e ações em planejamento e gestão pública
E17: Descrição do Objeto do Lote / CTEF: | F17: REGISTRO DE PREÇOS PARA SERVIÇOS COMUNS DE ENGENHARIA P/ MANUTNEÇÃO ABRIGOS PASSAGEIROS ONIBUS TAXI | J17: Ações complementares às obras
E18: Regime previdenciário previsto para a obra: | F18: NÃO DESONERADO | J18: Gerenciamento
E19: Data base do Orçamento: | F19: 46082 | J19: Trabalho social
E21: Responsável pelo Orçamento
E22: Nome:
E23: CREA/CAU:
E24: ART/RRT:
E25: Data do preenchimento:
E27: Responsável pelo Tomador (Prefeito, no caso de Municípios)
E28: Nome: | F28: Amarildo Locatelli
E29: Cargo: | F29: Prefeito Municipal
E31: Arredondamento das frentes: | F31: Tradicional
E33: B. RESULTADO DO PROCESSO LICITATÓRIO
E35: Licitação
E36: Data de emissão dos documentos de licitação:
E37: Nº do CTEF (contrato com empresa):
E38: Nome da empresa:
E39: CNPJ da empresa:
E40: Regime de execução do CTEF: | F40: EMPREITADA POR PREÇO UNITÁRIO
E41: Data base do CTEF: | F41: 46082
E44: C. ACOMPANHAMENTO DO EMPREENDIMENTO
E46: Dados da obra
E47: Data do Início da Obra: | F47: 46298
E48: Data de fechamento do RRE: | F48: 46449
E50: Responsável pela Fiscalização
E51: Nome:
E52: Profissão:
E53: CREA/CAU (para obras/projetos):
E54: ART/RRT (para obras/projetos):
E57: D. ACOMPANHAMENTO CAIXA
E59: Responsável Gerencial
E60: Nome:
E61: Função:

Sheet BDI
E1: MIN | F1: MED | G1: MAX | O1: ="Quadro de Composição do BDI" -> Quadro de Composição do BDI | R1: Grau de Sigilo
A2: Construção e Reforma de Edifícios | B2: AC | C2: =CONCATENATE(A2,"-",B2) -> Construção e Reforma de Edifícios-AC | E2: 0.03 | F2: 0.04 | G2: 0.055 | R2: #PUBLICO
A3: =A2 -> Construção e Reforma de Edifícios | B3: SG | C3: =CONCATENATE(A3,"-",B3) -> Construção e Reforma de Edifícios-SG | E3: 0.008 | F3: 0.008 | G3: 0.01
A4: =A3 -> Construção e Reforma de Edifícios | B4: R | C4: =CONCATENATE(A4,"-",B4) -> Construção e Reforma de Edifícios-R | E4: 0.0097 | F4: 0.0127 | G4: 0.0127 | J4: Nº OPERAÇÃO | L4: Nº TRANSFEREGOV | N4: PROPONENTE / TOMADOR
A5: =A4 -> Construção e Reforma de Edifícios | B5: DF | C5: =CONCATENATE(A5,"-",B5) -> Construção e Reforma de Edifícios-DF | E5: 0.0059 | F5: 0.0123 | G5: 0.0139 | J5: =Import.CR -> 0 | L5: =Import.TransfereGOV -> 0 | N5: =Import.Proponente -> Secretario Diego Salini
A6: =A5 -> Construção e Reforma de Edifícios | B6: L | C6: =CONCATENATE(A6,"-",B6) -> Construção e Reforma de Edifícios-L | E6: 0.0616 | F6: 0.074 | G6: 0.0896 | I6: FILTRO
A7: =A6 -> Construção e Reforma de Edifícios | B7: BDI PAD | C7: =CONCATENATE(A7,"-",B7) -> Construção e Reforma de Edifícios-BDI PAD | E7: 0.2034 | F7: 0.2212 | G7: 0.25 | J7: APELIDO DO EMPREENDIMENTO / DESCRIÇÃO DO LOTE
A8: Construção de Praças Urbanas, Rodovias, Ferrovias e recapeamento e pavimentação de vias urbanas | B8: AC | C8: =CONCATENATE(A8,"-",B8) -> Construção de Praças Urbanas, Rodovias, Ferrovias e recapeamento e pavimentação de vias urbanas-AC | E8: 0.038 | F8: 0.0401 | G8: 0.0467 | J8: =Import.Apelido&" / "&Import.DescLote -> ANEXO I TR - MANUTENÇÃO ABRIGO PASSAGEIROS ÔNIBUS E TÁXI / REGISTRO DE PREÇOS PARA SERVIÇOS COMUNS DE ENGENHARIA P/ MANUTNEÇÃO ABRIGOS PASSAGEIROS ONIBUS TAXI
A9: Construção de Praças Urbanas, Rodovias, Ferrovias e recapeamento e pavimentação de vias urbanas | B9: SG | C9: =CONCATENATE(A9,"-",B9) -> Construção de Praças Urbanas, Rodovias, Ferrovias e recapeamento e pavimentação de vias urbanas-SG | E9: 0.0032 | F9: 0.004 | G9: 0.0074
A10: Construção de Praças Urbanas, Rodovias, Ferrovias e recapeamento e pavimentação de vias urbanas | B10: R | C10: =CONCATENATE(A10,"-",B10) -> Construção de Praças Urbanas, Rodovias, Ferrovias e recapeamento e pavimentação de vias urbanas-R | E10: 0.005 | F10: 0.0056 | G10: 0.0097 | J10: Conforme legislação tributária municipal, definir estimativa de percentual da base de cálculo para o ISS: | R10: 0.45
A11: Construção de Praças Urbanas, Rodovias, Ferrovias e recapeamento e pavimentação de vias urbanas | B11: DF | C11: =CONCATENATE(A11,"-",B11) -> Construção de Praças Urbanas, Rodovias, Ferrovias e recapeamento e pavimentação de vias urbanas-DF | E11: 0.0102 | F11: 0.0111 | G11: 0.0121 | I11: ↓ | J11: Sobre a base de cálculo, definir a respectiva alíquota do ISS (entre 2% e 5%): | R11: 0.03
A12: Construção de Praças Urbanas, Rodovias, Ferrovias e recapeamento e pavimentação de vias urbanas | B12: L | C12: =CONCATENATE(A12,"-",B12) -> Construção de Praças Urbanas, Rodovias, Ferrovias e recapeamento e pavimentação de vias urbanas-L | E12: 0.0664 | F12: 0.073 | G12: 0.0869 | I12: F
A13: Construção de Praças Urbanas, Rodovias, Ferrovias e recapeamento e pavimentação de vias urbanas | B13: BDI PAD | C13: =CONCATENATE(A13,"-",B13) -> Construção de Praças Urbanas, Rodovias, Ferrovias e recapeamento e pavimentação de vias urbanas-BDI PAD | E13: 0.196 | F13: 0.2097 | G13: 0.2423 | I13: F
A14: Construção de Redes de Abastecimento de Água, Coleta de Esgoto | B14: AC | C14: =CONCATENATE(A14,"-",B14) -> Construção de Redes de Abastecimento de Água, Coleta de Esgoto-AC | E14: 0.0343 | F14: 0.0493 | G14: 0.0671 | I14: F | J14: BDI 1
A15: =A14 -> Construção de Redes de Abastecimento de Água, Coleta de Esgoto | B15: SG | C15: =CONCATENATE(A15,"-",B15) -> Construção de Redes de Abastecimento de Água, Coleta de Esgoto-SG | E15: 0.0028 | F15: 0.0049 | G15: 0.0075 | I15: F
A16: =A15 -> Construção de Redes de Abastecimento de Água, Coleta de Esgoto | B16: R | C16: =CONCATENATE(A16,"-",B16) -> Construção de Redes de Abastecimento de Água, Coleta de Esgoto-R | E16: 0.01 | F16: 0.0139 | G16: 0.0174 | I16: F | J16: TIPO DE OBRA
A17: =A16 -> Construção de Redes de Abastecimento de Água, Coleta de Esgoto | B17: DF | C17: =CONCATENATE(A17,"-",B17) -> Construção de Redes de Abastecimento de Água, Coleta de Esgoto-DF | E17: 0.0094 | F17: 0.0099 | G17: 0.0117 | I17: F | J17: Construção e Reforma de Edifícios
A18: =A17 -> Construção de Redes de Abastecimento de Água, Coleta de Esgoto | B18: L | C18: =CONCATENATE(A18,"-",B18) -> Construção de Redes de Abastecimento de Água, Coleta de Esgoto-L | E18: 0.0674 | F18: 0.0804 | G18: 0.094 | I18: F
A19: =A18 -> Construção de Redes de Abastecimento de Água, Coleta de Esgoto | B19: BDI PAD | C19: =CONCATENATE(A19,"-",B19) -> Construção de Redes de Abastecimento de Água, Coleta de Esgoto-BDI PAD | E19: 0.2076 | F19: 0.2418 | G19: 0.2644 | I19: F | J19: Itens | R19: Siglas | S19: % Adotado | U19: Situação | X19: 1º Quartil | Y19: Médio | Z19: 3º Quartil
A20: Construção e Manutenção de Estações e Redes de Distribuição de Energia Elétrica | B20: AC | C20: =CONCATENATE(A20,"-",B20) -> Construção e Manutenção de Estações e Redes de Distribuição de Energia Elétrica-AC | E20: 0.0529 | F20: 0.0592 | G20: 0.0793 | I20: F
A21: =A20 -> Construção e Manutenção de Estações e Redes de Distribuição de Energia Elétrica | B21: SG | C21: =CONCATENATE(A21,"-",B21) -> Construção e Manutenção de Estações e Redes de Distribuição de Energia Elétrica-SG | E21: 0.0025 | F21: 0.0051 | G21: 0.0056 | I21: F | J21: =IF($J$17=$A$146,"Encargos Sociais incidentes sobre a mão de obra","Administração Central") -> Administração Central | R21: =IF($J17=$A$146,"K1","AC") -> AC | S21: 0.04 | U21: - | X21: =VLOOKUP(CONCATENATE(J17,"-",R21),$C$2:$G$136,3,FALSE) -> 0.03 | Y21: =VLOOKUP(CONCATENATE(J17,"-",R21),$C$2:$G$136,4,FALSE) -> 0.04 | Z21: =VLOOKUP(CONCATENATE(J17,"-",R21),$C$2:$G$136,5,FALSE) -> 0.055
A22: =A21 -> Construção e Manutenção de Estações e Redes de Distribuição de Energia Elétrica | B22: R | C22: =CONCATENATE(A22,"-",B22) -> Construção e Manutenção de Estações e Redes de Distribuição de Energia Elétrica-R | E22: 0.01 | F22: 0.0148 | G22: 0.0197 | I22: F | J22: =IF($J$17=$A$146,"Administração Central da empresa ou consultoria - overhead","Seguro e Garantia") -> Seguro e Garantia | R22: =IF($J17=$A$146,"K2","SG") -> SG | S22: 0.008 | U22: - | X22: =VLOOKUP(CONCATENATE(J17,"-",R22),$C$2:$G$136,3,FALSE) -> 0.008 | Y22: =VLOOKUP(CONCATENATE(J17,"-",R22),$C$2:$G$136,4,FALSE) -> 0.008 | Z22: =VLOOKUP(CONCATENATE(J17,"-",R22),$C$2:$G$136,5,FALSE) -> 0.01
A23: =A22 -> Construção e Manutenção de Estações e Redes de Distribuição de Energia Elétrica | B23: DF | C23: =CONCATENATE(A23,"-",B23) -> Construção e Manutenção de Estações e Redes de Distribuição de Energia Elétrica-DF | E23: 0.0101 | F23: 0.0107 | G23: 0.0111 | I23: F | J23: =IF($J$17=$A$146,"","Risco") -> Risco | R23: =IF($J17=$A$146,"","R") -> R | S23: 0.0127 | U23: - | X23: =VLOOKUP(CONCATENATE(J17,"-",R23),$C$2:$G$136,3,FALSE) -> 0.0097 | Y23: =VLOOKUP(CONCATENATE(J17,"-",R23),$C$2:$G$136,4,FALSE) -> 0.0127 | Z23: =VLOOKUP(CONCATENATE(J17,"-",R23),$C$2:$G$136,5,FALSE) -> 0.0127
A24: =A23 -> Construção e Manutenção de Estações e Redes de Distribuição de Energia Elétrica | B24: L | C24: =CONCATENATE(A24,"-",B24) -> Construção e Manutenção de Estações e Redes de Distribuição de Energia Elétrica-L | E24: 0.08 | F24: 0.0831 | G24: 0.0951 | I24: F | J24: =IF($J$17=$A$146,"","Despesas Financeiras") -> Despesas Financeiras | R24: =IF($J17=$A$146,"","DF") -> DF | S24: 0.0123 | U24: - | X24: =VLOOKUP(CONCATENATE(J17,"-",R24),$C$2:$G$136,3,FALSE) -> 0.0059 | Y24: =VLOOKUP(CONCATENATE(J17,"-",R24),$C$2:$G$136,4,FALSE) -> 0.0123 | Z24: =VLOOKUP(CONCATENATE(J17,"-",R24),$C$2:$G$136,5,FALSE) -> 0.0139
A25: =A24 -> Construção e Manutenção de Estações e Redes de Distribuição de Energia Elétrica | B25: BDI PAD | C25: =CONCATENATE(A25,"-",B25) -> Construção e Manutenção de Estações e Redes de Distribuição de Energia Elétrica-BDI PAD | E25: 0.24 | F25: 0.2584 | G25: 0.2786 | I25: F | J25: =IF($J$17=$A$146,"Margem bruta da empresa de consultoria","Lucro") -> Lucro | R25: =IF($J17=$A$146,"K3","L") -> L | S25: 0.074 | U25: - | X25: =VLOOKUP(CONCATENATE(J17,"-",R25),$C$2:$G$136,3,FALSE) -> 0.0616 | Y25: =VLOOKUP(CONCATENATE(J17,"-",R25),$C$2:$G$136,4,FALSE) -> 0.074 | Z25: =VLOOKUP(CONCATENATE(J17,"-",R25),$C$2:$G$136,5,FALSE) -> 0.0896
A26: Obras Portuárias, Marítimas e Fluviais | B26: AC | C26: =CONCATENATE(A26,"-",B26) -> Obras Portuárias, Marítimas e Fluviais-AC | E26: 0.04 | F26: 0.0552 | G26: 0.0785 | I26: F | J26: Tributos (impostos COFINS 3%, e PIS 0,65%) | R26: CP | S26: 0.0365 | U26: - | X26: 0.0365 | Y26: 0.0365 | Z26: 0.0365
A27: =A26 -> Obras Portuárias, Marítimas e Fluviais | B27: SG | C27: =CONCATENATE(A27,"-",B27) -> Obras Portuárias, Marítimas e Fluviais-SG | E27: 0.0081 | F27: 0.0122 | G27: 0.0199 | I27: F | J27: Tributos (ISS, variável de acordo com o município) | R27: ISS | S27: =IF(AND($J17<>$A$145,COUNTA(OFFSET(S20,1,0,6))>0),$R$11*$R$10,0) -> 0.0135 | U27: - | X27: 0 | Y27: 0.025 | Z27: 0.05
A28: =A27 -> Obras Portuárias, Marítimas e Fluviais | B28: R | C28: =CONCATENATE(A28,"-",B28) -> Obras Portuárias, Marítimas e Fluviais-R | E28: 0.0146 | F28: 0.0232 | G28: 0.0316 | I28: F | J28: Tributos (Contribuição Previdenciária sobre a Receita Bruta - Lei 12.546 de 14/12/2011 - Desoneração) | R28: CPRB | S28: {=IF(BDI.Opcao<>"Desonerado",0,IF(AND($J17<>$A$145,COUNTA(OFFSET(S20,1,0,6))>0),IF(YEAR(Import.DataBase)<2025,4.5%,IF(YEAR(Import.DataBase)=2025,3.6%,IF(YEAR(Import.DataBase)=2026,2.7%,IF(YEAR(Import.DataBase)=2027,1.8%,0%)))),0%))} -> 0 | U28: - | X28: =$S28 -> 0 | Y28: =$S28 -> 0 | Z28: =$S28 -> 0
A29: =A28 -> Obras Portuárias, Marítimas e Fluviais | B29: DF | C29: =CONCATENATE(A29,"-",B29) -> Obras Portuárias, Marítimas e Fluviais-DF | E29: 0.0094 | F29: 0.0102 | G29: 0.0133 | I29: F | J29: BDI SEM desoneração (Fórmula Acórdão TCU) | R29: BDI PAD | S29: =IF($J17=$A$145,0,ROUND((((1+S21+S22+S23)*(1+S24)*(1+S25)/(1-(S26+S27)))-1),4)) -> 0.2139 | U29: =IF(OR($J$17=$A$146,$J$17=$A$145,AND(S29>=X29,S29<=Z29)),"OK","FORA DO INTERVALO") -> OK | X29: =IF($J17=$A$145,0,VLOOKUP(CONCATENATE($J17,"-",$R29),$C$2:$G$136,3,FALSE)) -> 0.2034 | Y29: =IF($J17=$A$145,0,VLOOKUP(CONCATENATE($J17,"-",$R29),$C$2:$G$136,4,FALSE)) -> 0.2212 | Z29: =IF($J17=$A$145,0,VLOOKUP(CONCATENATE($J17,"-",$R29),$C$2:$G$136,5,FALSE)) -> 0.25
A30: =A29 -> Obras Portuárias, Marítimas e Fluviais | B30: L | C30: =CONCATENATE(A30,"-",B30) -> Obras Portuárias, Marítimas e Fluviais-L | E30: 0.0714 | F30: 0.084 | G30: 0.1043 | I30: F | J30: BDI COM desoneração | R30: BDI DES | S30: =IF($J17=$A$145,0,ROUND((((1+S21+S22+S23)*(1+S24)*(1+S25)/(1-(S26+S27+S28)))-1),4)) -> 0.2139
A31: =A30 -> Obras Portuárias, Marítimas e Fluviais | B31: BDI PAD | C31: =CONCATENATE(A31,"-",B31) -> Obras Portuárias, Marítimas e Fluviais-BDI PAD | E31: 0.228 | F31: 0.2748 | G31: 0.3095 | I31: F
A32: Fornecimento de Materiais e Equipamentos (aquisição indireta - em conjunto com licitação de obras) | B32: AC | C32: =CONCATENATE(A32,"-",B32) -> Fornecimento de Materiais e Equipamentos (aquisição indireta - em conjunto com licitação de obras)-AC | E32: 0.015 | F32: 0.0345 | G32: 0.0449 | I32: F | J32: =IF(U29<>"ok","X","") | K32: =IF(U29<>"ok","Anexo: Relatório Técnico Circunstanciado justificando a adoção do percentual de cada parcela do BDI.","")
A33: =A32 -> Fornecimento de Materiais e Equipamentos (aquisição indireta - em conjunto com licitação de obras) | B33: SG | C33: =CONCATENATE(A33,"-",B33) -> Fornecimento de Materiais e Equipamentos (aquisição indireta - em conjunto com licitação de obras)-SG | E33: 0.003 | F33: 0.0048 | G33: 0.0082 | I33: F
A34: =A33 -> Fornecimento de Materiais e Equipamentos (aquisição indireta - em conjunto com licitação de obras) | B34: R | C34: =CONCATENATE(A34,"-",B34) -> Fornecimento de Materiais e Equipamentos (aquisição indireta - em conjunto com licitação de obras)-R | E34: 0.0056 | F34: 0.0085 | G34: 0.0089 | I34: F | J34: Os valores de BDI foram calculados com o emprego da fórmula:
A35: =A34 -> Fornecimento de Materiais e Equipamentos (aquisição indireta - em conjunto com licitação de obras) | B35: DF | C35: =CONCATENATE(A35,"-",B35) -> Fornecimento de Materiais e Equipamentos (aquisição indireta - em conjunto com licitação de obras)-DF | E35: 0.0085 | F35: 0.0085 | G35: 0.0111 | I35: F | M35: BDI = | N35: =IF($J17=$A$146,"(1+K1+K2)*(1+K3)","(1+AC + S + R + G)*(1 + DF)*(1+L)") -> (1+AC + S + R + G)*(1 + DF)*(1+L) | Q35: - 1
A36: =A35 -> Fornecimento de Materiais e Equipamentos (aquisição indireta - em conjunto com licitação de obras) | B36: L | C36: =CONCATENATE(A36,"-",B36) -> Fornecimento de Materiais e Equipamentos (aquisição indireta - em conjunto com licitação de obras)-L | E36: 0.035 | F36: 0.0511 | G36: 0.0622 | I36: F | N36: (1-CP-ISS-CRPB)
A37: =A36 -> Fornecimento de Materiais e Equipamentos (aquisição indireta - em conjunto com licitação de obras) | B37: BDI PAD | C37: =CONCATENATE(A37,"-",B37) -> Fornecimento de Materiais e Equipamentos (aquisição indireta - em conjunto com licitação de obras)-BDI PAD | E37: 0.111 | F37: 0.1402 | G37: 0.168 | I37: F
A38: Fornecimento de Materiais e Equipamentos (aquisição direta) | B38: AC | C38: =CONCATENATE(A38,"-",B38) -> Fornecimento de Materiais e Equipamentos (aquisição direta)-AC | E38: - | F38: - | G38: - | I38: F | J38: =CONCATENATE("Declaro para os devidos fins que, conforme legislação tributária municipal, a base de cálculo deste tipo de obra corresponde à ",$R$10*100,"%, com a respectiva alíquota de ",$R$11*100,"%.") -> Declaro para os devidos fins que, conforme legislação tributária municipal, a base de cálculo deste tipo de obra corresponde à 45%, com a respectiva alíquota de 3%.
A39: Fornecimento de Materiais e Equipamentos (aquisição direta) | B39: SG | C39: =CONCATENATE(A39,"-",B39) -> Fornecimento de Materiais e Equipamentos (aquisição direta)-SG | E39: - | F39: - | G39: - | I39: F
A40: Fornecimento de Materiais e Equipamentos (aquisição direta) | B40: R | C40: =CONCATENATE(A40,"-",B40) -> Fornecimento de Materiais e Equipamentos (aquisição direta)-R | E40: - | F40: - | G40: - | I40: F | J40: =CONCATENATE("Declaro para os devidos fins que o regime de Contribuição Previdenciária sobre a Receita Bruta adotado para elaboração do orçamento foi ",IF(DESONERACAO="Sim","COM","SEM")," Desoneração, e que esta é a alternativa mais adequada para a Administração Pública.") -> Declaro para os devidos fins que o regime de Contribuição Previdenciária sobre a Receita Bruta adotado para elaboração do orçamento foi SEM Desoneração, e que esta é a alternativa mais adequada para a Administração Pública.
A41: Fornecimento de Materiais e Equipamentos (aquisição direta) | B41: DF | C41: =CONCATENATE(A41,"-",B41) -> Fornecimento de Materiais e Equipamentos (aquisição direta)-DF | E41: - | F41: - | G41: - | I41: F
A42: Fornecimento de Materiais e Equipamentos (aquisição direta) | B42: L | C42: =CONCATENATE(A42,"-",B42) -> Fornecimento de Materiais e Equipamentos (aquisição direta)-L | E42: - | F42: - | G42: - | I42: F | J42: Observações:
A43: Fornecimento de Materiais e Equipamentos (aquisição direta) | B43: BDI PAD | C43: =CONCATENATE(A43,"-",B43) -> Fornecimento de Materiais e Equipamentos (aquisição direta)-BDI PAD | E43: - | F43: - | G43: - | I43: F | J43: De acordo com a Lei Complementar 183/2013, Art. 109, §3º, o valor de mão e obra, para base de cálculo adotada para ISS será de 45%. A empresa poderá adotar um percentual diferente, desde que comprove este percentual nos termos do mesmo Art., e proceda novo cálculo do BDI adotando este na planilha orçamentária.
A44: Estudos e Projetos, Planos e Gerenciamento e outros correlatos | B44: K1 | C44: =CONCATENATE(A44,"-",B44) -> Estudos e Projetos, Planos e Gerenciamento e outros correlatos-K1 | E44: - | F44: - | G44: - | I44: F
A45: =A44 -> Estudos e Projetos, Planos e Gerenciamento e outros correlatos | B45: K2 | C45: =CONCATENATE(A45,"-",B45) -> Estudos e Projetos, Planos e Gerenciamento e outros correlatos-K2 | E45: - | F45: 0.2 | G45: - | I45: F | J45: =Import.Município -> Bento Gonçalves | P45: =DADOS!$F$25 -> 0
A46: =A45 -> Estudos e Projetos, Planos e Gerenciamento e outros correlatos | C46: =CONCATENATE(A46,"-",B46) -> Estudos e Projetos, Planos e Gerenciamento e outros correlatos- | E46: - | F46: - | G46: - | I46: F | J46: Local | P46: Data
A47: =A46 -> Estudos e Projetos, Planos e Gerenciamento e outros correlatos | C47: =CONCATENATE(A47,"-",B47) -> Estudos e Projetos, Planos e Gerenciamento e outros correlatos- | E47: - | F47: - | G47: - | I47: F
A48: =A47 -> Estudos e Projetos, Planos e Gerenciamento e outros correlatos | B48: K3 | C48: =CONCATENATE(A48,"-",B48) -> Estudos e Projetos, Planos e Gerenciamento e outros correlatos-K3 | E48: - | F48: 0.12 | G48: - | I48: F
A49: =A48 -> Estudos e Projetos, Planos e Gerenciamento e outros correlatos | B49: BDI PAD | C49: =CONCATENATE(A49,"-",B49) -> Estudos e Projetos, Planos e Gerenciamento e outros correlatos-BDI PAD | E49: - | F49: - | G49: - | I49: F | J49: Responsável Técnico
I50: F | J50: Nome: | K50: {=Import.RespOrçamento} -> 0
I51: F | J51: CREA/CAU: | K51: 0
I52: F | J52: ART/RRT: | K52: 0
I53: F
I54: =IF($S$69=0,"","F") -> F | J54: BDI 2
I55: =IF($S$69=0,"","F") -> F
I56: =IF($S$69=0,"","F") -> F | J56: TIPO DE OBRA
I57: =IF($S$69=0,"","F") -> F | J57: Fornecimento de Materiais e Equipamentos (aquisição indireta - em conjunto com licitação de obras)
I58: =IF($S$69=0,"","F") -> F
I59: =IF($S$69=0,"","F") -> F | J59: Itens | R59: Siglas | S59: % Adotado | U59: Situação | X59: 1º Quartil | Y59: Médio | Z59: 3º Quartil
I60: =IF($S$69=0,"","F") -> F
I61: =IF($S$69=0,"","F") -> F | J61: =IF($J$17=$A$146,"Encargos Sociais incidentes sobre a mão de obra","Administração Central") -> Administração Central | R61: =IF($J57=$A$146,"K1","AC") -> AC | S61: 0.0345 | U61: - | X61: =VLOOKUP(CONCATENATE(J57,"-",R61),$C$2:$G$136,3,FALSE) -> 0.015 | Y61: =VLOOKUP(CONCATENATE(J57,"-",R61),$C$2:$G$136,4,FALSE) -> 0.0345 | Z61: =VLOOKUP(CONCATENATE(J57,"-",R61),$C$2:$G$136,5,FALSE) -> 0.0449
I62: =IF($S$69=0,"","F") -> F | J62: =IF($J$17=$A$146,"Administração Central da empresa ou consultoria - overhead","Seguro e Garantia") -> Seguro e Garantia | R62: =IF($J57=$A$146,"K2","SG") -> SG | S62: 0.0048 | U62: - | X62: =VLOOKUP(CONCATENATE(J57,"-",R62),$C$2:$G$136,3,FALSE) -> 0.003 | Y62: =VLOOKUP(CONCATENATE(J57,"-",R62),$C$2:$G$136,4,FALSE) -> 0.0048 | Z62: =VLOOKUP(CONCATENATE(J57,"-",R62),$C$2:$G$136,5,FALSE) -> 0.0082
I63: =IF($S$69=0,"","F") -> F | J63: =IF($J$17=$A$146,"","Risco") -> Risco | R63: =IF($J57=$A$146,"","R") -> R | S63: 0.0085 | U63: - | X63: =VLOOKUP(CONCATENATE(J57,"-",R63),$C$2:$G$136,3,FALSE) -> 0.0056 | Y63: =VLOOKUP(CONCATENATE(J57,"-",R63),$C$2:$G$136,4,FALSE) -> 0.0085 | Z63: =VLOOKUP(CONCATENATE(J57,"-",R63),$C$2:$G$136,5,FALSE) -> 0.0089
I64: =IF($S$69=0,"","F") -> F | J64: =IF($J$17=$A$146,"","Despesas Financeiras") -> Despesas Financeiras | R64: =IF($J57=$A$146,"","DF") -> DF | S64: 0.0085 | U64: - | X64: =VLOOKUP(CONCATENATE(J57,"-",R64),$C$2:$G$136,3,FALSE) -> 0.0085 | Y64: =VLOOKUP(CONCATENATE(J57,"-",R64),$C$2:$G$136,4,FALSE) -> 0.0085 | Z64: =VLOOKUP(CONCATENATE(J57,"-",R64),$C$2:$G$136,5,FALSE) -> 0.0111
I65: =IF($S$69=0,"","F") -> F | J65: =IF($J$17=$A$146,"Margem bruta da empresa de consultoria","Lucro") -> Lucro | R65: =IF($J57=$A$146,"K3","L") -> L | S65: 0.05 | U65: - | X65: =VLOOKUP(CONCATENATE(J57,"-",R65),$C$2:$G$136,3,FALSE) -> 0.035 | Y65: =VLOOKUP(CONCATENATE(J57,"-",R65),$C$2:$G$136,4,FALSE) -> 0.0511 | Z65: =VLOOKUP(CONCATENATE(J57,"-",R65),$C$2:$G$136,5,FALSE) -> 0.0622
I66: =IF($S$69=0,"","F") -> F | J66: Tributos (impostos COFINS 3%, e PIS 0,65%) | R66: CP | S66: 0.0365 | U66: - | X66: 0.0365 | Y66: 0.0365 | Z66: 0.0365
I67: =IF($S$69=0,"","F") -> F | J67: Tributos (ISS, variável de acordo com o município) | R67: ISS | S67: =IF(AND($J57<>$A$145,COUNTA(OFFSET(S60,1,0,6))>0),$R$11*$R$10,0) -> 0.0135 | U67: - | X67: 0 | Y67: 0.025 | Z67: 0.05
I68: =IF($S$69=0,"","F") -> F | J68: Tributos (Contribuição Previdenciária sobre a Receita Bruta - Lei 12.546 de 14/12/2011 - Desoneração) | R68: CPRB | S68: {=IF(BDI.Opcao<>"Desonerado",0,IF(AND($J57<>$A$145,COUNTA(OFFSET(S60,1,0,6))>0),IF(YEAR(Import.DataBase)<2025,4.5%,IF(YEAR(Import.DataBase)=2025,3.6%,IF(YEAR(Import.DataBase)=2026,2.7%,IF(YEAR(Import.DataBase)=2027,1.8%,0%)))),0%))} -> 0 | U68: - | X68: =$S68 -> 0 | Y68: =$S68 -> 0 | Z68: =$S68 -> 0
I69: =IF($S$69=0,"","F") -> F | J69: BDI SEM desoneração (Fórmula Acórdão TCU) | R69: BDI PAD | S69: =IF($J57=$A$145,0,ROUND((((1+S61+S62+S63)*(1+S64)*(1+S65)/(1-(S66+S67)))-1),4)) -> 0.1679 | U69: =IF(OR($J$17=$A$146,$J$17=$A$145,AND(S69>=X69,S69<=Z69)),"OK","FORA DO INTERVALO") -> OK | X69: =IF($J57=$A$145,0,VLOOKUP(CONCATENATE($J57,"-",$R69),$C$2:$G$136,3,FALSE)) -> 0.111 | Y69: =IF($J57=$A$145,0,VLOOKUP(CONCATENATE($J57,"-",$R69),$C$2:$G$136,4,FALSE)) -> 0.1402 | Z69: =IF($J57=$A$145,0,VLOOKUP(CONCATENATE($J57,"-",$R69),$C$2:$G$136,5,FALSE)) -> 0.168
I70: =IF($S$69=0,"","F") -> F | J70: BDI COM desoneração | R70: BDI DES | S70: =IF($J57=$A$145,0,ROUND((((1+S61+S62+S63)*(1+S64)*(1+S65)/(1-(S66+S67+S68)))-1),4)) -> 0.1679
I71: =IF($S$69=0,"","F") -> F
I72: =IF($S$69=0,"","F") -> F | J72: =IF(U69<>"ok","X","") | K72: =IF(U69<>"ok","Anexo: Relatório Técnico Circunstanciado justificando a adoção do percentual de cada parcela do BDI.","")
I73: =IF($S$69=0,"","F") -> F
I74: =IF($S$69=0,"","F") -> F | J74: Os valores de BDI foram calculados com o emprego da fórmula:
I75: =IF($S$69=0,"","F") -> F | M75: BDI = | N75: =IF($J57=$A$146,"(1+K1+K2)*(1+K3)","(1+AC + S + R + G)*(1 + DF)*(1+L)") -> (1+AC + S + R + G)*(1 + DF)*(1+L) | Q75: - 1
I76: =IF($S$69=0,"","F") -> F | N76: (1-CP-ISS-CRPB)
I77: =IF($S$69=0,"","F") -> F
I78: =IF($S$69=0,"","F") -> F | J78: =CONCATENATE("Declaro para os devidos fins que, conforme legislação tributária municipal, a base de cálculo deste tipo de obra corresponde à ",$R$10*100,"%, com a respectiva alíquota de ",$R$11*100,"%.") -> Declaro para os devidos fins que, conforme legislação tributária municipal, a base de cálculo deste tipo de obra corresponde à 45%, com a respectiva alíquota de 3%.
I79: =IF($S$69=0,"","F") -> F
I80: =IF($S$69=0,"","F") -> F | J80: =CONCATENATE("Declaro para os devidos fins que o regime de Contribuição Previdenciária sobre a Receita Bruta adotado para elaboração do orçamento foi ",IF(DESONERACAO="Sim","COM","SEM")," Desoneração, e que esta é a alternativa mais adequada para a Administração Pública.") -> Declaro para os devidos fins que o regime de Contribuição Previdenciária sobre a Receita Bruta adotado para elaboração do orçamento foi SEM Desoneração, e que esta é a alternativa mais adequada para a Administração Pública.
I81: =IF($S$69=0,"","F") -> F
I82: =IF($S$69=0,"","F") -> F | J82: Observações:
I83: =IF($S$69=0,"","F") -> F | J83: De acordo com a Lei Complementar 183/2013, Art. 109, §3º, o valor de mão e obra, para base de cálculo adotada para ISS será de 45%. A empresa poderá adotar um percentual diferente, desde que comprove este percentual nos termos do mesmo Art., e proceda novo cálculo do BDI adotando este na planilha orçamentária.
I84: =IF($S$69=0,"","F") -> F
I85: =IF($S$69=0,"","F") -> F | J85: =Import.Município -> Bento Gonçalves | P85: =DADOS!$F$25 -> 0
I86: =IF($S$69=0,"","F") -> F | J86: Local | P86: Data
I87: =IF($S$69=0,"","F") -> F
I88: =IF($S$69=0,"","F") -> F
I89: =IF($S$69=0,"","F") -> F | J89: Responsável Técnico
I90: =IF($S$69=0,"","F") -> F | J90: Nome: | K90: {=Import.RespOrçamento} -> 0
I91: =IF($S$69=0,"","F") -> F | J91: CREA/CAU: | K91: 0
I92: =IF($S$69=0,"","F") -> F | J92: ART/RRT: | K92: 0
I93: =IF($S$69=0,"","F") -> F
I94: =IF($S$109=0,"","F") | J94: BDI 3
I95: =IF($S$109=0,"","F")
I96: =IF($S$109=0,"","F") | J96: TIPO DE OBRA
I97: =IF($S$109=0,"","F") | J97: (SELECIONAR)
I98: =IF($S$109=0,"","F")
I99: =IF($S$109=0,"","F") | J99: Itens | R99: Siglas | S99: % Adotado | U99: Situação | X99: 1º Quartil | Y99: Médio | Z99: 3º Quartil
I100: =IF($S$109=0,"","F")
...

Sheet ORÇAMENTO
R1: PO - PLANILHA ORÇAMENTÁRIA | X1: Grau de Sigilo
D2: LOTE | E2: Meta | F2: Nível 2 | G2: Nível 3 | H2: Nível 4 | I2: Serviço | R2: =IF(TIPOORCAMENTO="licitado","Orçamento Licitado","Orçamento Base para Licitação")&" - "&import.recurso -> Orçamento Base para Licitação - (SELECIONAR) | X2: #PUBLICO
A4: Nmax | F4: BDI 1 | G4: BDI 2 | H4: BDI 3 | I4: 0 | O4: Nº OPERAÇÃO | Q4: Nº TransfereGOV | R4: PROPONENTE / TOMADOR | S4: APELIDO DO EMPREENDIMENTO
A5: =MAX($C$15:$C$36) -> 2 | F5: =IF(BDI.Opcao="DESONERADO",BDI!$S$30,BDI!$S$29) -> 0.2139 | G5: =IF(BDI.Opcao="DESONERADO",BDI!$S$70,BDI!$S$69) -> 0.1679 | H5: =IF(BDI.Opcao="DESONERADO",BDI!$S$110,BDI!$S$109) -> 0 | O5: =Import.CR -> 0 | Q5: {=Import.TransfereGOV} -> 0 | R5: =Import.Proponente -> Secretario Diego Salini | S5: =Import.Apelido -> ANEXO I TR - MANUTENÇÃO ABRIGO PASSAGEIROS ÔNIBUS E TÁXI | AE5: Arredondamento
O7: LOCALIDADE SINAPI | Q7: DATA BASE | R7: =IF(TIPOORCAMENTO="Licitado","NOME DA EMPRESA","DESCRIÇÃO DO LOTE") -> DESCRIÇÃO DO LOTE | S7: =IF(TIPOORCAMENTO="Licitado","REGIME DE EXECUÇÃO","MUNICÍPIO / UF") -> MUNICÍPIO / UF | V7: =IF(TIPOORCAMENTO="Licitado","","BDI 1") -> BDI 1 | W7: =IF(TIPOORCAMENTO="Licitado","","BDI 2") -> BDI 2 | X7: =IF(TIPOORCAMENTO="Licitado","Nº CTEF","BDI 3") -> BDI 3 | AE7: Quantidade | AF7: TRUE | AJ7: QUANTIDADES: ACOMP. POR BM | AL7: PREÇO UNITÁRIO LICITADO
F8: =IF(LEN(INFO("release"))>5,"'Referência "&Excel_BuiltIn_Database&".xlsm'#Banco.$a5:$a$65536","'[Referência "&Excel_BuiltIn_Database&".xlsm]Banco'!$a5:$a$65536") -> '[Referência 03-Sunday.xlsm]Banco'!$a5:$a$65536 | L8: FILTRO | O8: =IF(ISERROR(INDIRECT($F$9)),"(N/D: 'Referência "&Excel_BuiltIn_Database&".xlsm)",INDIRECT($F$9)) -> (N/D: 'Referência 03-Sunday.xlsm) | Q8: =TEXT(Import.DataBase,"mm-aa")&IF(DESONERACAO="Sim"," (DES.)"," (N DES.)") -> 03-aa (N DES.) | R8: =IF(TIPOORCAMENTO="Licitado",Import.empresa,Import.DescLote) -> REGISTRO DE PREÇOS PARA SERVIÇOS COMUNS DE ENGENHARIA P/ MANUTNEÇÃO ABRIGOS PASSAGEIROS ONIBUS TAXI | S8: =IF(TIPOORCAMENTO="Licitado",Import.RegimeExecução,Import.Município) -> Bento Gonçalves | V8: =IF(TIPOORCAMENTO="Licitado","",TEXT(F5,"0,00%")) -> 021% | W8: =IF(TIPOORCAMENTO="Licitado","",TEXT(G5,"0,00%")) -> 017% | X8: =IF(TIPOORCAMENTO="Licitado",Import.CTEF,TEXT(H5,"0,00%")) -> 000% | Y8: RECURSO | Z8: SGL RECURSO | AE8: Custo Unitáro | AF8: TRUE
F9: =IF(LEN(INFO("release"))>5,"'Referência "&Excel_BuiltIn_Database&".xlsm'#Banco.$d$3","'[Referência "&Excel_BuiltIn_Database&".xlsm]Banco'!$d$3") -> '[Referência 03-Sunday.xlsm]Banco'!$d$3 | AE9: BDI | AF9: TRUE
AC10: ERRO GERAL | AE10: Preço Unitário | AF10: TRUE
AC11: =IF(COUNTIF($AC$15:OFFSET($AC$36,-1,0),"DESCRIÇÃO")+COUNTIF($AC$15:OFFSET($AC$36,-1,0),"UNIDADE")+COUNTIF($AC$15:OFFSET($AC$36,-1,0),"SEM VALOR")>0,"NÃO OK","OK") -> OK | AE11: Preço Total | AF11: TRUE
AA12: Valores não Arredondados | AJ12: ↓ | AL12: ↓
A13: Nível E | B13: Save Nivel | C13: Nível C | D13: Altura | E13: n1 | F13: n2 | G13: n3 | H13: n4 | I13: n5 | J13: Czero | K13: Cnível | L13: ↓ | M13: Nível | N13: Nível Corrigido | O13: Item | P13: Fonte | Q13: Código | R13: Descrição | S13: Unidade | T13: Quantidade | U13: =IF(TIPOORCAMENTO="Licitado","","Custo Unitário (sem BDI) (R$)") -> Custo Unitário (sem BDI) (R$) | V13: =IF(TIPOORCAMENTO="Licitado","","BDI (%)") -> BDI (%) | W13: Preço Unitário (com BDI) (R$) | X13: Preço Total (R$) | Y13: ↓ | Z13: ↓ | AA13: Contrapartida (R$) | AB13: Outros (R$) | AC13: Erro de Dados | AD13: Lista Crono | AE13: Concatenação Fonte-Código | AF13: BancoDesloc | AG13: Custo Unitário Referência (R$) | AH13: =IF(TIPOORCAMENTO="LICITADO","Valor BDI Edital","Valor BDI") -> Valor BDI | AJ13: Quantidade | AL13: Preço Unitário (com BDI) (R$) | AM13: Preço Total Licit. (R$) | AN13: Preço Unitário Edital (R$)
A14: =CHOOSE(1+LOG(1+2*(ORÇAMENTO.Nivel="Meta")+4*(ORÇAMENTO.Nivel="Nível 2")+8*(ORÇAMENTO.Nivel="Nível 3")+16*(ORÇAMENTO.Nivel="Nível 4")+32*(ORÇAMENTO.Nivel="Serviço"),2),0,1,2,3,4,"S") -> S | B14: =IF(OR(C14="s",C14=0),OFFSET(B14,-1,0),C14) -> Save Nivel | C14: =IF(OFFSET(C14,-1,0)="L",1,IF(OFFSET(C14,-1,0)=1,2,IF(OR(A14="s",A14=0),"S",IF(AND(OFFSET(C14,-1,0)=2,A14=4),3,IF(AND(OR(OFFSET(C14,-1,0)="s",OFFSET(C14,-1,0)=0),A14<>"s",A14>OFFSET(B14,-1,0)),OFFSET(B14,-1,0),A14))))) -> S | D14: =IF(OR(C14="S",C14=0),0,IF(ISERROR(K14),J14,SMALL(J14:K14,1))) -> 0 | E14: =IF($C14=1,OFFSET(E14,-1,0)+MAX(1,COUNTIF(QCI!$A$13:$A$24,OFFSET(ORÇAMENTO!E14,-1,0))),OFFSET(E14,-1,0)) -> n1 | F14: =IF($C14=1,0,IF($C14=2,OFFSET(F14,-1,0)+1,OFFSET(F14,-1,0))) -> n2 | G14: =IF(AND($C14<=2,$C14<>0),0,IF($C14=3,OFFSET(G14,-1,0)+1,OFFSET(G14,-1,0))) -> n3 | H14: =IF(AND($C14<=3,$C14<>0),0,IF($C14=4,OFFSET(H14,-1,0)+1,OFFSET(H14,-1,0))) -> n4 | I14: =IF(AND($C14<=4,$C14<>0),0,IF(AND($C14="S",$X14>0),OFFSET(I14,-1,0)+1,OFFSET(I14,-1,0))) -> n5 | J14: =IF(OR($C14="S",$C14=0),0,MATCH(0,OFFSET($D14,1,$C14,ROW($C$36)-ROW($C14)),0)) -> 0 | K14: =IF(OR($C14="S",$C14=0),0,MATCH(OFFSET($D14,0,$C14)+IF($C14<>1,1,COUNTIF(QCI!$A$13:$A$24,ORÇAMENTO!E14)),OFFSET($D14,1,$C14,ROW($C$36)-ROW($C14)),0)) -> 0 | L14: =IF(OR($X14>0,$C14=1,$C14=2,$C14=3,$C14=4),"F","") | M14: Serviço | N14: =CHOOSE(1+LOG(1+2*(C14=1)+4*(C14=2)+8*(C14=3)+16*(C14=4)+32*(C14="S"),2),"","Meta","Nível 2","Nível 3","Nível 4","Serviço") -> Serviço | O14: =IF(OR($C14=0,$L14=""),"-",CONCATENATE(E14&".",IF(AND($A$5>=2,$C14>=2),F14&".",""),IF(AND($A$5>=3,$C14>=3),G14&".",""),IF(AND($A$5>=4,$C14>=4),H14&".",""),IF($C14="S",I14&".",""))) -> - | P14: SINAPI | R14: =IF($C14="S",REFERENCIA.Descricao,"(digite a descrição aqui)") -> (abra o arquivo 'Referência 03-Sunday.xlsm) | S14: =REFERENCIA.Unidade -> - | T14: =OFFSET(CÁLCULO!H$15,ROW($T14)-ROW(T$15),0) -> 0 | V14: BDI 1 | W14: =IF($C14="S",ROUND(IF(TIPOORCAMENTO="Proposto",ORÇAMENTO.CustoUnitario*(1+$AH14),ORÇAMENTO.PrecoUnitarioLicitado),15-13*$AF$10),0) -> 0 | X14: =IF($C14="S",IF(Import.TipoArredondamento<>"TransfereGOV",VTOTAL1,SUM(OFFSET(CÁLCULO!$AI$15,ROW($X14)-ROW($X$15),1):OFFSET(CÁLCULO!$BB$15,ROW($X14)-ROW($X$15),-1))),IF($C14=0,0,ROUND(SomaAgrup,15-13*$AF$11))) -> 0 | Y14: RA | Z14: =IF(AND($C14="S",$X14>0),IF(ISBLANK($Y14),"RA",LEFT($Y14,2)),"") | AA14: =IF($C14="S",IF($Z14="CP",$X14,IF($Z14="RA",(($X14)*QCI!$AA$3),0)),SomaAgrup) -> 0 | AB14: =IF($C14="S",IF($Z14="OU",ROUND($X14,2),0),SomaAgrup) -> 0 | AC14: =IF($N14="","",IF(ORÇAMENTO.Descricao="","DESCRIÇÃO",IF(AND($C14="S",ORÇAMENTO.Unidade=""),"UNIDADE",IF($X14<0,"VALOR NEGATIVO",IF(OR(AND(TIPOORCAMENTO="Proposto",$AG14<>"",$AG14>0,ORÇAMENTO.CustoUnitario>$AG14),AND(TIPOORCAMENTO="LICITADO",ORÇAMENTO.PrecoUnitarioLicitado>$AN14)),"ACIMA REF.",""))))) | AD14: =IF(C14<=CRONO.NivelExibicao,MAX($AD$15:OFFSET(AD14,-1,0))+IF($C14<>1,1,MAX(1,COUNTIF(QCI!$A$13:$A$24,OFFSET($E14,-1,0)))),"") | AE14: =IF(AND($C14="S",ORÇAMENTO.CodBarra<>""),IF(ORÇAMENTO.Fonte="",ORÇAMENTO.CodBarra,CONCATENATE(ORÇAMENTO.Fonte," ",ORÇAMENTO.CodBarra))) -> FALSE | AF14: =IF(ISERROR(INDIRECT(ORÇAMENTO.BancoRef)),"(abra o arquivo 'Referência "&Excel_BuiltIn_Database&".xlsm)",IF(OR($C14<>"S",ORÇAMENTO.CodBarra=""),"(Sem Código)",IF(ISERROR(MATCH($AE14,INDIRECT(ORÇAMENTO.BancoRef),0)),"(Código não identificado nas referências)",MATCH($AE14,INDIRECT(ORÇAMENTO.BancoRef),0)))) -> (abra o arquivo 'Referência 03-Sunday.xlsm) | AG14: =ROUND(IF(DESONERACAO="sim",REFERENCIA.Desonerado,REFERENCIA.NaoDesonerado),2) -> 0 | AH14: =ROUND(IF(ISNUMBER(ORÇAMENTO.OpcaoBDI),ORÇAMENTO.OpcaoBDI,IF(LEFT(ORÇAMENTO.OpcaoBDI,3)="BDI",HLOOKUP(ORÇAMENTO.OpcaoBDI,$F$4:$H$5,2,FALSE),0)),15-11*$AF$9) -> 0.2139 | AM14: =$X14 -> 0 | AN14: =ROUND(ORÇAMENTO.CustoUnitario*(1+$AH14),2) -> 0
A15: 0 | C15: L | D15: =COUNTA(OFFSET(D15,1,0):D$36) -> 20 | E15: 0 | L15: F | M15: =IF(TIPOORCAMENTO="LICITADO","CTEF","LOTE") -> LOTE | N15: =IF(TIPOORCAMENTO="LICITADO","CTEF","LOTE") -> LOTE | O15: =Import.DescLote -> REGISTRO DE PREÇOS PARA SERVIÇOS COMUNS DE ENGENHARIA P/ MANUTNEÇÃO ABRIGOS PASSAGEIROS ONIBUS TAXI | X15: =SUMIF(OFFSET($C15,1,0,ROW(X36)-ROW(X15)-1),"S",OFFSET(X15,1,0,ROW(X36)-ROW(X15)-1)) -> 0 | Z15: =IF(AND($C15="S",$X15>0),LEFT($Y15,2),"") | AA15: =SUMIF(OFFSET($C15,1,0,ROW(AA36)-ROW(AA15)-1),"S",OFFSET(AA15,1,0,ROW(AA36)-ROW(AA15)-1)) -> 0 | AB15: =SUMIF(OFFSET($C15,1,0,ROW(AB36)-ROW(AB15)-1),"S",OFFSET(AB15,1,0,ROW(AB36)-ROW(AB15)-1)) -> 0 | AM15: =$X15 -> 0
A16: =CHOOSE(1+LOG(1+2*(ORÇAMENTO.Nivel="Meta")+4*(ORÇAMENTO.Nivel="Nível 2")+8*(ORÇAMENTO.Nivel="Nível 3")+16*(ORÇAMENTO.Nivel="Nível 4")+32*(ORÇAMENTO.Nivel="Serviço"),2),0,1,2,3,4,"S") -> 1 | B16: =IF(OR(C16="s",C16=0),OFFSET(B16,-1,0),C16) -> 1 | C16: =IF(OFFSET(C16,-1,0)="L",1,IF(OFFSET(C16,-1,0)=1,2,IF(OR(A16="s",A16=0),"S",IF(AND(OFFSET(C16,-1,0)=2,A16=4),3,IF(AND(OR(OFFSET(C16,-1,0)="s",OFFSET(C16,-1,0)=0),A16<>"s",A16>OFFSET(B16,-1,0)),OFFSET(B16,-1,0),A16))))) -> 1 | D16: =IF(OR(C16="S",C16=0),0,IF(ISERROR(K16),J16,SMALL(J16:K16,1))) -> 20 | E16: =IF($C16=1,OFFSET(E16,-1,0)+MAX(1,COUNTIF(QCI!$A$13:$A$24,OFFSET(ORÇAMENTO!E16,-1,0))),OFFSET(E16,-1,0)) -> 1 | F16: =IF($C16=1,0,IF($C16=2,OFFSET(F16,-1,0)+1,OFFSET(F16,-1,0))) -> 0 | G16: =IF(AND($C16<=2,$C16<>0),0,IF($C16=3,OFFSET(G16,-1,0)+1,OFFSET(G16,-1,0))) -> 0 | H16: =IF(AND($C16<=3,$C16<>0),0,IF($C16=4,OFFSET(H16,-1,0)+1,OFFSET(H16,-1,0))) -> 0 | I16: =IF(AND($C16<=4,$C16<>0),0,IF(AND($C16="S",$X16>0),OFFSET(I16,-1,0)+1,OFFSET(I16,-1,0))) -> 0 | J16: =IF(OR($C16="S",$C16=0),0,MATCH(0,OFFSET($D16,1,$C16,ROW($C$36)-ROW($C16)),0)) -> 20 | K16: =IF(OR($C16="S",$C16=0),0,MATCH(OFFSET($D16,0,$C16)+IF($C16<>1,1,COUNTIF(QCI!$A$13:$A$24,ORÇAMENTO!E16)),OFFSET($D16,1,$C16,ROW($C$36)-ROW($C16)),0)) -> #N/A | L16: =IF(OR($X16>0,$C16=1,$C16=2,$C16=3,$C16=4),"F","") -> F | M16: Meta | N16: =CHOOSE(1+LOG(1+2*(C16=1)+4*(C16=2)+8*(C16=3)+16*(C16=4)+32*(C16="S"),2),"","Meta","Nível 2","Nível 3","Nível 4","Serviço") -> Meta | O16: =IF(OR($C16=0,$L16=""),"-",CONCATENATE(E16&".",IF(AND($A$5>=2,$C16>=2),F16&".",""),IF(AND($A$5>=3,$C16>=3),G16&".",""),IF(AND($A$5>=4,$C16>=4),H16&".",""),IF($C16="S",I16&".",""))) -> 1. | P16: SINAPI | R16: Manutenção e Reparos Abrigos Passagerios Onibus e Táxi | S16: =REFERENCIA.Unidade -> - | T16: =OFFSET(CÁLCULO!H$15,ROW($T16)-ROW(T$15),0) -> 0 | V16: BDI 1 | W16: =IF($C16="S",ROUND(IF(TIPOORCAMENTO="Proposto",ORÇAMENTO.CustoUnitario*(1+$AH16),ORÇAMENTO.PrecoUnitarioLicitado),15-13*$AF$10),0) -> 0 | X16: =IF($C16="S",IF(Import.TipoArredondamento<>"TransfereGOV",VTOTAL1,SUM(OFFSET(CÁLCULO!$AI$15,ROW($X16)-ROW($X$15),1):OFFSET(CÁLCULO!$BB$15,ROW($X16)-ROW($X$15),-1))),IF($C16=0,0,ROUND(SomaAgrup,15-13*$AF$11))) -> 0 | Y16: RA | Z16: =IF(AND($C16="S",$X16>0),IF(ISBLANK($Y16),"RA",LEFT($Y16,2)),"") | AA16: =IF($C16="S",IF($Z16="CP",$X16,IF($Z16="RA",(($X16)*QCI!$AA$3),0)),SomaAgrup) -> 0 | AB16: =IF($C16="S",IF($Z16="OU",ROUND($X16,2),0),SomaAgrup) -> 0 | AC16: =IF($N16="","",IF(ORÇAMENTO.Descricao="","DESCRIÇÃO",IF(AND($C16="S",ORÇAMENTO.Unidade=""),"UNIDADE",IF($X16<0,"VALOR NEGATIVO",IF(OR(AND(TIPOORCAMENTO="Proposto",$AG16<>"",$AG16>0,ORÇAMENTO.CustoUnitario>$AG16),AND(TIPOORCAMENTO="LICITADO",ORÇAMENTO.PrecoUnitarioLicitado>$AN16)),"ACIMA REF.",""))))) | AD16: =IF(C16<=CRONO.NivelExibicao,MAX($AD$15:OFFSET(AD16,-1,0))+IF($C16<>1,1,MAX(1,COUNTIF(QCI!$A$13:$A$24,OFFSET($E16,-1,0)))),"") -> 1 | AE16: =IF(AND($C16="S",ORÇAMENTO.CodBarra<>""),IF(ORÇAMENTO.Fonte="",ORÇAMENTO.CodBarra,CONCATENATE(ORÇAMENTO.Fonte," ",ORÇAMENTO.CodBarra))) -> FALSE | AF16: =IF(ISERROR(INDIRECT(ORÇAMENTO.BancoRef)),"(abra o arquivo 'Referência "&Excel_BuiltIn_Database&".xlsm)",IF(OR($C16<>"S",ORÇAMENTO.CodBarra=""),"(Sem Código)",IF(ISERROR(MATCH($AE16,INDIRECT(ORÇAMENTO.BancoRef),0)),"(Código não identificado nas referências)",MATCH($AE16,INDIRECT(ORÇAMENTO.BancoRef),0)))) -> (abra o arquivo 'Referência 03-Sunday.xlsm) | AG16: =ROUND(IF(DESONERACAO="sim",REFERENCIA.Desonerado,REFERENCIA.NaoDesonerado),2) -> 0 | AH16: =ROUND(IF(ISNUMBER(ORÇAMENTO.OpcaoBDI),ORÇAMENTO.OpcaoBDI,IF(LEFT(ORÇAMENTO.OpcaoBDI,3)="BDI",HLOOKUP(ORÇAMENTO.OpcaoBDI,$F$4:$H$5,2,FALSE),0)),15-11*$AF$9) -> 0.2139 | AM16: =$X16 -> 0 | AN16: =ROUND(ORÇAMENTO.CustoUnitario*(1+$AH16),2) -> 0
A17: =CHOOSE(1+LOG(1+2*(ORÇAMENTO.Nivel="Meta")+4*(ORÇAMENTO.Nivel="Nível 2")+8*(ORÇAMENTO.Nivel="Nível 3")+16*(ORÇAMENTO.Nivel="Nível 4")+32*(ORÇAMENTO.Nivel="Serviço"),2),0,1,2,3,4,"S") -> 2 | B17: =IF(OR(C17="s",C17=0),OFFSET(B17,-1,0),C17) -> 2 | C17: =IF(OFFSET(C17,-1,0)="L",1,IF(OFFSET(C17,-1,0)=1,2,IF(OR(A17="s",A17=0),"S",IF(AND(OFFSET(C17,-1,0)=2,A17=4),3,IF(AND(OR(OFFSET(C17,-1,0)="s",OFFSET(C17,-1,0)=0),A17<>"s",A17>OFFSET(B17,-1,0)),OFFSET(B17,-1,0),A17))))) -> 2 | D17: =IF(OR(C17="S",C17=0),0,IF(ISERROR(K17),J17,SMALL(J17:K17,1))) -> 19 | E17: =IF($C17=1,OFFSET(E17,-1,0)+MAX(1,COUNTIF(QCI!$A$13:$A$24,OFFSET(ORÇAMENTO!E17,-1,0))),OFFSET(E17,-1,0)) -> 1 | F17: =IF($C17=1,0,IF($C17=2,OFFSET(F17,-1,0)+1,OFFSET(F17,-1,0))) -> 1 | G17: =IF(AND($C17<=2,$C17<>0),0,IF($C17=3,OFFSET(G17,-1,0)+1,OFFSET(G17,-1,0))) -> 0 | H17: =IF(AND($C17<=3,$C17<>0),0,IF($C17=4,OFFSET(H17,-1,0)+1,OFFSET(H17,-1,0))) -> 0 | I17: =IF(AND($C17<=4,$C17<>0),0,IF(AND($C17="S",$X17>0),OFFSET(I17,-1,0)+1,OFFSET(I17,-1,0))) -> 0 | J17: =IF(OR($C17="S",$C17=0),0,MATCH(0,OFFSET($D17,1,$C17,ROW($C$36)-ROW($C17)),0)) -> 19 | K17: =IF(OR($C17="S",$C17=0),0,MATCH(OFFSET($D17,0,$C17)+IF($C17<>1,1,COUNTIF(QCI!$A$13:$A$24,ORÇAMENTO!E17)),OFFSET($D17,1,$C17,ROW($C$36)-ROW($C17)),0)) -> #N/A | L17: =IF(OR($X17>0,$C17=1,$C17=2,$C17=3,$C17=4),"F","") -> F | M17: Nível 2 | N17: =CHOOSE(1+LOG(1+2*(C17=1)+4*(C17=2)+8*(C17=3)+16*(C17=4)+32*(C17="S"),2),"","Meta","Nível 2","Nível 3","Nível 4","Serviço") -> Nível 2 | O17: =IF(OR($C17=0,$L17=""),"-",CONCATENATE(E17&".",IF(AND($A$5>=2,$C17>=2),F17&".",""),IF(AND($A$5>=3,$C17>=3),G17&".",""),IF(AND($A$5>=4,$C17>=4),H17&".",""),IF($C17="S",I17&".",""))) -> 1.1. | P17: SINAPI | R17: Lote 01 - Manutenção e Reparos Abrigos Passagerios Onibus e Táxi | S17: =REFERENCIA.Unidade -> - | T17: =OFFSET(CÁLCULO!H$15,ROW($T17)-ROW(T$15),0) -> 0 | V17: BDI 1 | W17: =IF($C17="S",ROUND(IF(TIPOORCAMENTO="Proposto",ORÇAMENTO.CustoUnitario*(1+$AH17),ORÇAMENTO.PrecoUnitarioLicitado),15-13*$AF$10),0) -> 0 | X17: =IF($C17="S",IF(Import.TipoArredondamento<>"TransfereGOV",VTOTAL1,SUM(OFFSET(CÁLCULO!$AI$15,ROW($X17)-ROW($X$15),1):OFFSET(CÁLCULO!$BB$15,ROW($X17)-ROW($X$15),-1))),IF($C17=0,0,ROUND(SomaAgrup,15-13*$AF$11))) -> 0 | Y17: RA | Z17: =IF(AND($C17="S",$X17>0),IF(ISBLANK($Y17),"RA",LEFT($Y17,2)),"") | AA17: =IF($C17="S",IF($Z17="CP",$X17,IF($Z17="RA",(($X17)*QCI!$AA$3),0)),SomaAgrup) -> 0 | AB17: =IF($C17="S",IF($Z17="OU",ROUND($X17,2),0),SomaAgrup) -> 0 | AC17: =IF($N17="","",IF(ORÇAMENTO.Descricao="","DESCRIÇÃO",IF(AND($C17="S",ORÇAMENTO.Unidade=""),"UNIDADE",IF($X17<0,"VALOR NEGATIVO",IF(OR(AND(TIPOORCAMENTO="Proposto",$AG17<>"",$AG17>0,ORÇAMENTO.CustoUnitario>$AG17),AND(TIPOORCAMENTO="LICITADO",ORÇAMENTO.PrecoUnitarioLicitado>$AN17)),"ACIMA REF.",""))))) | AD17: =IF(C17<=CRONO.NivelExibicao,MAX($AD$15:OFFSET(AD17,-1,0))+IF($C17<>1,1,MAX(1,COUNTIF(QCI!$A$13:$A$24,OFFSET($E17,-1,0)))),"") | AE17: =IF(AND($C17="S",ORÇAMENTO.CodBarra<>""),IF(ORÇAMENTO.Fonte="",ORÇAMENTO.CodBarra,CONCATENATE(ORÇAMENTO.Fonte," ",ORÇAMENTO.CodBarra))) -> FALSE | AF17: =IF(ISERROR(INDIRECT(ORÇAMENTO.BancoRef)),"(abra o arquivo 'Referência "&Excel_BuiltIn_Database&".xlsm)",IF(OR($C17<>"S",ORÇAMENTO.CodBarra=""),"(Sem Código)",IF(ISERROR(MATCH($AE17,INDIRECT(ORÇAMENTO.BancoRef),0)),"(Código não identificado nas referências)",MATCH($AE17,INDIRECT(ORÇAMENTO.BancoRef),0)))) -> (abra o arquivo 'Referência 03-Sunday.xlsm) | AG17: =ROUND(IF(DESONERACAO="sim",REFERENCIA.Desonerado,REFERENCIA.NaoDesonerado),2) -> 0 | AH17: =ROUND(IF(ISNUMBER(ORÇAMENTO.OpcaoBDI),ORÇAMENTO.OpcaoBDI,IF(LEFT(ORÇAMENTO.OpcaoBDI,3)="BDI",HLOOKUP(ORÇAMENTO.OpcaoBDI,$F$4:$H$5,2,FALSE),0)),15-11*$AF$9) -> 0.2139 | AM17: =$X17 -> 0 | AN17: =ROUND(ORÇAMENTO.CustoUnitario*(1+$AH17),2) -> 0
A18: =CHOOSE(1+LOG(1+2*(ORÇAMENTO.Nivel="Meta")+4*(ORÇAMENTO.Nivel="Nível 2")+8*(ORÇAMENTO.Nivel="Nível 3")+16*(ORÇAMENTO.Nivel="Nível 4")+32*(ORÇAMENTO.Nivel="Serviço"),2),0,1,2,3,4,"S") -> S | B18: =IF(OR(C18="s",C18=0),OFFSET(B18,-1,0),C18) -> 2 | C18: =IF(OFFSET(C18,-1,0)="L",1,IF(OFFSET(C18,-1,0)=1,2,IF(OR(A18="s",A18=0),"S",IF(AND(OFFSET(C18,-1,0)=2,A18=4),3,IF(AND(OR(OFFSET(C18,-1,0)="s",OFFSET(C18,-1,0)=0),A18<>"s",A18>OFFSET(B18,-1,0)),OFFSET(B18,-1,0),A18))))) -> S | D18: =IF(OR(C18="S",C18=0),0,IF(ISERROR(K18),J18,SMALL(J18:K18,1))) -> 0 | E18: =IF($C18=1,OFFSET(E18,-1,0)+MAX(1,COUNTIF(QCI!$A$13:$A$24,OFFSET(ORÇAMENTO!E18,-1,0))),OFFSET(E18,-1,0)) -> 1 | F18: =IF($C18=1,0,IF($C18=2,OFFSET(F18,-1,0)+1,OFFSET(F18,-1,0))) -> 1 | G18: =IF(AND($C18<=2,$C18<>0),0,IF($C18=3,OFFSET(G18,-1,0)+1,OFFSET(G18,-1,0))) -> 0 | H18: =IF(AND($C18<=3,$C18<>0),0,IF($C18=4,OFFSET(H18,-1,0)+1,OFFSET(H18,-1,0))) -> 0 | I18: =IF(AND($C18<=4,$C18<>0),0,IF(AND($C18="S",$X18>0),OFFSET(I18,-1,0)+1,OFFSET(I18,-1,0))) -> 0 | J18: =IF(OR($C18="S",$C18=0),0,MATCH(0,OFFSET($D18,1,$C18,ROW($C$36)-ROW($C18)),0)) -> 0 | K18: =IF(OR($C18="S",$C18=0),0,MATCH(OFFSET($D18,0,$C18)+IF($C18<>1,1,COUNTIF(QCI!$A$13:$A$24,ORÇAMENTO!E18)),OFFSET($D18,1,$C18,ROW($C$36)-ROW($C18)),0)) -> 0 | L18: =IF(OR($X18>0,$C18=1,$C18=2,$C18=3,$C18=4),"F","") | M18: Serviço | N18: =CHOOSE(1+LOG(1+2*(C18=1)+4*(C18=2)+8*(C18=3)+16*(C18=4)+32*(C18="S"),2),"","Meta","Nível 2","Nível 3","Nível 4","Serviço") -> Serviço | O18: =IF(OR($C18=0,$L18=""),"-",CONCATENATE(E18&".",IF(AND($A$5>=2,$C18>=2),F18&".",""),IF(AND($A$5>=3,$C18>=3),G18&".",""),IF(AND($A$5>=4,$C18>=4),H18&".",""),IF($C18="S",I18&".",""))) -> - | P18: PM BENTO | Q18: 01 | R18: =IF($C18="S",REFERENCIA.Descricao,"(digite a descrição aqui)") -> (abra o arquivo 'Referência 03-Sunday.xlsm) | S18: =REFERENCIA.Unidade -> - | T18: =OFFSET(CÁLCULO!H$15,ROW($T18)-ROW(T$15),0) -> 100 | U18: =AG18 -> 0 | V18: BDI 1 | W18: =IF($C18="S",ROUND(IF(TIPOORCAMENTO="Proposto",ORÇAMENTO.CustoUnitario*(1+$AH18),ORÇAMENTO.PrecoUnitarioLicitado),15-13*$AF$10),0) -> 0 | X18: =IF($C18="S",IF(Import.TipoArredondamento<>"TransfereGOV",VTOTAL1,SUM(OFFSET(CÁLCULO!$AI$15,ROW($X18)-ROW($X$15),1):OFFSET(CÁLCULO!$BB$15,ROW($X18)-ROW($X$15),-1))),IF($C18=0,0,ROUND(SomaAgrup,15-13*$AF$11))) -> 0 | Y18: RA | Z18: =IF(AND($C18="S",$X18>0),IF(ISBLANK($Y18),"RA",LEFT($Y18,2)),"") | AA18: =IF($C18="S",IF($Z18="CP",$X18,IF($Z18="RA",(($X18)*QCI!$AA$3),0)),SomaAgrup) -> 0 | AB18: =IF($C18="S",IF($Z18="OU",ROUND($X18,2),0),SomaAgrup) -> 0 | AC18: =IF($N18="","",IF(ORÇAMENTO.Descricao="","DESCRIÇÃO",IF(AND($C18="S",ORÇAMENTO.Unidade=""),"UNIDADE",IF($X18<0,"VALOR NEGATIVO",IF(OR(AND(TIPOORCAMENTO="Proposto",$AG18<>"",$AG18>0,ORÇAMENTO.CustoUnitario>$AG18),AND(TIPOORCAMENTO="LICITADO",ORÇAMENTO.PrecoUnitarioLicitado>$AN18)),"ACIMA REF.",""))))) | AD18: =IF(C18<=CRONO.NivelExibicao,MAX($AD$15:OFFSET(AD18,-1,0))+IF($C18<>1,1,MAX(1,COUNTIF(QCI!$A$13:$A$24,OFFSET($E18,-1,0)))),"") | AE18: =IF(AND($C18="S",ORÇAMENTO.CodBarra<>""),IF(ORÇAMENTO.Fonte="",ORÇAMENTO.CodBarra,CONCATENATE(ORÇAMENTO.Fonte," ",ORÇAMENTO.CodBarra))) -> PM BENTO 01 | AF18: =IF(ISERROR(INDIRECT(ORÇAMENTO.BancoRef)),"(abra o arquivo 'Referência "&Excel_BuiltIn_Database&".xlsm)",IF(OR($C18<>"S",ORÇAMENTO.CodBarra=""),"(Sem Código)",IF(ISERROR(MATCH($AE18,INDIRECT(ORÇAMENTO.BancoRef),0)),"(Código não identificado nas referências)",MATCH($AE18,INDIRECT(ORÇAMENTO.BancoRef),0)))) -> (abra o arquivo 'Referência 03-Sunday.xlsm) | AG18: =ROUND(IF(DESONERACAO="sim",REFERENCIA.Desonerado,REFERENCIA.NaoDesonerado),2) -> 0 | AH18: =ROUND(IF(ISNUMBER(ORÇAMENTO.OpcaoBDI),ORÇAMENTO.OpcaoBDI,IF(LEFT(ORÇAMENTO.OpcaoBDI,3)="BDI",HLOOKUP(ORÇAMENTO.OpcaoBDI,$F$4:$H$5,2,FALSE),0)),15-11*$AF$9) -> 0.2139 | AM18: =$X18 -> 0 | AN18: =ROUND(ORÇAMENTO.CustoUnitario*(1+$AH18),2) -> 0
A19: =CHOOSE(1+LOG(1+2*(ORÇAMENTO.Nivel="Meta")+4*(ORÇAMENTO.Nivel="Nível 2")+8*(ORÇAMENTO.Nivel="Nível 3")+16*(ORÇAMENTO.Nivel="Nível 4")+32*(ORÇAMENTO.Nivel="Serviço"),2),0,1,2,3,4,"S") -> S | B19: =IF(OR(C19="s",C19=0),OFFSET(B19,-1,0),C19) -> 2 | C19: =IF(OFFSET(C19,-1,0)="L",1,IF(OFFSET(C19,-1,0)=1,2,IF(OR(A19="s",A19=0),"S",IF(AND(OFFSET(C19,-1,0)=2,A19=4),3,IF(AND(OR(OFFSET(C19,-1,0)="s",OFFSET(C19,-1,0)=0),A19<>"s",A19>OFFSET(B19,-1,0)),OFFSET(B19,-1,0),A19))))) -> S | D19: =IF(OR(C19="S",C19=0),0,IF(ISERROR(K19),J19,SMALL(J19:K19,1))) -> 0 | E19: =IF($C19=1,OFFSET(E19,-1,0)+MAX(1,COUNTIF(QCI!$A$13:$A$24,OFFSET(ORÇAMENTO!E19,-1,0))),OFFSET(E19,-1,0)) -> 1 | F19: =IF($C19=1,0,IF($C19=2,OFFSET(F19,-1,0)+1,OFFSET(F19,-1,0))) -> 1 | G19: =IF(AND($C19<=2,$C19<>0),0,IF($C19=3,OFFSET(G19,-1,0)+1,OFFSET(G19,-1,0))) -> 0 | H19: =IF(AND($C19<=3,$C19<>0),0,IF($C19=4,OFFSET(H19,-1,0)+1,OFFSET(H19,-1,0))) -> 0 | I19: =IF(AND($C19<=4,$C19<>0),0,IF(AND($C19="S",$X19>0),OFFSET(I19,-1,0)+1,OFFSET(I19,-1,0))) -> 0 | J19: =IF(OR($C19="S",$C19=0),0,MATCH(0,OFFSET($D19,1,$C19,ROW($C$36)-ROW($C19)),0)) -> 0 | K19: =IF(OR($C19="S",$C19=0),0,MATCH(OFFSET($D19,0,$C19)+IF($C19<>1,1,COUNTIF(QCI!$A$13:$A$24,ORÇAMENTO!E19)),OFFSET($D19,1,$C19,ROW($C$36)-ROW($C19)),0)) -> 0 | L19: =IF(OR($X19>0,$C19=1,$C19=2,$C19=3,$C19=4),"F","") | M19: Serviço | N19: =CHOOSE(1+LOG(1+2*(C19=1)+4*(C19=2)+8*(C19=3)+16*(C19=4)+32*(C19="S"),2),"","Meta","Nível 2","Nível 3","Nível 4","Serviço") -> Serviço | O19: =IF(OR($C19=0,$L19=""),"-",CONCATENATE(E19&".",IF(AND($A$5>=2,$C19>=2),F19&".",""),IF(AND($A$5>=3,$C19>=3),G19&".",""),IF(AND($A$5>=4,$C19>=4),H19&".",""),IF($C19="S",I19&".",""))) -> - | P19: PM BENTO | Q19: 02 | R19: =IF($C19="S",REFERENCIA.Descricao,"(digite a descrição aqui)") -> (abra o arquivo 'Referência 03-Sunday.xlsm) | S19: =REFERENCIA.Unidade -> - | T19: =OFFSET(CÁLCULO!H$15,ROW($T19)-ROW(T$15),0) -> 880 | U19: =AG19 -> 0 | V19: BDI 1 | W19: =IF($C19="S",ROUND(IF(TIPOORCAMENTO="Proposto",ORÇAMENTO.CustoUnitario*(1+$AH19),ORÇAMENTO.PrecoUnitarioLicitado),15-13*$AF$10),0) -> 0 | X19: =IF($C19="S",IF(Import.TipoArredondamento<>"TransfereGOV",VTOTAL1,SUM(OFFSET(CÁLCULO!$AI$15,ROW($X19)-ROW($X$15),1):OFFSET(CÁLCULO!$BB$15,ROW($X19)-ROW($X$15),-1))),IF($C19=0,0,ROUND(SomaAgrup,15-13*$AF$11))) -> 0 | Y19: RA | Z19: =IF(AND($C19="S",$X19>0),IF(ISBLANK($Y19),"RA",LEFT($Y19,2)),"") | AA19: =IF($C19="S",IF($Z19="CP",$X19,IF($Z19="RA",(($X19)*QCI!$AA$3),0)),SomaAgrup) -> 0 | AB19: =IF($C19="S",IF($Z19="OU",ROUND($X19,2),0),SomaAgrup) -> 0 | AC19: =IF($N19="","",IF(ORÇAMENTO.Descricao="","DESCRIÇÃO",IF(AND($C19="S",ORÇAMENTO.Unidade=""),"UNIDADE",IF($X19<0,"VALOR NEGATIVO",IF(OR(AND(TIPOORCAMENTO="Proposto",$AG19<>"",$AG19>0,ORÇAMENTO.CustoUnitario>$AG19),AND(TIPOORCAMENTO="LICITADO",ORÇAMENTO.PrecoUnitarioLicitado>$AN19)),"ACIMA REF.",""))))) | AD19: =IF(C19<=CRONO.NivelExibicao,MAX($AD$15:OFFSET(AD19,-1,0))+IF($C19<>1,1,MAX(1,COUNTIF(QCI!$A$13:$A$24,OFFSET($E19,-1,0)))),"") | AE19: =IF(AND($C19="S",ORÇAMENTO.CodBarra<>""),IF(ORÇAMENTO.Fonte="",ORÇAMENTO.CodBarra,CONCATENATE(ORÇAMENTO.Fonte," ",ORÇAMENTO.CodBarra))) -> PM BENTO 02 | AF19: =IF(ISERROR(INDIRECT(ORÇAMENTO.BancoRef)),"(abra o arquivo 'Referência "&Excel_BuiltIn_Database&".xlsm)",IF(OR($C19<>"S",ORÇAMENTO.CodBarra=""),"(Sem Código)",IF(ISERROR(MATCH($AE19,INDIRECT(ORÇAMENTO.BancoRef),0)),"(Código não identificado nas referências)",MATCH($AE19,INDIRECT(ORÇAMENTO.BancoRef),0)))) -> (abra o arquivo 'Referência 03-Sunday.xlsm) | AG19: =ROUND(IF(DESONERACAO="sim",REFERENCIA.Desonerado,REFERENCIA.NaoDesonerado),2) -> 0 | AH19: =ROUND(IF(ISNUMBER(ORÇAMENTO.OpcaoBDI),ORÇAMENTO.OpcaoBDI,IF(LEFT(ORÇAMENTO.OpcaoBDI,3)="BDI",HLOOKUP(ORÇAMENTO.OpcaoBDI,$F$4:$H$5,2,FALSE),0)),15-11*$AF$9) -> 0.2139 | AM19: =$X19 -> 0 | AN19: =ROUND(ORÇAMENTO.CustoUnitario*(1+$AH19),2) -> 0
A20: =CHOOSE(1+LOG(1+2*(ORÇAMENTO.Nivel="Meta")+4*(ORÇAMENTO.Nivel="Nível 2")+8*(ORÇAMENTO.Nivel="Nível 3")+16*(ORÇAMENTO.Nivel="Nível 4")+32*(ORÇAMENTO.Nivel="Serviço"),2),0,1,2,3,4,"S") -> S | B20: =IF(OR(C20="s",C20=0),OFFSET(B20,-1,0),C20) -> 2 | C20: =IF(OFFSET(C20,-1,0)="L",1,IF(OFFSET(C20,-1,0)=1,2,IF(OR(A20="s",A20=0),"S",IF(AND(OFFSET(C20,-1,0)=2,A20=4),3,IF(AND(OR(OFFSET(C20,-1,0)="s",OFFSET(C20,-1,0)=0),A20<>"s",A20>OFFSET(B20,-1,0)),OFFSET(B20,-1,0),A20))))) -> S | D20: =IF(OR(C20="S",C20=0),0,IF(ISERROR(K20),J20,SMALL(J20:K20,1))) -> 0 | E20: =IF($C20=1,OFFSET(E20,-1,0)+MAX(1,COUNTIF(QCI!$A$13:$A$24,OFFSET(ORÇAMENTO!E20,-1,0))),OFFSET(E20,-1,0)) -> 1 | F20: =IF($C20=1,0,IF($C20=2,OFFSET(F20,-1,0)+1,OFFSET(F20,-1,0))) -> 1 | G20: =IF(AND($C20<=2,$C20<>0),0,IF($C20=3,OFFSET(G20,-1,0)+1,OFFSET(G20,-1,0))) -> 0 | H20: =IF(AND($C20<=3,$C20<>0),0,IF($C20=4,OFFSET(H20,-1,0)+1,OFFSET(H20,-1,0))) -> 0 | I20: =IF(AND($C20<=4,$C20<>0),0,IF(AND($C20="S",$X20>0),OFFSET(I20,-1,0)+1,OFFSET(I20,-1,0))) -> 0 | J20: =IF(OR($C20="S",$C20=0),0,MATCH(0,OFFSET($D20,1,$C20,ROW($C$36)-ROW($C20)),0)) -> 0 | K20: =IF(OR($C20="S",$C20=0),0,MATCH(OFFSET($D20,0,$C20)+IF($C20<>1,1,COUNTIF(QCI!$A$13:$A$24,ORÇAMENTO!E20)),OFFSET($D20,1,$C20,ROW($C$36)-ROW($C20)),0)) -> 0 | L20: =IF(OR($X20>0,$C20=1,$C20=2,$C20=3,$C20=4),"F","") | M20: Serviço | N20: =CHOOSE(1+LOG(1+2*(C20=1)+4*(C20=2)+8*(C20=3)+16*(C20=4)+32*(C20="S"),2),"","Meta","Nível 2","Nível 3","Nível 4","Serviço") -> Serviço | O20: =IF(OR($C20=0,$L20=""),"-",CONCATENATE(E20&".",IF(AND($A$5>=2,$C20>=2),F20&".",""),IF(AND($A$5>=3,$C20>=3),G20&".",""),IF(AND($A$5>=4,$C20>=4),H20&".",""),IF($C20="S",I20&".",""))) -> - | P20: PM BENTO | Q20: 03 | R20: =IF($C20="S",REFERENCIA.Descricao,"(digite a descrição aqui)") -> (abra o arquivo 'Referência 03-Sunday.xlsm) | S20: =REFERENCIA.Unidade -> - | T20: =OFFSET(CÁLCULO!H$15,ROW($T20)-ROW(T$15),0) -> 600 | U20: =AG20 -> 0 | V20: BDI 1 | W20: =IF($C20="S",ROUND(IF(TIPOORCAMENTO="Proposto",ORÇAMENTO.CustoUnitario*(1+$AH20),ORÇAMENTO.PrecoUnitarioLicitado),15-13*$AF$10),0) -> 0 | X20: =IF($C20="S",IF(Import.TipoArredondamento<>"TransfereGOV",VTOTAL1,SUM(OFFSET(CÁLCULO!$AI$15,ROW($X20)-ROW($X$15),1):OFFSET(CÁLCULO!$BB$15,ROW($X20)-ROW($X$15),-1))),IF($C20=0,0,ROUND(SomaAgrup,15-13*$AF$11))) -> 0 | Y20: RA | Z20: =IF(AND($C20="S",$X20>0),IF(ISBLANK($Y20),"RA",LEFT($Y20,2)),"") | AA20: =IF($C20="S",IF($Z20="CP",$X20,IF($Z20="RA",(($X20)*QCI!$AA$3),0)),SomaAgrup) -> 0 | AB20: =IF($C20="S",IF($Z20="OU",ROUND($X20,2),0),SomaAgrup) -> 0 | AC20: =IF($N20="","",IF(ORÇAMENTO.Descricao="","DESCRIÇÃO",IF(AND($C20="S",ORÇAMENTO.Unidade=""),"UNIDADE",IF($X20<0,"VALOR NEGATIVO",IF(OR(AND(TIPOORCAMENTO="Proposto",$AG20<>"",$AG20>0,ORÇAMENTO.CustoUnitario>$AG20),AND(TIPOORCAMENTO="LICITADO",ORÇAMENTO.PrecoUnitarioLicitado>$AN20)),"ACIMA REF.",""))))) | AD20: =IF(C20<=CRONO.NivelExibicao,MAX($AD$15:OFFSET(AD20,-1,0))+IF($C20<>1,1,MAX(1,COUNTIF(QCI!$A$13:$A$24,OFFSET($E20,-1,0)))),"") | AE20: =IF(AND($C20="S",ORÇAMENTO.CodBarra<>""),IF(ORÇAMENTO.Fonte="",ORÇAMENTO.CodBarra,CONCATENATE(ORÇAMENTO.Fonte," ",ORÇAMENTO.CodBarra))) -> PM BENTO 03 | AF20: =IF(ISERROR(INDIRECT(ORÇAMENTO.BancoRef)),"(abra o arquivo 'Referência "&Excel_BuiltIn_Database&".xlsm)",IF(OR($C20<>"S",ORÇAMENTO.CodBarra=""),"(Sem Código)",IF(ISERROR(MATCH($AE20,INDIRECT(ORÇAMENTO.BancoRef),0)),"(Código não identificado nas referências)",MATCH($AE20,INDIRECT(ORÇAMENTO.BancoRef),0)))) -> (abra o arquivo 'Referência 03-Sunday.xlsm) | AG20: =ROUND(IF(DESONERACAO="sim",REFERENCIA.Desonerado,REFERENCIA.NaoDesonerado),2) -> 0 | AH20: =ROUND(IF(ISNUMBER(ORÇAMENTO.OpcaoBDI),ORÇAMENTO.OpcaoBDI,IF(LEFT(ORÇAMENTO.OpcaoBDI,3)="BDI",HLOOKUP(ORÇAMENTO.OpcaoBDI,$F$4:$H$5,2,FALSE),0)),15-11*$AF$9) -> 0.2139 | AM20: =$X20 -> 0 | AN20: =ROUND(ORÇAMENTO.CustoUnitario*(1+$AH20),2) -> 0
A21: =CHOOSE(1+LOG(1+2*(ORÇAMENTO.Nivel="Meta")+4*(ORÇAMENTO.Nivel="Nível 2")+8*(ORÇAMENTO.Nivel="Nível 3")+16*(ORÇAMENTO.Nivel="Nível 4")+32*(ORÇAMENTO.Nivel="Serviço"),2),0,1,2,3,4,"S") -> S | B21: =IF(OR(C21="s",C21=0),OFFSET(B21,-1,0),C21) -> 2 | C21: =IF(OFFSET(C21,-1,0)="L",1,IF(OFFSET(C21,-1,0)=1,2,IF(OR(A21="s",A21=0),"S",IF(AND(OFFSET(C21,-1,0)=2,A21=4),3,IF(AND(OR(OFFSET(C21,-1,0)="s",OFFSET(C21,-1,0)=0),A21<>"s",A21>OFFSET(B21,-1,0)),OFFSET(B21,-1,0),A21))))) -> S | D21: =IF(OR(C21="S",C21=0),0,IF(ISERROR(K21),J21,SMALL(J21:K21,1))) -> 0 | E21: =IF($C21=1,OFFSET(E21,-1,0)+MAX(1,COUNTIF(QCI!$A$13:$A$24,OFFSET(ORÇAMENTO!E21,-1,0))),OFFSET(E21,-1,0)) -> 1 | F21: =IF($C21=1,0,IF($C21=2,OFFSET(F21,-1,0)+1,OFFSET(F21,-1,0))) -> 1 | G21: =IF(AND($C21<=2,$C21<>0),0,IF($C21=3,OFFSET(G21,-1,0)+1,OFFSET(G21,-1,0))) -> 0 | H21: =IF(AND($C21<=3,$C21<>0),0,IF($C21=4,OFFSET(H21,-1,0)+1,OFFSET(H21,-1,0))) -> 0 | I21: =IF(AND($C21<=4,$C21<>0),0,IF(AND($C21="S",$X21>0),OFFSET(I21,-1,0)+1,OFFSET(I21,-1,0))) -> 0 | J21: =IF(OR($C21="S",$C21=0),0,MATCH(0,OFFSET($D21,1,$C21,ROW($C$36)-ROW($C21)),0)) -> 0 | K21: =IF(OR($C21="S",$C21=0),0,MATCH(OFFSET($D21,0,$C21)+IF($C21<>1,1,COUNTIF(QCI!$A$13:$A$24,ORÇAMENTO!E21)),OFFSET($D21,1,$C21,ROW($C$36)-ROW($C21)),0)) -> 0 | L21: =IF(OR($X21>0,$C21=1,$C21=2,$C21=3,$C21=4),"F","") | M21: Serviço | N21: =CHOOSE(1+LOG(1+2*(C21=1)+4*(C21=2)+8*(C21=3)+16*(C21=4)+32*(C21="S"),2),"","Meta","Nível 2","Nível 3","Nível 4","Serviço") -> Serviço | O21: =IF(OR($C21=0,$L21=""),"-",CONCATENATE(E21&".",IF(AND($A$5>=2,$C21>=2),F21&".",""),IF(AND($A$5>=3,$C21>=3),G21&".",""),IF(AND($A$5>=4,$C21>=4),H21&".",""),IF($C21="S",I21&".",""))) -> - | P21: PM BENTO | Q21: 04 | R21: =IF($C21="S",REFERENCIA.Descricao,"(digite a descrição aqui)") -> (abra o arquivo 'Referência 03-Sunday.xlsm) | S21: =REFERENCIA.Unidade -> - | T21: =OFFSET(CÁLCULO!H$15,ROW($T21)-ROW(T$15),0) -> 100 | U21: =AG21 -> 0 | V21: BDI 1 | W21: =IF($C21="S",ROUND(IF(TIPOORCAMENTO="Proposto",ORÇAMENTO.CustoUnitario*(1+$AH21),ORÇAMENTO.PrecoUnitarioLicitado),15-13*$AF$10),0) -> 0 | X21: =IF($C21="S",IF(Import.TipoArredondamento<>"TransfereGOV",VTOTAL1,SUM(OFFSET(CÁLCULO!$AI$15,ROW($X21)-ROW($X$15),1):OFFSET(CÁLCULO!$BB$15,ROW($X21)-ROW($X$15),-1))),IF($C21=0,0,ROUND(SomaAgrup,15-13*$AF$11))) -> 0 | Y21: RA | Z21: =IF(AND($C21="S",$X21>0),IF(ISBLANK($Y21),"RA",LEFT($Y21,2)),"") | AA21: =IF($C21="S",IF($Z21="CP",$X21,IF($Z21="RA",(($X21)*QCI!$AA$3),0)),SomaAgrup) -> 0 | AB21: =IF($C21="S",IF($Z21="OU",ROUND($X21,2),0),SomaAgrup) -> 0 | AC21: =IF($N21="","",IF(ORÇAMENTO.Descricao="","DESCRIÇÃO",IF(AND($C21="S",ORÇAMENTO.Unidade=""),"UNIDADE",IF($X21<0,"VALOR NEGATIVO",IF(OR(AND(TIPOORCAMENTO="Proposto",$AG21<>"",$AG21>0,ORÇAMENTO.CustoUnitario>$AG21),AND(TIPOORCAMENTO="LICITADO",ORÇAMENTO.PrecoUnitarioLicitado>$AN21)),"ACIMA REF.",""))))) | AD21: =IF(C21<=CRONO.NivelExibicao,MAX($AD$15:OFFSET(AD21,-1,0))+IF($C21<>1,1,MAX(1,COUNTIF(QCI!$A$13:$A$24,OFFSET($E21,-1,0)))),"") | AE21: =IF(AND($C21="S",ORÇAMENTO.CodBarra<>""),IF(ORÇAMENTO.Fonte="",ORÇAMENTO.CodBarra,CONCATENATE(ORÇAMENTO.Fonte," ",ORÇAMENTO.CodBarra))) -> PM BENTO 04 | AF21: =IF(ISERROR(INDIRECT(ORÇAMENTO.BancoRef)),"(abra o arquivo 'Referência "&Excel_BuiltIn_Database&".xlsm)",IF(OR($C21<>"S",ORÇAMENTO.CodBarra=""),"(Sem Código)",IF(ISERROR(MATCH($AE21,INDIRECT(ORÇAMENTO.BancoRef),0)),"(Código não identificado nas referências)",MATCH($AE21,INDIRECT(ORÇAMENTO.BancoRef),0)))) -> (abra o arquivo 'Referência 03-Sunday.xlsm) | AG21: =ROUND(IF(DESONERACAO="sim",REFERENCIA.Desonerado,REFERENCIA.NaoDesonerado),2) -> 0 | AH21: =ROUND(IF(ISNUMBER(ORÇAMENTO.OpcaoBDI),ORÇAMENTO.OpcaoBDI,IF(LEFT(ORÇAMENTO.OpcaoBDI,3)="BDI",HLOOKUP(ORÇAMENTO.OpcaoBDI,$F$4:$H$5,2,FALSE),0)),15-11*$AF$9) -> 0.2139 | AM21: =$X21 -> 0 | AN21: =ROUND(ORÇAMENTO.CustoUnitario*(1+$AH21),2) -> 0
A22: =CHOOSE(1+LOG(1+2*(ORÇAMENTO.Nivel="Meta")+4*(ORÇAMENTO.Nivel="Nível 2")+8*(ORÇAMENTO.Nivel="Nível 3")+16*(ORÇAMENTO.Nivel="Nível 4")+32*(ORÇAMENTO.Nivel="Serviço"),2),0,1,2,3,4,"S") -> S | B22: =IF(OR(C22="s",C22=0),OFFSET(B22,-1,0),C22) -> 2 | C22: =IF(OFFSET(C22,-1,0)="L",1,IF(OFFSET(C22,-1,0)=1,2,IF(OR(A22="s",A22=0),"S",IF(AND(OFFSET(C22,-1,0)=2,A22=4),3,IF(AND(OR(OFFSET(C22,-1,0)="s",OFFSET(C22,-1,0)=0),A22<>"s",A22>OFFSET(B22,-1,0)),OFFSET(B22,-1,0),A22))))) -> S | D22: =IF(OR(C22="S",C22=0),0,IF(ISERROR(K22),J22,SMALL(J22:K22,1))) -> 0 | E22: =IF($C22=1,OFFSET(E22,-1,0)+MAX(1,COUNTIF(QCI!$A$13:$A$24,OFFSET(ORÇAMENTO!E22,-1,0))),OFFSET(E22,-1,0)) -> 1 | F22: =IF($C22=1,0,IF($C22=2,OFFSET(F22,-1,0)+1,OFFSET(F22,-1,0))) -> 1 | G22: =IF(AND($C22<=2,$C22<>0),0,IF($C22=3,OFFSET(G22,-1,0)+1,OFFSET(G22,-1,0))) -> 0 | H22: =IF(AND($C22<=3,$C22<>0),0,IF($C22=4,OFFSET(H22,-1,0)+1,OFFSET(H22,-1,0))) -> 0 | I22: =IF(AND($C22<=4,$C22<>0),0,IF(AND($C22="S",$X22>0),OFFSET(I22,-1,0)+1,OFFSET(I22,-1,0))) -> 0 | J22: =IF(OR($C22="S",$C22=0),0,MATCH(0,OFFSET($D22,1,$C22,ROW($C$36)-ROW($C22)),0)) -> 0 | K22: =IF(OR($C22="S",$C22=0),0,MATCH(OFFSET($D22,0,$C22)+IF($C22<>1,1,COUNTIF(QCI!$A$13:$A$24,ORÇAMENTO!E22)),OFFSET($D22,1,$C22,ROW($C$36)-ROW($C22)),0)) -> 0 | L22: =IF(OR($X22>0,$C22=1,$C22=2,$C22=3,$C22=4),"F","") | M22: Serviço | N22: =CHOOSE(1+LOG(1+2*(C22=1)+4*(C22=2)+8*(C22=3)+16*(C22=4)+32*(C22="S"),2),"","Meta","Nível 2","Nível 3","Nível 4","Serviço") -> Serviço | O22: =IF(OR($C22=0,$L22=""),"-",CONCATENATE(E22&".",IF(AND($A$5>=2,$C22>=2),F22&".",""),IF(AND($A$5>=3,$C22>=3),G22&".",""),IF(AND($A$5>=4,$C22>=4),H22&".",""),IF($C22="S",I22&".",""))) -> - | P22: PM BENTO | Q22: 05 | R22: =IF($C22="S",REFERENCIA.Descricao,"(digite a descrição aqui)") -> (abra o arquivo 'Referência 03-Sunday.xlsm) | S22: =REFERENCIA.Unidade -> - | T22: =OFFSET(CÁLCULO!H$15,ROW($T22)-ROW(T$15),0) -> 12 | U22: =AG22 -> 0 | V22: BDI 1 | W22: =IF($C22="S",ROUND(IF(TIPOORCAMENTO="Proposto",ORÇAMENTO.CustoUnitario*(1+$AH22),ORÇAMENTO.PrecoUnitarioLicitado),15-13*$AF$10),0) -> 0 | X22: =IF($C22="S",IF(Import.TipoArredondamento<>"TransfereGOV",VTOTAL1,SUM(OFFSET(CÁLCULO!$AI$15,ROW($X22)-ROW($X$15),1):OFFSET(CÁLCULO!$BB$15,ROW($X22)-ROW($X$15),-1))),IF($C22=0,0,ROUND(SomaAgrup,15-13*$AF$11))) -> 0 | Y22: RA | Z22: =IF(AND($C22="S",$X22>0),IF(ISBLANK($Y22),"RA",LEFT($Y22,2)),"") | AA22: =IF($C22="S",IF($Z22="CP",$X22,IF($Z22="RA",(($X22)*QCI!$AA$3),0)),SomaAgrup) -> 0 | AB22: =IF($C22="S",IF($Z22="OU",ROUND($X22,2),0),SomaAgrup) -> 0 | AC22: =IF($N22="","",IF(ORÇAMENTO.Descricao="","DESCRIÇÃO",IF(AND($C22="S",ORÇAMENTO.Unidade=""),"UNIDADE",IF($X22<0,"VALOR NEGATIVO",IF(OR(AND(TIPOORCAMENTO="Proposto",$AG22<>"",$AG22>0,ORÇAMENTO.CustoUnitario>$AG22),AND(TIPOORCAMENTO="LICITADO",ORÇAMENTO.PrecoUnitarioLicitado>$AN22)),"ACIMA REF.",""))))) | AD22: =IF(C22<=CRONO.NivelExibicao,MAX($AD$15:OFFSET(AD22,-1,0))+IF($C22<>1,1,MAX(1,COUNTIF(QCI!$A$13:$A$24,OFFSET($E22,-1,0)))),"") | AE22: =IF(AND($C22="S",ORÇAMENTO.CodBarra<>""),IF(ORÇAMENTO.Fonte="",ORÇAMENTO.CodBarra,CONCATENATE(ORÇAMENTO.Fonte," ",ORÇAMENTO.CodBarra))) -> PM BENTO 05 | AF22: =IF(ISERROR(INDIRECT(ORÇAMENTO.BancoRef)),"(abra o arquivo 'Referência "&Excel_BuiltIn_Database&".xlsm)",IF(OR($C22<>"S",ORÇAMENTO.CodBarra=""),"(Sem Código)",IF(ISERROR(MATCH($AE22,INDIRECT(ORÇAMENTO.BancoRef),0)),"(Código não identificado nas referências)",MATCH($AE22,INDIRECT(ORÇAMENTO.BancoRef),0)))) -> (abra o arquivo 'Referência 03-Sunday.xlsm) | AG22: =ROUND(IF(DESONERACAO="sim",REFERENCIA.Desonerado,REFERENCIA.NaoDesonerado),2) -> 0 | AH22: =ROUND(IF(ISNUMBER(ORÇAMENTO.OpcaoBDI),ORÇAMENTO.OpcaoBDI,IF(LEFT(ORÇAMENTO.OpcaoBDI,3)="BDI",HLOOKUP(ORÇAMENTO.OpcaoBDI,$F$4:$H$5,2,FALSE),0)),15-11*$AF$9) -> 0.2139 | AM22: =$X22 -> 0 | AN22: =ROUND(ORÇAMENTO.CustoUnitario*(1+$AH22),2) -> 0
A23: =CHOOSE(1+LOG(1+2*(ORÇAMENTO.Nivel="Meta")+4*(ORÇAMENTO.Nivel="Nível 2")+8*(ORÇAMENTO.Nivel="Nível 3")+16*(ORÇAMENTO.Nivel="Nível 4")+32*(ORÇAMENTO.Nivel="Serviço"),2),0,1,2,3,4,"S") -> S | B23: =IF(OR(C23="s",C23=0),OFFSET(B23,-1,0),C23) -> 2 | C23: =IF(OFFSET(C23,-1,0)="L",1,IF(OFFSET(C23,-1,0)=1,2,IF(OR(A23="s",A23=0),"S",IF(AND(OFFSET(C23,-1,0)=2,A23=4),3,IF(AND(OR(OFFSET(C23,-1,0)="s",OFFSET(C23,-1,0)=0),A23<>"s",A23>OFFSET(B23,-1,0)),OFFSET(B23,-1,0),A23))))) -> S | D23: =IF(OR(C23="S",C23=0),0,IF(ISERROR(K23),J23,SMALL(J23:K23,1))) -> 0 | E23: =IF($C23=1,OFFSET(E23,-1,0)+MAX(1,COUNTIF(QCI!$A$13:$A$24,OFFSET(ORÇAMENTO!E23,-1,0))),OFFSET(E23,-1,0)) -> 1 | F23: =IF($C23=1,0,IF($C23=2,OFFSET(F23,-1,0)+1,OFFSET(F23,-1,0))) -> 1 | G23: =IF(AND($C23<=2,$C23<>0),0,IF($C23=3,OFFSET(G23,-1,0)+1,OFFSET(G23,-1,0))) -> 0 | H23: =IF(AND($C23<=3,$C23<>0),0,IF($C23=4,OFFSET(H23,-1,0)+1,OFFSET(H23,-1,0))) -> 0 | I23: =IF(AND($C23<=4,$C23<>0),0,IF(AND($C23="S",$X23>0),OFFSET(I23,-1,0)+1,OFFSET(I23,-1,0))) -> 0 | J23: =IF(OR($C23="S",$C23=0),0,MATCH(0,OFFSET($D23,1,$C23,ROW($C$36)-ROW($C23)),0)) -> 0 | K23: =IF(OR($C23="S",$C23=0),0,MATCH(OFFSET($D23,0,$C23)+IF($C23<>1,1,COUNTIF(QCI!$A$13:$A$24,ORÇAMENTO!E23)),OFFSET($D23,1,$C23,ROW($C$36)-ROW($C23)),0)) -> 0 | L23: =IF(OR($X23>0,$C23=1,$C23=2,$C23=3,$C23=4),"F","") | M23: Serviço | N23: =CHOOSE(1+LOG(1+2*(C23=1)+4*(C23=2)+8*(C23=3)+16*(C23=4)+32*(C23="S"),2),"","Meta","Nível 2","Nível 3","Nível 4","Serviço") -> Serviço | O23: =IF(OR($C23=0,$L23=""),"-",CONCATENATE(E23&".",IF(AND($A$5>=2,$C23>=2),F23&".",""),IF(AND($A$5>=3,$C23>=3),G23&".",""),IF(AND($A$5>=4,$C23>=4),H23&".",""),IF($C23="S",I23&".",""))) -> - | P23: PM BENTO | Q23: 06 | R23: =IF($C23="S",REFERENCIA.Descricao,"(digite a descrição aqui)") -> (abra o arquivo 'Referência 03-Sunday.xlsm) | S23: =REFERENCIA.Unidade -> - | T23: =OFFSET(CÁLCULO!H$15,ROW($T23)-ROW(T$15),0) -> 100 | U23: =AG23 -> 0 | V23: BDI 1 | W23: =IF($C23="S",ROUND(IF(TIPOORCAMENTO="Proposto",ORÇAMENTO.CustoUnitario*(1+$AH23),ORÇAMENTO.PrecoUnitarioLicitado),15-13*$AF$10),0) -> 0 | X23: =IF($C23="S",IF(Import.TipoArredondamento<>"TransfereGOV",VTOTAL1,SUM(OFFSET(CÁLCULO!$AI$15,ROW($X23)-ROW($X$15),1):OFFSET(CÁLCULO!$BB$15,ROW($X23)-ROW($X$15),-1))),IF($C23=0,0,ROUND(SomaAgrup,15-13*$AF$11))) -> 0 | Y23: RA | Z23: =IF(AND($C23="S",$X23>0),IF(ISBLANK($Y23),"RA",LEFT($Y23,2)),"") | AA23: =IF($C23="S",IF($Z23="CP",$X23,IF($Z23="RA",(($X23)*QCI!$AA$3),0)),SomaAgrup) -> 0 | AB23: =IF($C23="S",IF($Z23="OU",ROUND($X23,2),0),SomaAgrup) -> 0 | AC23: =IF($N23="","",IF(ORÇAMENTO.Descricao="","DESCRIÇÃO",IF(AND($C23="S",ORÇAMENTO.Unidade=""),"UNIDADE",IF($X23<0,"VALOR NEGATIVO",IF(OR(AND(TIPOORCAMENTO="Proposto",$AG23<>"",$AG23>0,ORÇAMENTO.CustoUnitario>$AG23),AND(TIPOORCAMENTO="LICITADO",ORÇAMENTO.PrecoUnitarioLicitado>$AN23)),"ACIMA REF.",""))))) | AD23: =IF(C23<=CRONO.NivelExibicao,MAX($AD$15:OFFSET(AD23,-1,0))+IF($C23<>1,1,MAX(1,COUNTIF(QCI!$A$13:$A$24,OFFSET($E23,-1,0)))),"") | AE23: =IF(AND($C23="S",ORÇAMENTO.CodBarra<>""),IF(ORÇAMENTO.Fonte="",ORÇAMENTO.CodBarra,CONCATENATE(ORÇAMENTO.Fonte," ",ORÇAMENTO.CodBarra))) -> PM BENTO 06 | AF23: =IF(ISERROR(INDIRECT(ORÇAMENTO.BancoRef)),"(abra o arquivo 'Referência "&Excel_BuiltIn_Database&".xlsm)",IF(OR($C23<>"S",ORÇAMENTO.CodBarra=""),"(Sem Código)",IF(ISERROR(MATCH($AE23,INDIRECT(ORÇAMENTO.BancoRef),0)),"(Código não identificado nas referências)",MATCH($AE23,INDIRECT(ORÇAMENTO.BancoRef),0)))) -> (abra o arquivo 'Referência 03-Sunday.xlsm) | AG23: =ROUND(IF(DESONERACAO="sim",REFERENCIA.Desonerado,REFERENCIA.NaoDesonerado),2) -> 0 | AH23: =ROUND(IF(ISNUMBER(ORÇAMENTO.OpcaoBDI),ORÇAMENTO.OpcaoBDI,IF(LEFT(ORÇAMENTO.OpcaoBDI,3)="BDI",HLOOKUP(ORÇAMENTO.OpcaoBDI,$F$4:$H$5,2,FALSE),0)),15-11*$AF$9) -> 0.2139 | AM23: =$X23 -> 0 | AN23: =ROUND(ORÇAMENTO.CustoUnitario*(1+$AH23),2) -> 0
A24: =CHOOSE(1+LOG(1+2*(ORÇAMENTO.Nivel="Meta")+4*(ORÇAMENTO.Nivel="Nível 2")+8*(ORÇAMENTO.Nivel="Nível 3")+16*(ORÇAMENTO.Nivel="Nível 4")+32*(ORÇAMENTO.Nivel="Serviço"),2),0,1,2,3,4,"S") -> S | B24: =IF(OR(C24="s",C24=0),OFFSET(B24,-1,0),C24) -> 2 | C24: =IF(OFFSET(C24,-1,0)="L",1,IF(OFFSET(C24,-1,0)=1,2,IF(OR(A24="s",A24=0),"S",IF(AND(OFFSET(C24,-1,0)=2,A24=4),3,IF(AND(OR(OFFSET(C24,-1,0)="s",OFFSET(C24,-1,0)=0),A24<>"s",A24>OFFSET(B24,-1,0)),OFFSET(B24,-1,0),A24))))) -> S | D24: =IF(OR(C24="S",C24=0),0,IF(ISERROR(K24),J24,SMALL(J24:K24,1))) -> 0 | E24: =IF($C24=1,OFFSET(E24,-1,0)+MAX(1,COUNTIF(QCI!$A$13:$A$24,OFFSET(ORÇAMENTO!E24,-1,0))),OFFSET(E24,-1,0)) -> 1 | F24: =IF($C24=1,0,IF($C24=2,OFFSET(F24,-1,0)+1,OFFSET(F24,-1,0))) -> 1 | G24: =IF(AND($C24<=2,$C24<>0),0,IF($C24=3,OFFSET(G24,-1,0)+1,OFFSET(G24,-1,0))) -> 0 | H24: =IF(AND($C24<=3,$C24<>0),0,IF($C24=4,OFFSET(H24,-1,0)+1,OFFSET(H24,-1,0))) -> 0 | I24: =IF(AND($C24<=4,$C24<>0),0,IF(AND($C24="S",$X24>0),OFFSET(I24,-1,0)+1,OFFSET(I24,-1,0))) -> 0 | J24: =IF(OR($C24="S",$C24=0),0,MATCH(0,OFFSET($D24,1,$C24,ROW($C$36)-ROW($C24)),0)) -> 0 | K24: =IF(OR($C24="S",$C24=0),0,MATCH(OFFSET($D24,0,$C24)+IF($C24<>1,1,COUNTIF(QCI!$A$13:$A$24,ORÇAMENTO!E24)),OFFSET($D24,1,$C24,ROW($C$36)-ROW($C24)),0)) -> 0 | L24: =IF(OR($X24>0,$C24=1,$C24=2,$C24=3,$C24=4),"F","") | M24: Serviço | N24: =CHOOSE(1+LOG(1+2*(C24=1)+4*(C24=2)+8*(C24=3)+16*(C24=4)+32*(C24="S"),2),"","Meta","Nível 2","Nível 3","Nível 4","Serviço") -> Serviço | O24: =IF(OR($C24=0,$L24=""),"-",CONCATENATE(E24&".",IF(AND($A$5>=2,$C24>=2),F24&".",""),IF(AND($A$5>=3,$C24>=3),G24&".",""),IF(AND($A$5>=4,$C24>=4),H24&".",""),IF($C24="S",I24&".",""))) -> - | P24: PM BENTO | Q24: 07 | R24: =IF($C24="S",REFERENCIA.Descricao,"(digite a descrição aqui)") -> (abra o arquivo 'Referência 03-Sunday.xlsm) | S24: =REFERENCIA.Unidade -> - | T24: =OFFSET(CÁLCULO!H$15,ROW($T24)-ROW(T$15),0) -> 7000 | U24: =AG24 -> 0 | V24: BDI 1 | W24: =IF($C24="S",ROUND(IF(TIPOORCAMENTO="Proposto",ORÇAMENTO.CustoUnitario*(1+$AH24),ORÇAMENTO.PrecoUnitarioLicitado),15-13*$AF$10),0) -> 0 | X24: =IF($C24="S",IF(Import.TipoArredondamento<>"TransfereGOV",VTOTAL1,SUM(OFFSET(CÁLCULO!$AI$15,ROW($X24)-ROW($X$15),1):OFFSET(CÁLCULO!$BB$15,ROW($X24)-ROW($X$15),-1))),IF($C24=0,0,ROUND(SomaAgrup,15-13*$AF$11))) -> 0 | Y24: RA | Z24: =IF(AND($C24="S",$X24>0),IF(ISBLANK($Y24),"RA",LEFT($Y24,2)),"") | AA24: =IF($C24="S",IF($Z24="CP",$X24,IF($Z24="RA",(($X24)*QCI!$AA$3),0)),SomaAgrup) -> 0 | AB24: =IF($C24="S",IF($Z24="OU",ROUND($X24,2),0),SomaAgrup) -> 0 | AC24: =IF($N24="","",IF(ORÇAMENTO.Descricao="","DESCRIÇÃO",IF(AND($C24="S",ORÇAMENTO.Unidade=""),"UNIDADE",IF($X24<0,"VALOR NEGATIVO",IF(OR(AND(TIPOORCAMENTO="Proposto",$AG24<>"",$AG24>0,ORÇAMENTO.CustoUnitario>$AG24),AND(TIPOORCAMENTO="LICITADO",ORÇAMENTO.PrecoUnitarioLicitado>$AN24)),"ACIMA REF.",""))))) | AD24: =IF(C24<=CRONO.NivelExibicao,MAX($AD$15:OFFSET(AD24,-1,0))+IF($C24<>1,1,MAX(1,COUNTIF(QCI!$A$13:$A$24,OFFSET($E24,-1,0)))),"") | AE24: =IF(AND($C24="S",ORÇAMENTO.CodBarra<>""),IF(ORÇAMENTO.Fonte="",ORÇAMENTO.CodBarra,CONCATENATE(ORÇAMENTO.Fonte," ",ORÇAMENTO.CodBarra))) -> PM BENTO 07 | AF24: =IF(ISERROR(INDIRECT(ORÇAMENTO.BancoRef)),"(abra o arquivo 'Referência "&Excel_BuiltIn_Database&".xlsm)",IF(OR($C24<>"S",ORÇAMENTO.CodBarra=""),"(Sem Código)",IF(ISERROR(MATCH($AE24,INDIRECT(ORÇAMENTO.BancoRef),0)),"(Código não identificado nas referências)",MATCH($AE24,INDIRECT(ORÇAMENTO.BancoRef),0)))) -> (abra o arquivo 'Referência 03-Sunday.xlsm) | AG24: =ROUND(IF(DESONERACAO="sim",REFERENCIA.Desonerado,REFERENCIA.NaoDesonerado),2) -> 0 | AH24: =ROUND(IF(ISNUMBER(ORÇAMENTO.OpcaoBDI),ORÇAMENTO.OpcaoBDI,IF(LEFT(ORÇAMENTO.OpcaoBDI,3)="BDI",HLOOKUP(ORÇAMENTO.OpcaoBDI,$F$4:$H$5,2,FALSE),0)),15-11*$AF$9) -> 0.2139 | AM24: =$X24 -> 0 | AN24: =ROUND(ORÇAMENTO.CustoUnitario*(1+$AH24),2) -> 0
A25: =CHOOSE(1+LOG(1+2*(ORÇAMENTO.Nivel="Meta")+4*(ORÇAMENTO.Nivel="Nível 2")+8*(ORÇAMENTO.Nivel="Nível 3")+16*(ORÇAMENTO.Nivel="Nível 4")+32*(ORÇAMENTO.Nivel="Serviço"),2),0,1,2,3,4,"S") -> S | B25: =IF(OR(C25="s",C25=0),OFFSET(B25,-1,0),C25) -> 2 | C25: =IF(OFFSET(C25,-1,0)="L",1,IF(OFFSET(C25,-1,0)=1,2,IF(OR(A25="s",A25=0),"S",IF(AND(OFFSET(C25,-1,0)=2,A25=4),3,IF(AND(OR(OFFSET(C25,-1,0)="s",OFFSET(C25,-1,0)=0),A25<>"s",A25>OFFSET(B25,-1,0)),OFFSET(B25,-1,0),A25))))) -> S | D25: =IF(OR(C25="S",C25=0),0,IF(ISERROR(K25),J25,SMALL(J25:K25,1))) -> 0 | E25: =IF($C25=1,OFFSET(E25,-1,0)+MAX(1,COUNTIF(QCI!$A$13:$A$24,OFFSET(ORÇAMENTO!E25,-1,0))),OFFSET(E25,-1,0)) -> 1 | F25: =IF($C25=1,0,IF($C25=2,OFFSET(F25,-1,0)+1,OFFSET(F25,-1,0))) -> 1 | G25: =IF(AND($C25<=2,$C25<>0),0,IF($C25=3,OFFSET(G25,-1,0)+1,OFFSET(G25,-1,0))) -> 0 | H25: =IF(AND($C25<=3,$C25<>0),0,IF($C25=4,OFFSET(H25,-1,0)+1,OFFSET(H25,-1,0))) -> 0 | I25: =IF(AND($C25<=4,$C25<>0),0,IF(AND($C25="S",$X25>0),OFFSET(I25,-1,0)+1,OFFSET(I25,-1,0))) -> 0 | J25: =IF(OR($C25="S",$C25=0),0,MATCH(0,OFFSET($D25,1,$C25,ROW($C$36)-ROW($C25)),0)) -> 0 | K25: =IF(OR($C25="S",$C25=0),0,MATCH(OFFSET($D25,0,$C25)+IF($C25<>1,1,COUNTIF(QCI!$A$13:$A$24,ORÇAMENTO!E25)),OFFSET($D25,1,$C25,ROW($C$36)-ROW($C25)),0)) -> 0 | L25: =IF(OR($X25>0,$C25=1,$C25=2,$C25=3,$C25=4),"F","") | M25: Serviço | N25: =CHOOSE(1+LOG(1+2*(C25=1)+4*(C25=2)+8*(C25=3)+16*(C25=4)+32*(C25="S"),2),"","Meta","Nível 2","Nível 3","Nível 4","Serviço") -> Serviço | O25: =IF(OR($C25=0,$L25=""),"-",CONCATENATE(E25&".",IF(AND($A$5>=2,$C25>=2),F25&".",""),IF(AND($A$5>=3,$C25>=3),G25&".",""),IF(AND($A$5>=4,$C25>=4),H25&".",""),IF($C25="S",I25&".",""))) -> - | P25: PM BENTO | Q25: 08 | R25: =IF($C25="S",REFERENCIA.Descricao,"(digite a descrição aqui)") -> (abra o arquivo 'Referência 03-Sunday.xlsm) | S25: =REFERENCIA.Unidade -> - | T25: =OFFSET(CÁLCULO!H$15,ROW($T25)-ROW(T$15),0) -> 1200 | U25: =AG25 -> 0 | V25: BDI 1 | W25: =IF($C25="S",ROUND(IF(TIPOORCAMENTO="Proposto",ORÇAMENTO.CustoUnitario*(1+$AH25),ORÇAMENTO.PrecoUnitarioLicitado),15-13*$AF$10),0) -> 0 | X25: =IF($C25="S",IF(Import.TipoArredondamento<>"TransfereGOV",VTOTAL1,SUM(OFFSET(CÁLCULO!$AI$15,ROW($X25)-ROW($X$15),1):OFFSET(CÁLCULO!$BB$15,ROW($X25)-ROW($X$15),-1))),IF($C25=0,0,ROUND(SomaAgrup,15-13*$AF$11))) -> 0 | Y25: RA | Z25: =IF(AND($C25="S",$X25>0),IF(ISBLANK($Y25),"RA",LEFT($Y25,2)),"") | AA25: =IF($C25="S",IF($Z25="CP",$X25,IF($Z25="RA",(($X25)*QCI!$AA$3),0)),SomaAgrup) -> 0 | AB25: =IF($C25="S",IF($Z25="OU",ROUND($X25,2),0),SomaAgrup) -> 0 | AC25: =IF($N25="","",IF(ORÇAMENTO.Descricao="","DESCRIÇÃO",IF(AND($C25="S",ORÇAMENTO.Unidade=""),"UNIDADE",IF($X25<0,"VALOR NEGATIVO",IF(OR(AND(TIPOORCAMENTO="Proposto",$AG25<>"",$AG25>0,ORÇAMENTO.CustoUnitario>$AG25),AND(TIPOORCAMENTO="LICITADO",ORÇAMENTO.PrecoUnitarioLicitado>$AN25)),"ACIMA REF.",""))))) | AD25: =IF(C25<=CRONO.NivelExibicao,MAX($AD$15:OFFSET(AD25,-1,0))+IF($C25<>1,1,MAX(1,COUNTIF(QCI!$A$13:$A$24,OFFSET($E25,-1,0)))),"") | AE25: =IF(AND($C25="S",ORÇAMENTO.CodBarra<>""),IF(ORÇAMENTO.Fonte="",ORÇAMENTO.CodBarra,CONCATENATE(ORÇAMENTO.Fonte," ",ORÇAMENTO.CodBarra))) -> PM BENTO 08 | AF25: =IF(ISERROR(INDIRECT(ORÇAMENTO.BancoRef)),"(abra o arquivo 'Referência "&Excel_BuiltIn_Database&".xlsm)",IF(OR($C25<>"S",ORÇAMENTO.CodBarra=""),"(Sem Código)",IF(ISERROR(MATCH($AE25,INDIRECT(ORÇAMENTO.BancoRef),0)),"(Código não identificado nas referências)",MATCH($AE25,INDIRECT(ORÇAMENTO.BancoRef),0)))) -> (abra o arquivo 'Referência 03-Sunday.xlsm) | AG25: =ROUND(IF(DESONERACAO="sim",REFERENCIA.Desonerado,REFERENCIA.NaoDesonerado),2) -> 0 | AH25: =ROUND(IF(ISNUMBER(ORÇAMENTO.OpcaoBDI),ORÇAMENTO.OpcaoBDI,IF(LEFT(ORÇAMENTO.OpcaoBDI,3)="BDI",HLOOKUP(ORÇAMENTO.OpcaoBDI,$F$4:$H$5,2,FALSE),0)),15-11*$AF$9) -> 0.2139 | AM25: =$X25 -> 0 | AN25: =ROUND(ORÇAMENTO.CustoUnitario*(1+$AH25),2) -> 0
A26: =CHOOSE(1+LOG(1+2*(ORÇAMENTO.Nivel="Meta")+4*(ORÇAMENTO.Nivel="Nível 2")+8*(ORÇAMENTO.Nivel="Nível 3")+16*(ORÇAMENTO.Nivel="Nível 4")+32*(ORÇAMENTO.Nivel="Serviço"),2),0,1,2,3,4,"S") -> S | B26: =IF(OR(C26="s",C26=0),OFFSET(B26,-1,0),C26) -> 2 | C26: =IF(OFFSET(C26,-1,0)="L",1,IF(OFFSET(C26,-1,0)=1,2,IF(OR(A26="s",A26=0),"S",IF(AND(OFFSET(C26,-1,0)=2,A26=4),3,IF(AND(OR(OFFSET(C26,-1,0)="s",OFFSET(C26,-1,0)=0),A26<>"s",A26>OFFSET(B26,-1,0)),OFFSET(B26,-1,0),A26))))) -> S | D26: =IF(OR(C26="S",C26=0),0,IF(ISERROR(K26),J26,SMALL(J26:K26,1))) -> 0 | E26: =IF($C26=1,OFFSET(E26,-1,0)+MAX(1,COUNTIF(QCI!$A$13:$A$24,OFFSET(ORÇAMENTO!E26,-1,0))),OFFSET(E26,-1,0)) -> 1 | F26: =IF($C26=1,0,IF($C26=2,OFFSET(F26,-1,0)+1,OFFSET(F26,-1,0))) -> 1 | G26: =IF(AND($C26<=2,$C26<>0),0,IF($C26=3,OFFSET(G26,-1,0)+1,OFFSET(G26,-1,0))) -> 0 | H26: =IF(AND($C26<=3,$C26<>0),0,IF($C26=4,OFFSET(H26,-1,0)+1,OFFSET(H26,-1,0))) -> 0 | I26: =IF(AND($C26<=4,$C26<>0),0,IF(AND($C26="S",$X26>0),OFFSET(I26,-1,0)+1,OFFSET(I26,-1,0))) -> 0 | J26: =IF(OR($C26="S",$C26=0),0,MATCH(0,OFFSET($D26,1,$C26,ROW($C$36)-ROW($C26)),0)) -> 0 | K26: =IF(OR($C26="S",$C26=0),0,MATCH(OFFSET($D26,0,$C26)+IF($C26<>1,1,COUNTIF(QCI!$A$13:$A$24,ORÇAMENTO!E26)),OFFSET($D26,1,$C26,ROW($C$36)-ROW($C26)),0)) -> 0 | L26: =IF(OR($X26>0,$C26=1,$C26=2,$C26=3,$C26=4),"F","") | M26: Serviço | N26: =CHOOSE(1+LOG(1+2*(C26=1)+4*(C26=2)+8*(C26=3)+16*(C26=4)+32*(C26="S"),2),"","Meta","Nível 2","Nível 3","Nível 4","Serviço") -> Serviço | O26: =IF(OR($C26=0,$L26=""),"-",CONCATENATE(E26&".",IF(AND($A$5>=2,$C26>=2),F26&".",""),IF(AND($A$5>=3,$C26>=3),G26&".",""),IF(AND($A$5>=4,$C26>=4),H26&".",""),IF($C26="S",I26&".",""))) -> - | P26: PM BENTO | Q26: 09 | R26: =IF($C26="S",REFERENCIA.Descricao,"(digite a descrição aqui)") -> (abra o arquivo 'Referência 03-Sunday.xlsm) | S26: =REFERENCIA.Unidade -> - | T26: =OFFSET(CÁLCULO!H$15,ROW($T26)-ROW(T$15),0) -> 1200 | U26: =AG26 -> 0 | V26: BDI 1 | W26: =IF($C26="S",ROUND(IF(TIPOORCAMENTO="Proposto",ORÇAMENTO.CustoUnitario*(1+$AH26),ORÇAMENTO.PrecoUnitarioLicitado),15-13*$AF$10),0) -> 0 | X26: =IF($C26="S",IF(Import.TipoArredondamento<>"TransfereGOV",VTOTAL1,SUM(OFFSET(CÁLCULO!$AI$15,ROW($X26)-ROW($X$15),1):OFFSET(CÁLCULO!$BB$15,ROW($X26)-ROW($X$15),-1))),IF($C26=0,0,ROUND(SomaAgrup,15-13*$AF$11))) -> 0 | Y26: RA | Z26: =IF(AND($C26="S",$X26>0),IF(ISBLANK($Y26),"RA",LEFT($Y26,2)),"") | AA26: =IF($C26="S",IF($Z26="CP",$X26,IF($Z26="RA",(($X26)*QCI!$AA$3),0)),SomaAgrup) -> 0 | AB26: =IF($C26="S",IF($Z26="OU",ROUND($X26,2),0),SomaAgrup) -> 0 | AC26: =IF($N26="","",IF(ORÇAMENTO.Descricao="","DESCRIÇÃO",IF(AND($C26="S",ORÇAMENTO.Unidade=""),"UNIDADE",IF($X26<0,"VALOR NEGATIVO",IF(OR(AND(TIPOORCAMENTO="Proposto",$AG26<>"",$AG26>0,ORÇAMENTO.CustoUnitario>$AG26),AND(TIPOORCAMENTO="LICITADO",ORÇAMENTO.PrecoUnitarioLicitado>$AN26)),"ACIMA REF.",""))))) | AD26: =IF(C26<=CRONO.NivelExibicao,MAX($AD$15:OFFSET(AD26,-1,0))+IF($C26<>1,1,MAX(1,COUNTIF(QCI!$A$13:$A$24,OFFSET($E26,-1,0)))),"") | AE26: =IF(AND($C26="S",ORÇAMENTO.CodBarra<>""),IF(ORÇAMENTO.Fonte="",ORÇAMENTO.CodBarra,CONCATENATE(ORÇAMENTO.Fonte," ",ORÇAMENTO.CodBarra))) -> PM BENTO 09 | AF26: =IF(ISERROR(INDIRECT(ORÇAMENTO.BancoRef)),"(abra o arquivo 'Referência "&Excel_BuiltIn_Database&".xlsm)",IF(OR($C26<>"S",ORÇAMENTO.CodBarra=""),"(Sem Código)",IF(ISERROR(MATCH($AE26,INDIRECT(ORÇAMENTO.BancoRef),0)),"(Código não identificado nas referências)",MATCH($AE26,INDIRECT(ORÇAMENTO.BancoRef),0)))) -> (abra o arquivo 'Referência 03-Sunday.xlsm) | AG26: =ROUND(IF(DESONERACAO="sim",REFERENCIA.Desonerado,REFERENCIA.NaoDesonerado),2) -> 0 | AH26: =ROUND(IF(ISNUMBER(ORÇAMENTO.OpcaoBDI),ORÇAMENTO.OpcaoBDI,IF(LEFT(ORÇAMENTO.OpcaoBDI,3)="BDI",HLOOKUP(ORÇAMENTO.OpcaoBDI,$F$4:$H$5,2,FALSE),0)),15-11*$AF$9) -> 0.2139 | AM26: =$X26 -> 0 | AN26: =ROUND(ORÇAMENTO.CustoUnitario*(1+$AH26),2) -> 0
A27: =CHOOSE(1+LOG(1+2*(ORÇAMENTO.Nivel="Meta")+4*(ORÇAMENTO.Nivel="Nível 2")+8*(ORÇAMENTO.Nivel="Nível 3")+16*(ORÇAMENTO.Nivel="Nível 4")+32*(ORÇAMENTO.Nivel="Serviço"),2),0,1,2,3,4,"S") -> S | B27: =IF(OR(C27="s",C27=0),OFFSET(B27,-1,0),C27) -> 2 | C27: =IF(OFFSET(C27,-1,0)="L",1,IF(OFFSET(C27,-1,0)=1,2,IF(OR(A27="s",A27=0),"S",IF(AND(OFFSET(C27,-1,0)=2,A27=4),3,IF(AND(OR(OFFSET(C27,-1,0)="s",OFFSET(C27,-1,0)=0),A27<>"s",A27>OFFSET(B27,-1,0)),OFFSET(B27,-1,0),A27))))) -> S | D27: =IF(OR(C27="S",C27=0),0,IF(ISERROR(K27),J27,SMALL(J27:K27,1))) -> 0 | E27: =IF($C27=1,OFFSET(E27,-1,0)+MAX(1,COUNTIF(QCI!$A$13:$A$24,OFFSET(ORÇAMENTO!E27,-1,0))),OFFSET(E27,-1,0)) -> 1 | F27: =IF($C27=1,0,IF($C27=2,OFFSET(F27,-1,0)+1,OFFSET(F27,-1,0))) -> 1 | G27: =IF(AND($C27<=2,$C27<>0),0,IF($C27=3,OFFSET(G27,-1,0)+1,OFFSET(G27,-1,0))) -> 0 | H27: =IF(AND($C27<=3,$C27<>0),0,IF($C27=4,OFFSET(H27,-1,0)+1,OFFSET(H27,-1,0))) -> 0 | I27: =IF(AND($C27<=4,$C27<>0),0,IF(AND($C27="S",$X27>0),OFFSET(I27,-1,0)+1,OFFSET(I27,-1,0))) -> 0 | J27: =IF(OR($C27="S",$C27=0),0,MATCH(0,OFFSET($D27,1,$C27,ROW($C$36)-ROW($C27)),0)) -> 0 | K27: =IF(OR($C27="S",$C27=0),0,MATCH(OFFSET($D27,0,$C27)+IF($C27<>1,1,COUNTIF(QCI!$A$13:$A$24,ORÇAMENTO!E27)),OFFSET($D27,1,$C27,ROW($C$36)-ROW($C27)),0)) -> 0 | L27: =IF(OR($X27>0,$C27=1,$C27=2,$C27=3,$C27=4),"F","") | M27: Serviço | N27: =CHOOSE(1+LOG(1+2*(C27=1)+4*(C27=2)+8*(C27=3)+16*(C27=4)+32*(C27="S"),2),"","Meta","Nível 2","Nível 3","Nível 4","Serviço") -> Serviço | O27: =IF(OR($C27=0,$L27=""),"-",CONCATENATE(E27&".",IF(AND($A$5>=2,$C27>=2),F27&".",""),IF(AND($A$5>=3,$C27>=3),G27&".",""),IF(AND($A$5>=4,$C27>=4),H27&".",""),IF($C27="S",I27&".",""))) -> - | P27: PM BENTO | Q27: 10 | R27: =IF($C27="S",REFERENCIA.Descricao,"(digite a descrição aqui)") -> (abra o arquivo 'Referência 03-Sunday.xlsm) | S27: =REFERENCIA.Unidade -> - | T27: =OFFSET(CÁLCULO!H$15,ROW($T27)-ROW(T$15),0) -> 880 | U27: =AG27 -> 0 | V27: BDI 2 | W27: =IF($C27="S",ROUND(IF(TIPOORCAMENTO="Proposto",ORÇAMENTO.CustoUnitario*(1+$AH27),ORÇAMENTO.PrecoUnitarioLicitado),15-13*$AF$10),0) -> 0 | X27: =IF($C27="S",IF(Import.TipoArredondamento<>"TransfereGOV",VTOTAL1,SUM(OFFSET(CÁLCULO!$AI$15,ROW($X27)-ROW($X$15),1):OFFSET(CÁLCULO!$BB$15,ROW($X27)-ROW($X$15),-1))),IF($C27=0,0,ROUND(SomaAgrup,15-13*$AF$11))) -> 0 | Y27: RA | Z27: =IF(AND($C27="S",$X27>0),IF(ISBLANK($Y27),"RA",LEFT($Y27,2)),"") | AA27: =IF($C27="S",IF($Z27="CP",$X27,IF($Z27="RA",(($X27)*QCI!$AA$3),0)),SomaAgrup) -> 0 | AB27: =IF($C27="S",IF($Z27="OU",ROUND($X27,2),0),SomaAgrup) -> 0 | AC27: =IF($N27="","",IF(ORÇAMENTO.Descricao="","DESCRIÇÃO",IF(AND($C27="S",ORÇAMENTO.Unidade=""),"UNIDADE",IF($X27<0,"VALOR NEGATIVO",IF(OR(AND(TIPOORCAMENTO="Proposto",$AG27<>"",$AG27>0,ORÇAMENTO.CustoUnitario>$AG27),AND(TIPOORCAMENTO="LICITADO",ORÇAMENTO.PrecoUnitarioLicitado>$AN27)),"ACIMA REF.",""))))) | AD27: =IF(C27<=CRONO.NivelExibicao,MAX($AD$15:OFFSET(AD27,-1,0))+IF($C27<>1,1,MAX(1,COUNTIF(QCI!$A$13:$A$24,OFFSET($E27,-1,0)))),"") | AE27: =IF(AND($C27="S",ORÇAMENTO.CodBarra<>""),IF(ORÇAMENTO.Fonte="",ORÇAMENTO.CodBarra,CONCATENATE(ORÇAMENTO.Fonte," ",ORÇAMENTO.CodBarra))) -> PM BENTO 10 | AF27: =IF(ISERROR(INDIRECT(ORÇAMENTO.BancoRef)),"(abra o arquivo 'Referência "&Excel_BuiltIn_Database&".xlsm)",IF(OR($C27<>"S",ORÇAMENTO.CodBarra=""),"(Sem Código)",IF(ISERROR(MATCH($AE27,INDIRECT(ORÇAMENTO.BancoRef),0)),"(Código não identificado nas referências)",MATCH($AE27,INDIRECT(ORÇAMENTO.BancoRef),0)))) -> (abra o arquivo 'Referência 03-Sunday.xlsm) | AG27: =ROUND(IF(DESONERACAO="sim",REFERENCIA.Desonerado,REFERENCIA.NaoDesonerado),2) -> 0 | AH27: =ROUND(IF(ISNUMBER(ORÇAMENTO.OpcaoBDI),ORÇAMENTO.OpcaoBDI,IF(LEFT(ORÇAMENTO.OpcaoBDI,3)="BDI",HLOOKUP(ORÇAMENTO.OpcaoBDI,$F$4:$H$5,2,FALSE),0)),15-11*$AF$9) -> 0.1679 | AM27: =$X27 -> 0 | AN27: =ROUND(ORÇAMENTO.CustoUnitario*(1+$AH27),2) -> 0
A28: =CHOOSE(1+LOG(1+2*(ORÇAMENTO.Nivel="Meta")+4*(ORÇAMENTO.Nivel="Nível 2")+8*(ORÇAMENTO.Nivel="Nível 3")+16*(ORÇAMENTO.Nivel="Nível 4")+32*(ORÇAMENTO.Nivel="Serviço"),2),0,1,2,3,4,"S") -> S | B28: =IF(OR(C28="s",C28=0),OFFSET(B28,-1,0),C28) -> 2 | C28: =IF(OFFSET(C28,-1,0)="L",1,IF(OFFSET(C28,-1,0)=1,2,IF(OR(A28="s",A28=0),"S",IF(AND(OFFSET(C28,-1,0)=2,A28=4),3,IF(AND(OR(OFFSET(C28,-1,0)="s",OFFSET(C28,-1,0)=0),A28<>"s",A28>OFFSET(B28,-1,0)),OFFSET(B28,-1,0),A28))))) -> S | D28: =IF(OR(C28="S",C28=0),0,IF(ISERROR(K28),J28,SMALL(J28:K28,1))) -> 0 | E28: =IF($C28=1,OFFSET(E28,-1,0)+MAX(1,COUNTIF(QCI!$A$13:$A$24,OFFSET(ORÇAMENTO!E28,-1,0))),OFFSET(E28,-1,0)) -> 1 | F28: =IF($C28=1,0,IF($C28=2,OFFSET(F28,-1,0)+1,OFFSET(F28,-1,0))) -> 1 | G28: =IF(AND($C28<=2,$C28<>0),0,IF($C28=3,OFFSET(G28,-1,0)+1,OFFSET(G28,-1,0))) -> 0 | H28: =IF(AND($C28<=3,$C28<>0),0,IF($C28=4,OFFSET(H28,-1,0)+1,OFFSET(H28,-1,0))) -> 0 | I28: =IF(AND($C28<=4,$C28<>0),0,IF(AND($C28="S",$X28>0),OFFSET(I28,-1,0)+1,OFFSET(I28,-1,0))) -> 0 | J28: =IF(OR($C28="S",$C28=0),0,MATCH(0,OFFSET($D28,1,$C28,ROW($C$36)-ROW($C28)),0)) -> 0 | K28: =IF(OR($C28="S",$C28=0),0,MATCH(OFFSET($D28,0,$C28)+IF($C28<>1,1,COUNTIF(QCI!$A$13:$A$24,ORÇAMENTO!E28)),OFFSET($D28,1,$C28,ROW($C$36)-ROW($C28)),0)) -> 0 | L28: =IF(OR($X28>0,$C28=1,$C28=2,$C28=3,$C28=4),"F","") | M28: Serviço | N28: =CHOOSE(1+LOG(1+2*(C28=1)+4*(C28=2)+8*(C28=3)+16*(C28=4)+32*(C28="S"),2),"","Meta","Nível 2","Nível 3","Nível 4","Serviço") -> Serviço | O28: =IF(OR($C28=0,$L28=""),"-",CONCATENATE(E28&".",IF(AND($A$5>=2,$C28>=2),F28&".",""),IF(AND($A$5>=3,$C28>=3),G28&".",""),IF(AND($A$5>=4,$C28>=4),H28&".",""),IF($C28="S",I28&".",""))) -> - | P28: PM BENTO | Q28: 11 | R28: =IF($C28="S",REFERENCIA.Descricao,"(digite a descrição aqui)") -> (abra o arquivo 'Referência 03-Sunday.xlsm) | S28: =REFERENCIA.Unidade -> - | T28: =OFFSET(CÁLCULO!H$15,ROW($T28)-ROW(T$15),0) -> 600 | U28: =AG28 -> 0 | V28: BDI 2 | W28: =IF($C28="S",ROUND(IF(TIPOORCAMENTO="Proposto",ORÇAMENTO.CustoUnitario*(1+$AH28),ORÇAMENTO.PrecoUnitarioLicitado),15-13*$AF$10),0) -> 0 | X28: =IF($C28="S",IF(Import.TipoArredondamento<>"TransfereGOV",VTOTAL1,SUM(OFFSET(CÁLCULO!$AI$15,ROW($X28)-ROW($X$15),1):OFFSET(CÁLCULO!$BB$15,ROW($X28)-ROW($X$15),-1))),IF($C28=0,0,ROUND(SomaAgrup,15-13*$AF$11))) -> 0 | Y28: RA | Z28: =IF(AND($C28="S",$X28>0),IF(ISBLANK($Y28),"RA",LEFT($Y28,2)),"") | AA28: =IF($C28="S",IF($Z28="CP",$X28,IF($Z28="RA",(($X28)*QCI!$AA$3),0)),SomaAgrup) -> 0 | AB28: =IF($C28="S",IF($Z28="OU",ROUND($X28,2),0),SomaAgrup) -> 0 | AC28: =IF($N28="","",IF(ORÇAMENTO.Descricao="","DESCRIÇÃO",IF(AND($C28="S",ORÇAMENTO.Unidade=""),"UNIDADE",IF($X28<0,"VALOR NEGATIVO",IF(OR(AND(TIPOORCAMENTO="Proposto",$AG28<>"",$AG28>0,ORÇAMENTO.CustoUnitario>$AG28),AND(TIPOORCAMENTO="LICITADO",ORÇAMENTO.PrecoUnitarioLicitado>$AN28)),"ACIMA REF.",""))))) | AD28: =IF(C28<=CRONO.NivelExibicao,MAX($AD$15:OFFSET(AD28,-1,0))+IF($C28<>1,1,MAX(1,COUNTIF(QCI!$A$13:$A$24,OFFSET($E28,-1,0)))),"") | AE28: =IF(AND($C28="S",ORÇAMENTO.CodBarra<>""),IF(ORÇAMENTO.Fonte="",ORÇAMENTO.CodBarra,CONCATENATE(ORÇAMENTO.Fonte," ",ORÇAMENTO.CodBarra))) -> PM BENTO 11 | AF28: =IF(ISERROR(INDIRECT(ORÇAMENTO.BancoRef)),"(abra o arquivo 'Referência "&Excel_BuiltIn_Database&".xlsm)",IF(OR($C28<>"S",ORÇAMENTO.CodBarra=""),"(Sem Código)",IF(ISERROR(MATCH($AE28,INDIRECT(ORÇAMENTO.BancoRef),0)),"(Código não identificado nas referências)",MATCH($AE28,INDIRECT(ORÇAMENTO.BancoRef),0)))) -> (abra o arquivo 'Referência 03-Sunday.xlsm) | AG28: =ROUND(IF(DESONERACAO="sim",REFERENCIA.Desonerado,REFERENCIA.NaoDesonerado),2) -> 0 | AH28: =ROUND(IF(ISNUMBER(ORÇAMENTO.OpcaoBDI),ORÇAMENTO.OpcaoBDI,IF(LEFT(ORÇAMENTO.OpcaoBDI,3)="BDI",HLOOKUP(ORÇAMENTO.OpcaoBDI,$F$4:$H$5,2,FALSE),0)),15-11*$AF$9) -> 0.1679 | AM28: =$X28 -> 0 | AN28: =ROUND(ORÇAMENTO.CustoUnitario*(1+$AH28),2) -> 0
A29: =CHOOSE(1+LOG(1+2*(ORÇAMENTO.Nivel="Meta")+4*(ORÇAMENTO.Nivel="Nível 2")+8*(ORÇAMENTO.Nivel="Nível 3")+16*(ORÇAMENTO.Nivel="Nível 4")+32*(ORÇAMENTO.Nivel="Serviço"),2),0,1,2,3,4,"S") -> S | B29: =IF(OR(C29="s",C29=0),OFFSET(B29,-1,0),C29) -> 2 | C29: =IF(OFFSET(C29,-1,0)="L",1,IF(OFFSET(C29,-1,0)=1,2,IF(OR(A29="s",A29=0),"S",IF(AND(OFFSET(C29,-1,0)=2,A29=4),3,IF(AND(OR(OFFSET(C29,-1,0)="s",OFFSET(C29,-1,0)=0),A29<>"s",A29>OFFSET(B29,-1,0)),OFFSET(B29,-1,0),A29))))) -> S | D29: =IF(OR(C29="S",C29=0),0,IF(ISERROR(K29),J29,SMALL(J29:K29,1))) -> 0 | E29: =IF($C29=1,OFFSET(E29,-1,0)+MAX(1,COUNTIF(QCI!$A$13:$A$24,OFFSET(ORÇAMENTO!E29,-1,0))),OFFSET(E29,-1,0)) -> 1 | F29: =IF($C29=1,0,IF($C29=2,OFFSET(F29,-1,0)+1,OFFSET(F29,-1,0))) -> 1 | G29: =IF(AND($C29<=2,$C29<>0),0,IF($C29=3,OFFSET(G29,-1,0)+1,OFFSET(G29,-1,0))) -> 0 | H29: =IF(AND($C29<=3,$C29<>0),0,IF($C29=4,OFFSET(H29,-1,0)+1,OFFSET(H29,-1,0))) -> 0 | I29: =IF(AND($C29<=4,$C29<>0),0,IF(AND($C29="S",$X29>0),OFFSET(I29,-1,0)+1,OFFSET(I29,-1,0))) -> 0 | J29: =IF(OR($C29="S",$C29=0),0,MATCH(0,OFFSET($D29,1,$C29,ROW($C$36)-ROW($C29)),0)) -> 0 | K29: =IF(OR($C29="S",$C29=0),0,MATCH(OFFSET($D29,0,$C29)+IF($C29<>1,1,COUNTIF(QCI!$A$13:$A$24,ORÇAMENTO!E29)),OFFSET($D29,1,$C29,ROW($C$36)-ROW($C29)),0)) -> 0 | L29: =IF(OR($X29>0,$C29=1,$C29=2,$C29=3,$C29=4),"F","") | M29: Serviço | N29: =CHOOSE(1+LOG(1+2*(C29=1)+4*(C29=2)+8*(C29=3)+16*(C29=4)+32*(C29="S"),2),"","Meta","Nível 2","Nível 3","Nível 4","Serviço") -> Serviço | O29: =IF(OR($C29=0,$L29=""),"-",CONCATENATE(E29&".",IF(AND($A$5>=2,$C29>=2),F29&".",""),IF(AND($A$5>=3,$C29>=3),G29&".",""),IF(AND($A$5>=4,$C29>=4),H29&".",""),IF($C29="S",I29&".",""))) -> - | P29: PM BENTO | Q29: 12 | R29: =IF($C29="S",REFERENCIA.Descricao,"(digite a descrição aqui)") -> (abra o arquivo 'Referência 03-Sunday.xlsm) | S29: =REFERENCIA.Unidade -> - | T29: =OFFSET(CÁLCULO!H$15,ROW($T29)-ROW(T$15),0) -> 300 | U29: =AG29 -> 0 | V29: BDI 2 | W29: =IF($C29="S",ROUND(IF(TIPOORCAMENTO="Proposto",ORÇAMENTO.CustoUnitario*(1+$AH29),ORÇAMENTO.PrecoUnitarioLicitado),15-13*$AF$10),0) -> 0 | X29: =IF($C29="S",IF(Import.TipoArredondamento<>"TransfereGOV",VTOTAL1,SUM(OFFSET(CÁLCULO!$AI$15,ROW($X29)-ROW($X$15),1):OFFSET(CÁLCULO!$BB$15,ROW($X29)-ROW($X$15),-1))),IF($C29=0,0,ROUND(SomaAgrup,15-13*$AF$11))) -> 0 | Y29: RA | Z29: =IF(AND($C29="S",$X29>0),IF(ISBLANK($Y29),"RA",LEFT($Y29,2)),"") | AA29: =IF($C29="S",IF($Z29="CP",$X29,IF($Z29="RA",(($X29)*QCI!$AA$3),0)),SomaAgrup) -> 0 | AB29: =IF($C29="S",IF($Z29="OU",ROUND($X29,2),0),SomaAgrup) -> 0 | AC29: =IF($N29="","",IF(ORÇAMENTO.Descricao="","DESCRIÇÃO",IF(AND($C29="S",ORÇAMENTO.Unidade=""),"UNIDADE",IF($X29<0,"VALOR NEGATIVO",IF(OR(AND(TIPOORCAMENTO="Proposto",$AG29<>"",$AG29>0,ORÇAMENTO.CustoUnitario>$AG29),AND(TIPOORCAMENTO="LICITADO",ORÇAMENTO.PrecoUnitarioLicitado>$AN29)),"ACIMA REF.",""))))) | AD29: =IF(C29<=CRONO.NivelExibicao,MAX($AD$15:OFFSET(AD29,-1,0))+IF($C29<>1,1,MAX(1,COUNTIF(QCI!$A$13:$A$24,OFFSET($E29,-1,0)))),"") | AE29: =IF(AND($C29="S",ORÇAMENTO.CodBarra<>""),IF(ORÇAMENTO.Fonte="",ORÇAMENTO.CodBarra,CONCATENATE(ORÇAMENTO.Fonte," ",ORÇAMENTO.CodBarra))) -> PM BENTO 12 | AF29: =IF(ISERROR(INDIRECT(ORÇAMENTO.BancoRef)),"(abra o arquivo 'Referência "&Excel_BuiltIn_Database&".xlsm)",IF(OR($C29<>"S",ORÇAMENTO.CodBarra=""),"(Sem Código)",IF(ISERROR(MATCH($AE29,INDIRECT(ORÇAMENTO.BancoRef),0)),"(Código não identificado nas referências)",MATCH($AE29,INDIRECT(ORÇAMENTO.BancoRef),0)))) -> (abra o arquivo 'Referência 03-Sunday.xlsm) | AG29: =ROUND(IF(DESONERACAO="sim",REFERENCIA.Desonerado,REFERENCIA.NaoDesonerado),2) -> 0 | AH29: =ROUND(IF(ISNUMBER(ORÇAMENTO.OpcaoBDI),ORÇAMENTO.OpcaoBDI,IF(LEFT(ORÇAMENTO.OpcaoBDI,3)="BDI",HLOOKUP(ORÇAMENTO.OpcaoBDI,$F$4:$H$5,2,FALSE),0)),15-11*$AF$9) -> 0.1679 | AM29: =$X29 -> 0 | AN29: =ROUND(ORÇAMENTO.CustoUnitario*(1+$AH29),2) -> 0
... A35: =CHOOSE(1+LOG(1+2*(ORÇAMENTO.Nivel="Meta")+4*(ORÇAMENTO.Nivel="Nível 2")+8*(ORÇAMENTO.Nivel="Nível 3")+16*(ORÇAMENTO.Nivel="Nível 4")+32*(ORÇAMENTO.Nivel="Serviço"),2),0,1,2,3,4,"S") -> S | B35: =IF(OR(C35="s",C35=0),OFFSET(B35,-1,0),C35) -> 2 | C35: =IF(OFFSET(C35,-1,0)="L",1,IF(OFFSET(C35,-1,0)=1,2,IF(OR(A35="s",A35=0),"S",IF(AND(OFFSET(C35,-1,0)=2,A35=4),3,IF(AND(OR(OFFSET(C35,-1,0)="s",OFFSET(C35,-1,0)=0),A35<>"s",A35>OFFSET(B35,-1,0)),OFFSET(B35,-1,0),A35))))) -> S | D35: =IF(OR(C35="S",C35=0),0,IF(ISERROR(K35),J35,SMALL(J35:K35,1))) -> 0 | E35: =IF($C35=1,OFFSET(E35,-1,0)+MAX(1,COUNTIF(QCI!$A$13:$A$24,OFFSET(ORÇAMENTO!E35,-1,0))),OFFSET(E35,-1,0)) -> 1 | F35: =IF($C35=1,0,IF($C35=2,OFFSET(F35,-1,0)+1,OFFSET(F35,-1,0))) -> 1 | G35: =IF(AND($C35<=2,$C35<>0),0,IF($C35=3,OFFSET(G35,-1,0)+1,OFFSET(G35,-1,0))) -> 0 | H35: =IF(AND($C35<=3,$C35<>0),0,IF($C35=4,OFFSET(H35,-1,0)+1,OFFSET(H35,-1,0))) -> 0 | I35: =IF(AND($C35<=4,$C35<>0),0,IF(AND($C35="S",$X35>0),OFFSET(I35,-1,0)+1,OFFSET(I35,-1,0))) -> 0 | J35: =IF(OR($C35="S",$C35=0),0,MATCH(0,OFFSET($D35,1,$C35,ROW($C$36)-ROW($C35)),0)) -> 0 | K35: =IF(OR($C35="S",$C35=0),0,MATCH(OFFSET($D35,0,$C35)+IF($C35<>1,1,COUNTIF(QCI!$A$13:$A$24,ORÇAMENTO!E35)),OFFSET($D35,1,$C35,ROW($C$36)-ROW($C35)),0)) -> 0 | L35: =IF(OR($X35>0,$C35=1,$C35=2,$C35=3,$C35=4),"F","") | M35: Serviço | N35: =CHOOSE(1+LOG(1+2*(C35=1)+4*(C35=2)+8*(C35=3)+16*(C35=4)+32*(C35="S"),2),"","Meta","Nível 2","Nível 3","Nível 4","Serviço") -> Serviço | O35: =IF(OR($C35=0,$L35=""),"-",CONCATENATE(E35&".",IF(AND($A$5>=2,$C35>=2),F35&".",""),IF(AND($A$5>=3,$C35>=3),G35&".",""),IF(AND($A$5>=4,$C35>=4),H35&".",""),IF($C35="S",I35&".",""))) -> - | P35: PM BENTO | Q35: 18 | R35: =IF($C35="S",REFERENCIA.Descricao,"(digite a descrição aqui)") -> (abra o arquivo 'Referência 03-Sunday.xlsm) | S35: =REFERENCIA.Unidade -> - | T35: =OFFSET(CÁLCULO!H$15,ROW($T35)-ROW(T$15),0) -> 880 | U35: =AG35 -> 0 | V35: BDI 2 | W35: =IF($C35="S",ROUND(IF(TIPOORCAMENTO="Proposto",ORÇAMENTO.CustoUnitario*(1+$AH35),ORÇAMENTO.PrecoUnitarioLicitado),15-13*$AF$10),0) -> 0 | X35: =IF($C35="S",IF(Import.TipoArredondamento<>"TransfereGOV",VTOTAL1,SUM(OFFSET(CÁLCULO!$AI$15,ROW($X35)-ROW($X$15),1):OFFSET(CÁLCULO!$BB$15,ROW($X35)-ROW($X$15),-1))),IF($C35=0,0,ROUND(SomaAgrup,15-13*$AF$11))) -> 0 | Y35: RA | Z35: =IF(AND($C35="S",$X35>0),IF(ISBLANK($Y35),"RA",LEFT($Y35,2)),"") | AA35: =IF($C35="S",IF($Z35="CP",$X35,IF($Z35="RA",(($X35)*QCI!$AA$3),0)),SomaAgrup) -> 0 | AB35: =IF($C35="S",IF($Z35="OU",ROUND($X35,2),0),SomaAgrup) -> 0 | AC35: =IF($N35="","",IF(ORÇAMENTO.Descricao="","DESCRIÇÃO",IF(AND($C35="S",ORÇAMENTO.Unidade=""),"UNIDADE",IF($X35<0,"VALOR NEGATIVO",IF(OR(AND(TIPOORCAMENTO="Proposto",$AG35<>"",$AG35>0,ORÇAMENTO.CustoUnitario>$AG35),AND(TIPOORCAMENTO="LICITADO",ORÇAMENTO.PrecoUnitarioLicitado>$AN35)),"ACIMA REF.",""))))) | AD35: =IF(C35<=CRONO.NivelExibicao,MAX($AD$15:OFFSET(AD35,-1,0))+IF($C35<>1,1,MAX(1,COUNTIF(QCI!$A$13:$A$24,OFFSET($E35,-1,0)))),"") | AE35: =IF(AND($C35="S",ORÇAMENTO.CodBarra<>""),IF(ORÇAMENTO.Fonte="",ORÇAMENTO.CodBarra,CONCATENATE(ORÇAMENTO.Fonte," ",ORÇAMENTO.CodBarra))) -> PM BENTO 18 | AF35: =IF(ISERROR(INDIRECT(ORÇAMENTO.BancoRef)),"(abra o arquivo 'Referência "&Excel_BuiltIn_Database&".xlsm)",IF(OR($C35<>"S",ORÇAMENTO.CodBarra=""),"(Sem Código)",IF(ISERROR(MATCH($AE35,INDIRECT(ORÇAMENTO.BancoRef),0)),"(Código não identificado nas referências)",MATCH($AE35,INDIRECT(ORÇAMENTO.BancoRef),0)))) -> (abra o arquivo 'Referência 03-Sunday.xlsm) | AG35: =ROUND(IF(DESONERACAO="sim",REFERENCIA.Desonerado,REFERENCIA.NaoDesonerado),2) -> 0 | AH35: =ROUND(IF(ISNUMBER(ORÇAMENTO.OpcaoBDI),ORÇAMENTO.OpcaoBDI,IF(LEFT(ORÇAMENTO.OpcaoBDI,3)="BDI",HLOOKUP(ORÇAMENTO.OpcaoBDI,$F$4:$H$5,2,FALSE),0)),15-11*$AF$9) -> 0.1679 | AM35: =$X35 -> 0 | AN35: =ROUND(ORÇAMENTO.CustoUnitario*(1+$AH35),2) -> 0
A36: -1 | C36: -1 | E36: 0 | F36: 0 | G36: 0 | H36: 0 | I36: 0 | L36: F
O39: Encargos sociais: | Q39: Para elaboração deste orçamento, foram utilizados os encargos sociais do SINAPI para a Unidade da Federação indicada.
O41: Observações:
O42: Encargos Sociais SEM DESONERAÇÃO:HORISTA 111,95% / MENSALISTA 69,29%. Valor de Mão de Obra previsto para esta obra, de acordo com o cálculo do BDI, é de 45%. OBS.: A empresa poderá adotar um valor de mão de obra diferente, devendo atentar ao percentual adotado para o cálculo do BDI e comprovações fiscais nos termos do Art. 109 da Lei Complementar 183/2013.
O46: =IF(AND($AF$7=FALSE,$AF$8=FALSE,$AF$9=FALSE,$AF$10=FALSE,$AF$11=FALSE),"Não foi considerado arredondamento nos valores da planilha.",CONCATENATE("Foi considerado arredondamento de duas casas decimais para ",IF($AF$7=TRUE,"Quantidade; ",""),IF($AF$8=TRUE,"Custo Unitário; ",""),IF($AF$9=TRUE,"BDI; ",""),IF($AF$10=TRUE,"Preço Unitário; ",""),IF($AF$11=TRUE,"Preço Total.",""))) -> Foi considerado arredondamento de duas casas decimais para Quantidade; Custo Unitário; BDI; Preço Unitário; Preço Total.
O47: Siglas da Composição do Investimento: RA - Rateio proporcional entre Repasse e Contrapartida; RP - 100% Repasse; CP - 100% Contrapartida; OU - 100% Outros.
O49: =Import.Município -> Bento Gonçalves
O50: Local | S50: Responsável Técnico
S51: Nome: | T51: {=Import.RespOrçamento} -> 0
O52: =DADOS!$F$25 -> 0 | S52: CREA/CAU: | T52: 0
O53: Data | S53: ART/RRT: | T53: 0

Sheet EVENTOS
A1: =IF(D1="","","F") | B1: =CONCATENATE(C1,".",D1) -> #REF! | C1: =OFFSET(C1,-1,0)+1 -> #REF! | E1: {=IF(AUTOEVENTO="Manual",ROUND(SUMPRODUCT((CÁLCULO!$M$15:$M$36=EVENTOS!$C1)*(OFFSET(CÁLCULO!$AI$15:$AI$36,0,E$13))),2),0)} -> 0 | F1: =IF(AUTOEVENTO="Manual",ROUND(SUMPRODUCT((CÁLCULO!$M$15:$M$36=EVENTOS!$C1)*(OFFSET(CÁLCULO!$AI$15,0,1):OFFSET(CÁLCULO!$BB$36,0,-1))),2),0) -> 0 | H1: {=IF(AUTOEVENTO="Manual",ROUND(SUMPRODUCT((CÁLCULO!$M$15:$M$36=EVENTOS!$C1)*(OFFSET(CÁLCULO!$AI$15:$AI$36,0,H$13))),2),0)} -> 0 | I1: {=IF(AUTOEVENTO="Manual",ROUND(SUMPRODUCT((CÁLCULO!$M$15:$M$36=EVENTOS!$C1)*(OFFSET(CÁLCULO!$AI$15:$AI$36,0,I$13))),2),0)} -> 0 | J1: {=IF(AUTOEVENTO="Manual",ROUND(SUMPRODUCT((CÁLCULO!$M$15:$M$36=EVENTOS!$C1)*(OFFSET(CÁLCULO!$AI$15:$AI$36,0,J$13))),2),0)} -> 0 | K1: {=IF(AUTOEVENTO="Manual",ROUND(SUMPRODUCT((CÁLCULO!$M$15:$M$36=EVENTOS!$C1)*(OFFSET(CÁLCULO!$AI$15:$AI$36,0,K$13))),2),0)} -> 0 | L1: {=IF(AUTOEVENTO="Manual",ROUND(SUMPRODUCT((CÁLCULO!$M$15:$M$36=EVENTOS!$C1)*(OFFSET(CÁLCULO!$AI$15:$AI$36,0,L$13))),2),0)} -> 0 | M1: {=IF(AUTOEVENTO="Manual",ROUND(SUMPRODUCT((CÁLCULO!$M$15:$M$36=EVENTOS!$C1)*(OFFSET(CÁLCULO!$AI$15:$AI$36,0,M$13))),2),0)} -> 0 | N1: {=IF(AUTOEVENTO="Manual",ROUND(SUMPRODUCT((CÁLCULO!$M$15:$M$36=EVENTOS!$C1)*(OFFSET(CÁLCULO!$AI$15:$AI$36,0,N$13))),2),0)} -> 0 | O1: {=IF(AUTOEVENTO="Manual",ROUND(SUMPRODUCT((CÁLCULO!$M$15:$M$36=EVENTOS!$C1)*(OFFSET(CÁLCULO!$AI$15:$AI$36,0,O$13))),2),0)} -> 0 | ... Y1: {=IF(AUTOEVENTO="Manual",ROUND(SUMPRODUCT((CÁLCULO!$M$15:$M$36=EVENTOS!$C1)*(OFFSET(CÁLCULO!$AI$15:$AI$36,0,Y$13))),2),0)} -> 0
F2: AGRUPADORES DE EVENTOS | O2: Grau de Sigilo #PUBLICO | Y2: Grau de Sigilo #PUBLICO
C4: PROPONENTE / TOMADOR | F4: APELIDO EMPREENDIMENTO | N4: Nº OPERAÇÃO | O4: Nº TransfereGOV | P4: APELIDO EMPREENDIMENTO | X4: Nº OPERAÇÃO | Y4: Nº TransfereGOV
C5: =Import.Proponente -> Secretario Diego Salini | F5: =Import.Apelido -> ANEXO I TR - MANUTENÇÃO ABRIGO PASSAGEIROS ÔNIBUS E TÁXI | N5: =Import.CR -> 0 | O5: =Import.SICONV -> 0 | P5: =Import.Apelido -> ANEXO I TR - MANUTENÇÃO ABRIGO PASSAGEIROS ÔNIBUS E TÁXI | X5: =Import.CR -> 0 | Y5: =Import.SICONV -> 0
C6: 1. Selecione abaixo a forma de definição dos agrupadores de eventos:
C8: Automática, conforme os agrupadores Nível 2 do Orçamento
E10: =OFFSET(CÁLCULO!$P$12,0,EVENTOS!E$13) -> 1 | H10: =OFFSET(CÁLCULO!$P$12,0,EVENTOS!H$13) -> 1 | I10: =OFFSET(CÁLCULO!$P$12,0,EVENTOS!I$13) -> 0 | J10: =OFFSET(CÁLCULO!$P$12,0,EVENTOS!J$13) -> 0 | K10: =OFFSET(CÁLCULO!$P$12,0,EVENTOS!K$13) -> 0 | L10: =OFFSET(CÁLCULO!$P$12,0,EVENTOS!L$13) -> 0 | M10: =OFFSET(CÁLCULO!$P$12,0,EVENTOS!M$13) -> 0 | N10: =OFFSET(CÁLCULO!$P$12,0,EVENTOS!N$13) -> 0 | O10: =OFFSET(CÁLCULO!$P$12,0,EVENTOS!O$13) -> 0 | ... Y10: =OFFSET(CÁLCULO!$P$12,0,EVENTOS!Y$13) -> 0
A11: FILTRO | C11: =IF(ACOMPANHAMENTO="BM","Foi selecionado na aba 'MENU' o acompanhamento por BM. Não há necessidade de definição de Eventos.",IF(Import.Eventos.Nível<>"Definir Manualmente","Foi selecionada a forma automática de definição dos agrupadores de eventos.","")) -> Foi selecionada a forma automática de definição dos agrupadores de eventos.
A12: ↓
C13: Nº do Evento | D13: Título do Evento | E13: =IF(NOT(ISNUMBER(OFFSET(E13,0,-1))),1,IF(OR(OFFSET(E13,0,-1)=0,OFFSET(E13,0,-1)+1>CÁLCULO.NúmeroDeFrentes),0,OFFSET(E13,0,-1)+1)) -> 1 | F13: Valor Total dos Eventos (R$) | H13: =IF(NOT(ISNUMBER(OFFSET(H13,0,-1))),1,IF(OR(OFFSET(H13,0,-1)=0,OFFSET(H13,0,-1)+1>CÁLCULO.NúmeroDeFrentes),0,OFFSET(H13,0,-1)+1)) -> 1 | I13: =IF(NOT(ISNUMBER(OFFSET(I13,0,-1))),1,IF(OR(OFFSET(I13,0,-1)=0,OFFSET(I13,0,-1)+1>CÁLCULO.NúmeroDeFrentes),0,OFFSET(I13,0,-1)+1)) -> 2 | J13: =IF(NOT(ISNUMBER(OFFSET(J13,0,-1))),1,IF(OR(OFFSET(J13,0,-1)=0,OFFSET(J13,0,-1)+1>CÁLCULO.NúmeroDeFrentes),0,OFFSET(J13,0,-1)+1)) -> 3 | K13: =IF(NOT(ISNUMBER(OFFSET(K13,0,-1))),1,IF(OR(OFFSET(K13,0,-1)=0,OFFSET(K13,0,-1)+1>CÁLCULO.NúmeroDeFrentes),0,OFFSET(K13,0,-1)+1)) -> 4 | L13: =IF(NOT(ISNUMBER(OFFSET(L13,0,-1))),1,IF(OR(OFFSET(L13,0,-1)=0,OFFSET(L13,0,-1)+1>CÁLCULO.NúmeroDeFrentes),0,OFFSET(L13,0,-1)+1)) -> 5 | M13: =IF(NOT(ISNUMBER(OFFSET(M13,0,-1))),1,IF(OR(OFFSET(M13,0,-1)=0,OFFSET(M13,0,-1)+1>CÁLCULO.NúmeroDeFrentes),0,OFFSET(M13,0,-1)+1)) -> 6 | N13: =IF(NOT(ISNUMBER(OFFSET(N13,0,-1))),1,IF(OR(OFFSET(N13,0,-1)=0,OFFSET(N13,0,-1)+1>CÁLCULO.NúmeroDeFrentes),0,OFFSET(N13,0,-1)+1)) -> 7 | O13: =IF(NOT(ISNUMBER(OFFSET(O13,0,-1))),1,IF(OR(OFFSET(O13,0,-1)=0,OFFSET(O13,0,-1)+1>CÁLCULO.NúmeroDeFrentes),0,OFFSET(O13,0,-1)+1)) -> 8 | ... Y13: =IF(NOT(ISNUMBER(OFFSET(Y13,0,-1))),1,IF(OR(OFFSET(Y13,0,-1)=0,OFFSET(Y13,0,-1)+1>CÁLCULO.NúmeroDeFrentes),0,OFFSET(Y13,0,-1)+1)) -> 18
A14: F
A15: =IF(D15="","","F") -> F | B15: =CONCATENATE(C15,".",D15) -> 1.Administração Local | C15: 1 | D15: Administração Local | E15: =IF($F$15=0,0,IF(E13=1,$F$15-SUM($I$15:$Z$15),ROUND(SUM(OFFSET(E15,1,0):OFFSET(E$17,-1,0))/SUM(OFFSET($F15,1,0):OFFSET($F$17,-1,0))*$F$15,2))) -> 0 | F15: =IF(AUTOEVENTO="Manual",ROUND(SUMIF(CÁLCULO!$M$15:$M$36,1,ORÇAMENTO!$X$15:$X$36),2),0) -> 0 | H15: =IF($F$15=0,0,IF(H13=1,$F$15-SUM($I$15:$Z$15),ROUND(SUM(OFFSET(H15,1,0):OFFSET(H$17,-1,0))/SUM(OFFSET($F15,1,0):OFFSET($F$17,-1,0))*$F$15,2))) -> 0 | I15: =IF($F$15=0,0,IF(I13=1,$F$15-SUM($I$15:$Z$15),ROUND(SUM(OFFSET(I15,1,0):OFFSET(I$17,-1,0))/SUM(OFFSET($F15,1,0):OFFSET($F$17,-1,0))*$F$15,2))) -> 0 | J15: =IF($F$15=0,0,IF(J13=1,$F$15-SUM($I$15:$Z$15),ROUND(SUM(OFFSET(J15,1,0):OFFSET(J$17,-1,0))/SUM(OFFSET($F15,1,0):OFFSET($F$17,-1,0))*$F$15,2))) -> 0 | K15: =IF($F$15=0,0,IF(K13=1,$F$15-SUM($I$15:$Z$15),ROUND(SUM(OFFSET(K15,1,0):OFFSET(K$17,-1,0))/SUM(OFFSET($F15,1,0):OFFSET($F$17,-1,0))*$F$15,2))) -> 0 | L15: =IF($F$15=0,0,IF(L13=1,$F$15-SUM($I$15:$Z$15),ROUND(SUM(OFFSET(L15,1,0):OFFSET(L$17,-1,0))/SUM(OFFSET($F15,1,0):OFFSET($F$17,-1,0))*$F$15,2))) -> 0 | M15: =IF($F$15=0,0,IF(M13=1,$F$15-SUM($I$15:$Z$15),ROUND(SUM(OFFSET(M15,1,0):OFFSET(M$17,-1,0))/SUM(OFFSET($F15,1,0):OFFSET($F$17,-1,0))*$F$15,2))) -> 0 | N15: =IF($F$15=0,0,IF(N13=1,$F$15-SUM($I$15:$Z$15),ROUND(SUM(OFFSET(N15,1,0):OFFSET(N$17,-1,0))/SUM(OFFSET($F15,1,0):OFFSET($F$17,-1,0))*$F$15,2))) -> 0 | O15: =IF($F$15=0,0,IF(O13=1,$F$15-SUM($I$15:$Z$15),ROUND(SUM(OFFSET(O15,1,0):OFFSET(O$17,-1,0))/SUM(OFFSET($F15,1,0):OFFSET($F$17,-1,0))*$F$15,2))) -> 0 | ... Y15: =IF($F$15=0,0,IF(Y13=1,$F$15-SUM($I$15:$Z$15),ROUND(SUM(OFFSET(Y15,1,0):OFFSET(Y$17,-1,0))/SUM(OFFSET($F15,1,0):OFFSET($F$17,-1,0))*$F$15,2))) -> 0
A16: =IF(D16="","","F") | B16: =CONCATENATE(C16,".",D16) -> 2. | C16: =OFFSET(C16,-1,0)+1 -> 2 | E16: {=IF(AUTOEVENTO="Manual",ROUND(SUMPRODUCT((CÁLCULO!$M$15:$M$36=EVENTOS!$C16)*(OFFSET(CÁLCULO!$AI$15:$AI$36,0,E$13))),2),0)} -> 0 | F16: =IF(AUTOEVENTO="Manual",ROUND(SUMPRODUCT((CÁLCULO!$M$15:$M$36=EVENTOS!$C16)*(OFFSET(CÁLCULO!$AI$15,0,1):OFFSET(CÁLCULO!$BB$36,0,-1))),2),0) -> 0 | H16: {=IF(AUTOEVENTO="Manual",ROUND(SUMPRODUCT((CÁLCULO!$M$15:$M$36=EVENTOS!$C16)*(OFFSET(CÁLCULO!$AI$15:$AI$36,0,H$13))),2),0)} -> 0 | I16: {=IF(AUTOEVENTO="Manual",ROUND(SUMPRODUCT((CÁLCULO!$M$15:$M$36=EVENTOS!$C16)*(OFFSET(CÁLCULO!$AI$15:$AI$36,0,I$13))),2),0)} -> 0 | J16: {=IF(AUTOEVENTO="Manual",ROUND(SUMPRODUCT((CÁLCULO!$M$15:$M$36=EVENTOS!$C16)*(OFFSET(CÁLCULO!$AI$15:$AI$36,0,J$13))),2),0)} -> 0 | K16: {=IF(AUTOEVENTO="Manual",ROUND(SUMPRODUCT((CÁLCULO!$M$15:$M$36=EVENTOS!$C16)*(OFFSET(CÁLCULO!$AI$15:$AI$36,0,K$13))),2),0)} -> 0 | L16: {=IF(AUTOEVENTO="Manual",ROUND(SUMPRODUCT((CÁLCULO!$M$15:$M$36=EVENTOS!$C16)*(OFFSET(CÁLCULO!$AI$15:$AI$36,0,L$13))),2),0)} -> 0 | M16: {=IF(AUTOEVENTO="Manual",ROUND(SUMPRODUCT((CÁLCULO!$M$15:$M$36=EVENTOS!$C16)*(OFFSET(CÁLCULO!$AI$15:$AI$36,0,M$13))),2),0)} -> 0 | N16: {=IF(AUTOEVENTO="Manual",ROUND(SUMPRODUCT((CÁLCULO!$M$15:$M$36=EVENTOS!$C16)*(OFFSET(CÁLCULO!$AI$15:$AI$36,0,N$13))),2),0)} -> 0 | O16: {=IF(AUTOEVENTO="Manual",ROUND(SUMPRODUCT((CÁLCULO!$M$15:$M$36=EVENTOS!$C16)*(OFFSET(CÁLCULO!$AI$15:$AI$36,0,O$13))),2),0)} -> 0 | ... Y16: {=IF(AUTOEVENTO="Manual",ROUND(SUMPRODUCT((CÁLCULO!$M$15:$M$36=EVENTOS!$C16)*(OFFSET(CÁLCULO!$AI$15:$AI$36,0,Y$13))),2),0)} -> 0
A17: F
A18: F
A19: F
A20: F | D20: =Import.Município -> Bento Gonçalves
A21: F | D21: Local | L21: Responsável Técnico | V21: Responsável Técnico
A22: F | L22: {=OFFSET(Import.RespOrçamento,0,-1) & " " & Import.RespOrçamento} -> Nome: | V22: {=OFFSET(Import.RespOrçamento,0,-1) & " " & Import.RespOrçamento} -> Nome:
A23: F | D23: =DADOS!$F$25 -> 0 | L23: CREA/CAU: | V23: CREA/CAU:
A24: F | D24: Data | L24: ART/RRT: | V24: ART/RRT:

Sheet CÁLCULO
AJ1: Preços dos serviços por frente | BC1: Mês do cronograma | BV1: Número da Medição
F6: =IF(ACOMPANHAMENTO="BM","MEMÓRIA DE CÁLCULO","PLQ - PLANILHA DE LEVANTAMENTO DE QUANTIDADES") -> PLQ - PLANILHA DE LEVANTAMENTO DE QUANTIDADES | Q6: Grau de Sigilo | Y6: Grau de Sigilo | AG6: Grau de Sigilo
F7: =IF(ACOMPANHAMENTO="BM","","Memória de Cálculo")&" - "&import.recurso -> Memória de Cálculo - (SELECIONAR) | Q7: #PUBLICO | Y7: #PUBLICO | AG7: #PUBLICO
AJ8: =ROUND(ROUND(OFFSET(#REF!,0,AJ$13),15-13*ORÇAMENTO!$AF$7)*OFFSET(ORÇAMENTO!$W$15,ROW(#REF!)-ROW(AJ$15),0),15-13*ORÇAMENTO!$AF$11) -> #REF! | AK8: =ROUND(ROUND(OFFSET(#REF!,0,AK$13),15-13*ORÇAMENTO!$AF$7)*OFFSET(ORÇAMENTO!$W$15,ROW(#REF!)-ROW(AK$15),0),15-13*ORÇAMENTO!$AF$11) -> #REF! | AL8: =ROUND(ROUND(OFFSET(#REF!,0,AL$13),15-13*ORÇAMENTO!$AF$7)*OFFSET(ORÇAMENTO!$W$15,ROW(#REF!)-ROW(AL$15),0),15-13*ORÇAMENTO!$AF$11) -> #REF! | AM8: =SUM(AJ8:AL8)-SUM(#REF!) -> #REF! | AT8: =ROUND(ROUND(OFFSET(#REF!,0,AT$13),15-13*ORÇAMENTO!$AF$7)*OFFSET(ORÇAMENTO!$W$15,ROW(#REF!)-ROW(AT$15),0),15-13*ORÇAMENTO!$AF$11) -> #REF! | AU8: =SUM(AR8:AT8)-SUM(#REF!) -> #REF!
E9: APELIDO DO EMPREENDIMENTO | G9: Nº TransfereGOV | I9: Nº OPERAÇÃO | K9: PROPONENTE / TOMADOR | S9: Nº OPERAÇÃO | U9: PROPONENTE / TOMADOR | AA9: Nº OPERAÇÃO | AC9: PROPONENTE / TOMADOR
E10: =Import.Apelido -> ANEXO I TR - MANUTENÇÃO ABRIGO PASSAGEIROS ÔNIBUS E TÁXI | G10: {=Import.TransfereGOV} -> 0 | I10: =Import.CR -> 0 | K10: =Import.Proponente -> Secretario Diego Salini | S10: =Import.CR -> 0 | U10: =Import.Proponente -> Secretario Diego Salini | AA10: =Import.CR -> 0 | AC10: =Import.Proponente -> Secretario Diego Salini
A12: =IF(OFFSET(EVENTOS!$C$7,1,0)="Automática, conforme os agrupadores Nível 4 do Orçamento",4,IF(OFFSET(EVENTOS!$C$7,1,0)="Automática, conforme os agrupadores Nível 3 do Orçamento",3,IF(OFFSET(EVENTOS!$C$7,1,0)="Definir Manualmente","Manual",2))) -> 2 | B12: Empty | C12: FILTRO | J12: . | K12: Nº AGRUPADOR DE EVENTOS | L12: . | M12: =IF(ACOMPANHAMENTO="BM",0,COUNTIF(M15:M36,0)) -> 0 | N12: FRENTES DE OBRA: | P12: . | Q12: 1 | AI12: . | AJ12: =OFFSET($P$12,0,AJ$13) -> 1 | AK12: =OFFSET($P$12,0,AK$13) -> 0 | AL12: =OFFSET($P$12,0,AL$13) -> 0 | AM12: =OFFSET($P$12,0,AM$13) -> 0 | AN12: =OFFSET($P$12,0,AN$13) -> 0 | AO12: =OFFSET($P$12,0,AO$13) -> 0 | AP12: =OFFSET($P$12,0,AP$13) -> 0 | AQ12: =OFFSET($P$12,0,AQ$13) -> 0 | ... BA12: =OFFSET($P$12,0,BA$13) -> 0 | BC12: =OFFSET($P$12,0,BC$13) -> 1 | BD12: =OFFSET($P$12,0,BD$13) -> 0 | BE12: =OFFSET($P$12,0,BE$13) -> 0 | BF12: =OFFSET($P$12,0,BF$13) -> 0 | BG12: =OFFSET($P$12,0,BG$13) -> 0 | BH12: =OFFSET($P$12,0,BH$13) -> 0 | BI12: =OFFSET($P$12,0,BI$13) -> 0 | BJ12: =OFFSET($P$12,0,BJ$13) -> 0 | ... BT12: =OFFSET($P$12,0,BT$13) -> 0 | BV12: =OFFSET($P$12,0,BV$13) -> 1 | BW12: =OFFSET($P$12,0,BW$13) -> 0 | BX12: =OFFSET($P$12,0,BX$13) -> 0 | BY12: =OFFSET($P$12,0,BY$13) -> 0 | BZ12: =OFFSET($P$12,0,BZ$13) -> 0 | CA12: =OFFSET($P$12,0,CA$13) -> 0 | CB12: =OFFSET($P$12,0,CB$13) -> 0 | CC12: =OFFSET($P$12,0,CC$13) -> 0 | ... CM12: =OFFSET($P$12,0,CM$13) -> 0
A13: AUTOEVENTO | B13: Empty | C13: ↓ | D13: Nível | E13: Item | F13: Descrição | G13: Unidade | H13: Quantidade | I13: Memória de Cálculo | K13: Nº | M13: # Evento | N13: Agrupador de Eventos | O13: =OFFSET(O13,0,-1)+1 -> #VALUE! | Q13: =OFFSET(Q13,0,-1)+1 -> 1 | R13: =OFFSET(R13,0,-1)+1 -> 2 | S13: =OFFSET(S13,0,-1)+1 -> 3 | T13: =OFFSET(T13,0,-1)+1 -> 4 | U13: =OFFSET(U13,0,-1)+1 -> 5 | V13: =OFFSET(V13,0,-1)+1 -> 6 | W13: =OFFSET(W13,0,-1)+1 -> 7 | X13: =OFFSET(X13,0,-1)+1 -> 8 | ... AH13: =OFFSET(AH13,0,-1)+1 -> 18 | AJ13: =OFFSET(AJ13,0,-1)+1 -> 1 | AK13: =OFFSET(AK13,0,-1)+1 -> 2 | AL13: =OFFSET(AL13,0,-1)+1 -> 3 | AM13: =OFFSET(AM13,0,-1)+1 -> 4 | AN13: =OFFSET(AN13,0,-1)+1 -> 5 | AO13: =OFFSET(AO13,0,-1)+1 -> 6 | AP13: =OFFSET(AP13,0,-1)+1 -> 7 | AQ13: =OFFSET(AQ13,0,-1)+1 -> 8 | ... BA13: =OFFSET(BA13,0,-1)+1 -> 18 | BC13: =OFFSET(BC13,0,-1)+1 -> 1 | BD13: =OFFSET(BD13,0,-1)+1 -> 2 | BE13: =OFFSET(BE13,0,-1)+1 -> 3 | BF13: =OFFSET(BF13,0,-1)+1 -> 4 | BG13: =OFFSET(BG13,0,-1)+1 -> 5 | BH13: =OFFSET(BH13,0,-1)+1 -> 6 | BI13: =OFFSET(BI13,0,-1)+1 -> 7 | BJ13: =OFFSET(BJ13,0,-1)+1 -> 8 | ... BT13: =OFFSET(BT13,0,-1)+1 -> 18 | BV13: =OFFSET(BV13,0,-1)+1 -> 1 | BW13: =OFFSET(BW13,0,-1)+1 -> 2 | BX13: =OFFSET(BX13,0,-1)+1 -> 3 | BY13: =OFFSET(BY13,0,-1)+1 -> 4 | BZ13: =OFFSET(BZ13,0,-1)+1 -> 5 | CA13: =OFFSET(CA13,0,-1)+1 -> 6 | CB13: =OFFSET(CB13,0,-1)+1 -> 7 | CC13: =OFFSET(CC13,0,-1)+1 -> 8 | ... CM13: =OFFSET(CM13,0,-1)+1 -> 18
A14: =IF(AUTOEVENTO="Manual",IF(K14<>"",MIN(VALUE(LEFT(K14,FIND(".",K14)-1)),COUNTA(EVENTOS.Lista)),0),IF(OR($B14>AUTOEVENTO,$B14="S",$B14=0),SUBSTITUTE(OFFSET($A14,-1,0),IF($D14="Serviço",".",""),""),ROW(A14)-ROW($A$15)&".")) -> AUTOEVENTO | B14: =OFFSET(ORÇAMENTO!C$15,ROW(B14)-ROW(B$15),0) -> S | C14: =OFFSET(ORÇAMENTO!L$15,ROW(C14)-ROW(C$15),0) | D14: =OFFSET(ORÇAMENTO!N$15,ROW(D14)-ROW(D$15),0) -> Serviço | E14: =OFFSET(ORÇAMENTO!O$15,ROW(E14)-ROW(E$15),0) -> - | F14: =OFFSET(ORÇAMENTO!R$15,ROW(F14)-ROW(F$15),0) -> (abra o arquivo 'Referência 03-Sunday.xlsm) | G14: =IF($D14<>"Serviço","",OFFSET(ORÇAMENTO!S$15,ROW(G14)-ROW(G$15),0)) -> - | H14: =IF($D14<>"Serviço",0,IF(ACOMPANHAMENTO="BM",ROUND(OFFSET(ORÇAMENTO!AJ$15,ROW(H14)-ROW(H$15),0),15-13*ORÇAMENTO!$AF$7),SUMPRODUCT(($Q$12:$AI$12<>"")*ROUND($Q14:$AI14,15-13*ORÇAMENTO!$AF$7)))) -> 0 | L14: . | M14: =IF($D14<>"Serviço","",IF(AUTOEVENTO="manual",$A14,IF(ISERROR(MATCH($A14,$A$15:OFFSET($A14,-1,0),0)),MAX($M$15:OFFSET(M14,-1,0))+1,INDEX($M$15:OFFSET(M14,-1,0),MATCH($A14,$A$15:OFFSET($A14,-1,0),0))))) -> # Evento | N14: =IF($D14<>"Serviço","",IF(AUTOEVENTO="Manual",IF($A14=0,"<-- defina o número do agrupador",OFFSET(EVENTOS!$D$14,$A14,0)),OFFSET($F$15,$A14,0))) -> #VALUE! | AJ14: =IF(AND($D14="Serviço",AJ$12<>0,$H14>0,OR(AUTOEVENTO<>"manual",$M14<>1)), IF(Import.TipoArredondamento<>"TransfereGOV", ROUND(OFFSET($P14,0,AJ$13),15-13*ORÇAMENTO!$AF$7)/$H14*OFFSET(ORÇAMENTO!$X$15,ROW(AJ14)-ROW(AJ$15),0), ROUND(ROUND(OFFSET($P14,0,AJ$13),15-13*ORÇAMENTO!$AF$7)*OFFSET(ORÇAMENTO!$W$15,ROW(AJ14)-ROW(AJ$15),0),15-13*ORÇAMENTO!$AF$11)),0) -> 0 | AK14: =IF(AND($D14="Serviço",AK$12<>0,$H14>0,OR(AUTOEVENTO<>"manual",$M14<>1)), IF(Import.TipoArredondamento<>"TransfereGOV", ROUND(OFFSET($P14,0,AK$13),15-13*ORÇAMENTO!$AF$7)/$H14*OFFSET(ORÇAMENTO!$X$15,ROW(AK14)-ROW(AK$15),0), ROUND(ROUND(OFFSET($P14,0,AK$13),15-13*ORÇAMENTO!$AF$7)*OFFSET(ORÇAMENTO!$W$15,ROW(AK14)-ROW(AK$15),0),15-13*ORÇAMENTO!$AF$11)),0) -> 0 | AL14: =IF(AND($D14="Serviço",AL$12<>0,$H14>0,OR(AUTOEVENTO<>"manual",$M14<>1)), IF(Import.TipoArredondamento<>"TransfereGOV", ROUND(OFFSET($P14,0,AL$13),15-13*ORÇAMENTO!$AF$7)/$H14*OFFSET(ORÇAMENTO!$X$15,ROW(AL14)-ROW(AL$15),0), ROUND(ROUND(OFFSET($P14,0,AL$13),15-13*ORÇAMENTO!$AF$7)*OFFSET(ORÇAMENTO!$W$15,ROW(AL14)-ROW(AL$15),0),15-13*ORÇAMENTO!$AF$11)),0) -> 0 | AM14: =IF(AND($D14="Serviço",AM$12<>0,$H14>0,OR(AUTOEVENTO<>"manual",$M14<>1)), IF(Import.TipoArredondamento<>"TransfereGOV", ROUND(OFFSET($P14,0,AM$13),15-13*ORÇAMENTO!$AF$7)/$H14*OFFSET(ORÇAMENTO!$X$15,ROW(AM14)-ROW(AM$15),0), ROUND(ROUND(OFFSET($P14,0,AM$13),15-13*ORÇAMENTO!$AF$7)*OFFSET(ORÇAMENTO!$W$15,ROW(AM14)-ROW(AM$15),0),15-13*ORÇAMENTO!$AF$11)),0) -> 0 | AN14: =IF(AND($D14="Serviço",AN$12<>0,$H14>0,OR(AUTOEVENTO<>"manual",$M14<>1)), IF(Import.TipoArredondamento<>"TransfereGOV", ROUND(OFFSET($P14,0,AN$13),15-13*ORÇAMENTO!$AF$7)/$H14*OFFSET(ORÇAMENTO!$X$15,ROW(AN14)-ROW(AN$15),0), ROUND(ROUND(OFFSET($P14,0,AN$13),15-13*ORÇAMENTO!$AF$7)*OFFSET(ORÇAMENTO!$W$15,ROW(AN14)-ROW(AN$15),0),15-13*ORÇAMENTO!$AF$11)),0) -> 0 | AO14: =IF(AND($D14="Serviço",AO$12<>0,$H14>0,OR(AUTOEVENTO<>"manual",$M14<>1)), IF(Import.TipoArredondamento<>"TransfereGOV", ROUND(OFFSET($P14,0,AO$13),15-13*ORÇAMENTO!$AF$7)/$H14*OFFSET(ORÇAMENTO!$X$15,ROW(AO14)-ROW(AO$15),0), ROUND(ROUND(OFFSET($P14,0,AO$13),15-13*ORÇAMENTO!$AF$7)*OFFSET(ORÇAMENTO!$W$15,ROW(AO14)-ROW(AO$15),0),15-13*ORÇAMENTO!$AF$11)),0) -> 0 | AP14: =IF(AND($D14="Serviço",AP$12<>0,$H14>0,OR(AUTOEVENTO<>"manual",$M14<>1)), IF(Import.TipoArredondamento<>"TransfereGOV", ROUND(OFFSET($P14,0,AP$13),15-13*ORÇAMENTO!$AF$7)/$H14*OFFSET(ORÇAMENTO!$X$15,ROW(AP14)-ROW(AP$15),0), ROUND(ROUND(OFFSET($P14,0,AP$13),15-13*ORÇAMENTO!$AF$7)*OFFSET(ORÇAMENTO!$W$15,ROW(AP14)-ROW(AP$15),0),15-13*ORÇAMENTO!$AF$11)),0) -> 0 | AQ14: =IF(AND($D14="Serviço",AQ$12<>0,$H14>0,OR(AUTOEVENTO<>"manual",$M14<>1)), IF(Import.TipoArredondamento<>"TransfereGOV", ROUND(OFFSET($P14,0,AQ$13),15-13*ORÇAMENTO!$AF$7)/$H14*OFFSET(ORÇAMENTO!$X$15,ROW(AQ14)-ROW(AQ$15),0), ROUND(ROUND(OFFSET($P14,0,AQ$13),15-13*ORÇAMENTO!$AF$7)*OFFSET(ORÇAMENTO!$W$15,ROW(AQ14)-ROW(AQ$15),0),15-13*ORÇAMENTO!$AF$11)),0) -> 0 | ... BA14: =IF(AND($D14="Serviço",BA$12<>0,$H14>0,OR(AUTOEVENTO<>"manual",$M14<>1)), IF(Import.TipoArredondamento<>"TransfereGOV", ROUND(OFFSET($P14,0,BA$13),15-13*ORÇAMENTO!$AF$7)/$H14*OFFSET(ORÇAMENTO!$X$15,ROW(BA14)-ROW(BA$15),0), ROUND(ROUND(OFFSET($P14,0,BA$13),15-13*ORÇAMENTO!$AF$7)*OFFSET(ORÇAMENTO!$W$15,ROW(BA14)-ROW(BA$15),0),15-13*ORÇAMENTO!$AF$11)),0) -> 0 | BC14: =IF($D14<>"Serviço",0,IF(AND(AUTOEVENTO="Manual",$M14=1),0,IF(OFFSET(CRONOPLE!$F$14,$M14,BC$13)="",10^12,OFFSET(CRONOPLE!$F$14,$M14,BC$13)))) -> #VALUE! | BD14: =IF($D14<>"Serviço",0,IF(AND(AUTOEVENTO="Manual",$M14=1),0,IF(OFFSET(CRONOPLE!$F$14,$M14,BD$13)="",10^12,OFFSET(CRONOPLE!$F$14,$M14,BD$13)))) -> #VALUE! | BE14: =IF($D14<>"Serviço",0,IF(AND(AUTOEVENTO="Manual",$M14=1),0,IF(OFFSET(CRONOPLE!$F$14,$M14,BE$13)="",10^12,OFFSET(CRONOPLE!$F$14,$M14,BE$13)))) -> #VALUE! | BF14: =IF($D14<>"Serviço",0,IF(AND(AUTOEVENTO="Manual",$M14=1),0,IF(OFFSET(CRONOPLE!$F$14,$M14,BF$13)="",10^12,OFFSET(CRONOPLE!$F$14,$M14,BF$13)))) -> #VALUE! | BG14: =IF($D14<>"Serviço",0,IF(AND(AUTOEVENTO="Manual",$M14=1),0,IF(OFFSET(CRONOPLE!$F$14,$M14,BG$13)="",10^12,OFFSET(CRONOPLE!$F$14,$M14,BG$13)))) -> #VALUE! | BH14: =IF($D14<>"Serviço",0,IF(AND(AUTOEVENTO="Manual",$M14=1),0,IF(OFFSET(CRONOPLE!$F$14,$M14,BH$13)="",10^12,OFFSET(CRONOPLE!$F$14,$M14,BH$13)))) -> #VALUE! | BI14: =IF($D14<>"Serviço",0,IF(AND(AUTOEVENTO="Manual",$M14=1),0,IF(OFFSET(CRONOPLE!$F$14,$M14,BI$13)="",10^12,OFFSET(CRONOPLE!$F$14,$M14,BI$13)))) -> #VALUE! | BJ14: =IF($D14<>"Serviço",0,IF(AND(AUTOEVENTO="Manual",$M14=1),0,IF(OFFSET(CRONOPLE!$F$14,$M14,BJ$13)="",10^12,OFFSET(CRONOPLE!$F$14,$M14,BJ$13)))) -> #VALUE! | ... BT14: =IF($D14<>"Serviço",0,IF(AND(AUTOEVENTO="Manual",$M14=1),0,IF(OFFSET(CRONOPLE!$F$14,$M14,BT$13)="",10^12,OFFSET(CRONOPLE!$F$14,$M14,BT$13)))) -> #VALUE! | BV14: =IF($D14<>"Serviço",0,IF(OR(AND(AUTOEVENTO="Manual",$M14=1),$M14>(ROW(PLE.lastrow)-ROW(PLE.firstrow))),0,IF(OFFSET(PLE!$G$14,$M14,BV$13)="",10^12,OFFSET(PLE!$G$14,$M14,BV$13)))) -> 0 | BW14: =IF($D14<>"Serviço",0,IF(OR(AND(AUTOEVENTO="Manual",$M14=1),$M14>(ROW(PLE.lastrow)-ROW(PLE.firstrow))),0,IF(OFFSET(PLE!$G$14,$M14,BW$13)="",10^12,OFFSET(PLE!$G$14,$M14,BW$13)))) -> 0 | BX14: =IF($D14<>"Serviço",0,IF(OR(AND(AUTOEVENTO="Manual",$M14=1),$M14>(ROW(PLE.lastrow)-ROW(PLE.firstrow))),0,IF(OFFSET(PLE!$G$14,$M14,BX$13)="",10^12,OFFSET(PLE!$G$14,$M14,BX$13)))) -> 0 | BY14: =IF($D14<>"Serviço",0,IF(OR(AND(AUTOEVENTO="Manual",$M14=1),$M14>(ROW(PLE.lastrow)-ROW(PLE.firstrow))),0,IF(OFFSET(PLE!$G$14,$M14,BY$13)="",10^12,OFFSET(PLE!$G$14,$M14,BY$13)))) -> 0 | BZ14: =IF($D14<>"Serviço",0,IF(OR(AND(AUTOEVENTO="Manual",$M14=1),$M14>(ROW(PLE.lastrow)-ROW(PLE.firstrow))),0,IF(OFFSET(PLE!$G$14,$M14,BZ$13)="",10^12,OFFSET(PLE!$G$14,$M14,BZ$13)))) -> 0 | CA14: =IF($D14<>"Serviço",0,IF(OR(AND(AUTOEVENTO="Manual",$M14=1),$M14>(ROW(PLE.lastrow)-ROW(PLE.firstrow))),0,IF(OFFSET(PLE!$G$14,$M14,CA$13)="",10^12,OFFSET(PLE!$G$14,$M14,CA$13)))) -> 0 | CB14: =IF($D14<>"Serviço",0,IF(OR(AND(AUTOEVENTO="Manual",$M14=1),$M14>(ROW(PLE.lastrow)-ROW(PLE.firstrow))),0,IF(OFFSET(PLE!$G$14,$M14,CB$13)="",10^12,OFFSET(PLE!$G$14,$M14,CB$13)))) -> 0 | CC14: =IF($D14<>"Serviço",0,IF(OR(AND(AUTOEVENTO="Manual",$M14=1),$M14>(ROW(PLE.lastrow)-ROW(PLE.firstrow))),0,IF(OFFSET(PLE!$G$14,$M14,CC$13)="",10^12,OFFSET(PLE!$G$14,$M14,CC$13)))) -> 0 | ... CM14: =IF($D14<>"Serviço",0,IF(OR(AND(AUTOEVENTO="Manual",$M14=1),$M14>(ROW(PLE.lastrow)-ROW(PLE.firstrow))),0,IF(OFFSET(PLE!$G$14,$M14,CM$13)="",10^12,OFFSET(PLE!$G$14,$M14,CM$13)))) -> 0
B15: =OFFSET(ORÇAMENTO!C$15,ROW(B15)-ROW(B$15),0) -> L | C15: =OFFSET(ORÇAMENTO!L$15,ROW(C15)-ROW(C$15),0) -> F | D15: =IF(TIPOORCAMENTO="LICITADO","CTEF","LOTE") -> LOTE | E15: =Import.DescLote -> REGISTRO DE PREÇOS PARA SERVIÇOS COMUNS DE ENGENHARIA P/ MANUTNEÇÃO ABRIGOS PASSAGEIROS ONIBUS TAXI | L15: . | M15: =IF(AUTOEVENTO="MANUAL",0,1) -> 1 | N15: TOTAL FINANC. POR FRENTE (R$): | O15: =OFFSET($AI$15,0,O$13) -> #VALUE! | Q15: =OFFSET($AI$15,0,Q$13) -> 0 | R15: =OFFSET($AI$15,0,R$13) -> 0 | S15: =OFFSET($AI$15,0,S$13) -> 0 | T15: =OFFSET($AI$15,0,T$13) -> 0 | U15: =OFFSET($AI$15,0,U$13) -> 0 | V15: =OFFSET($AI$15,0,V$13) -> 0 | W15: =OFFSET($AI$15,0,W$13) -> 0 | X15: =OFFSET($AI$15,0,X$13) -> 0 | ... AH15: =OFFSET($AI$15,0,AH$13) -> 0 | AJ15: =ROUND(SUM(OFFSET(AJ$15,1,0):AJ$36),2) -> 0 | AK15: =SUM(OFFSET(AK$15,1,0):AK$36) -> 0 | AL15: =SUM(OFFSET(AL$15,1,0):AL$36) -> 0 | AM15: =SUM(OFFSET(AM$15,1,0):AM$36) -> 0 | AN15: =SUM(OFFSET(AN$15,1,0):AN$36) -> 0 | AO15: =SUM(OFFSET(AO$15,1,0):AO$36) -> 0 | AP15: =SUM(OFFSET(AP$15,1,0):AP$36) -> 0 | AQ15: =SUM(OFFSET(AQ$15,1,0):AQ$36) -> 0 | AR15: =SUM(OFFSET(AR$15,1,0):AR$36) -> 0 | ... BA15: =SUM(OFFSET(BA$15,1,0):BA$36) -> 0 | BC15: =10^12 -> 1000000000000 | BD15: =10^12 -> 1000000000000 | BE15: =10^12 -> 1000000000000 | BF15: =10^12 -> 1000000000000 | BG15: =10^12 -> 1000000000000 | BH15: =10^12 -> 1000000000000 | BI15: =10^12 -> 1000000000000 | BJ15: =10^12 -> 1000000000000 | ... BT15: =10^12 -> 1000000000000 | BV15: =10^12 -> 1000000000000 | BW15: =10^12 -> 1000000000000 | BX15: =10^12 -> 1000000000000 | BY15: =10^12 -> 1000000000000 | BZ15: =10^12 -> 1000000000000 | CA15: =10^12 -> 1000000000000 | CB15: =10^12 -> 1000000000000 | CC15: =10^12 -> 1000000000000 | ... CM15: =10^12 -> 1000000000000
A16: =IF(AUTOEVENTO="Manual",IF(K16<>"",MIN(VALUE(LEFT(K16,FIND(".",K16)-1)),COUNTA(EVENTOS.Lista)),0),IF(OR($B16>AUTOEVENTO,$B16="S",$B16=0),SUBSTITUTE(OFFSET($A16,-1,0),IF($D16="Serviço",".",""),""),ROW(A16)-ROW($A$15)&".")) -> 1. | B16: =OFFSET(ORÇAMENTO!C$15,ROW(B16)-ROW(B$15),0) -> 1 | C16: =OFFSET(ORÇAMENTO!L$15,ROW(C16)-ROW(C$15),0) -> F | D16: =OFFSET(ORÇAMENTO!N$15,ROW(D16)-ROW(D$15),0) -> Meta | E16: =OFFSET(ORÇAMENTO!O$15,ROW(E16)-ROW(E$15),0) -> 1. | F16: =OFFSET(ORÇAMENTO!R$15,ROW(F16)-ROW(F$15),0) -> Manutenção e Reparos Abrigos Passagerios Onibus e Táxi | G16: =IF($D16<>"Serviço","",OFFSET(ORÇAMENTO!S$15,ROW(G16)-ROW(G$15),0)) | H16: =IF($D16<>"Serviço",0,IF(ACOMPANHAMENTO="BM",ROUND(OFFSET(ORÇAMENTO!AJ$15,ROW(H16)-ROW(H$15),0),15-13*ORÇAMENTO!$AF$7),SUMPRODUCT(($Q$12:$AI$12<>"")*ROUND($Q16:$AI16,15-13*ORÇAMENTO!$AF$7)))) -> 0 | L16: . | M16: =IF($D16<>"Serviço","",IF(AUTOEVENTO="manual",$A16,IF(ISERROR(MATCH($A16,$A$15:OFFSET($A16,-1,0),0)),MAX($M$15:OFFSET(M16,-1,0))+1,INDEX($M$15:OFFSET(M16,-1,0),MATCH($A16,$A$15:OFFSET($A16,-1,0),0))))) | N16: =IF($D16<>"Serviço","",IF(AUTOEVENTO="Manual",IF($A16=0,"<-- defina o número do agrupador",OFFSET(EVENTOS!$D$14,$A16,0)),OFFSET($F$15,$A16,0))) | AJ16: =IF(AND($D16="Serviço",AJ$12<>0,$H16>0,OR(AUTOEVENTO<>"manual",$M16<>1)), IF(Import.TipoArredondamento<>"TransfereGOV", ROUND(OFFSET($P16,0,AJ$13),15-13*ORÇAMENTO!$AF$7)/$H16*OFFSET(ORÇAMENTO!$X$15,ROW(AJ16)-ROW(AJ$15),0), ROUND(ROUND(OFFSET($P16,0,AJ$13),15-13*ORÇAMENTO!$AF$7)*OFFSET(ORÇAMENTO!$W$15,ROW(AJ16)-ROW(AJ$15),0),15-13*ORÇAMENTO!$AF$11)),0) -> 0 | AK16: =IF(AND($D16="Serviço",AK$12<>0,$H16>0,OR(AUTOEVENTO<>"manual",$M16<>1)), IF(Import.TipoArredondamento<>"TransfereGOV", ROUND(OFFSET($P16,0,AK$13),15-13*ORÇAMENTO!$AF$7)/$H16*OFFSET(ORÇAMENTO!$X$15,ROW(AK16)-ROW(AK$15),0), ROUND(ROUND(OFFSET($P16,0,AK$13),15-13*ORÇAMENTO!$AF$7)*OFFSET(ORÇAMENTO!$W$15,ROW(AK16)-ROW(AK$15),0),15-13*ORÇAMENTO!$AF$11)),0) -> 0 | AL16: =IF(AND($D16="Serviço",AL$12<>0,$H16>0,OR(AUTOEVENTO<>"manual",$M16<>1)), IF(Import.TipoArredondamento<>"TransfereGOV", ROUND(OFFSET($P16,0,AL$13),15-13*ORÇAMENTO!$AF$7)/$H16*OFFSET(ORÇAMENTO!$X$15,ROW(AL16)-ROW(AL$15),0), ROUND(ROUND(OFFSET($P16,0,AL$13),15-13*ORÇAMENTO!$AF$7)*OFFSET(ORÇAMENTO!$W$15,ROW(AL16)-ROW(AL$15),0),15-13*ORÇAMENTO!$AF$11)),0) -> 0 | AM16: =IF(AND($D16="Serviço",AM$12<>0,$H16>0,OR(AUTOEVENTO<>"manual",$M16<>1)), IF(Import.TipoArredondamento<>"TransfereGOV", ROUND(OFFSET($P16,0,AM$13),15-13*ORÇAMENTO!$AF$7)/$H16*OFFSET(ORÇAMENTO!$X$15,ROW(AM16)-ROW(AM$15),0), ROUND(ROUND(OFFSET($P16,0,AM$13),15-13*ORÇAMENTO!$AF$7)*OFFSET(ORÇAMENTO!$W$15,ROW(AM16)-ROW(AM$15),0),15-13*ORÇAMENTO!$AF$11)),0) -> 0 | AN16: =IF(AND($D16="Serviço",AN$12<>0,$H16>0,OR(AUTOEVENTO<>"manual",$M16<>1)), IF(Import.TipoArredondamento<>"TransfereGOV", ROUND(OFFSET($P16,0,AN$13),15-13*ORÇAMENTO!$AF$7)/$H16*OFFSET(ORÇAMENTO!$X$15,ROW(AN16)-ROW(AN$15),0), ROUND(ROUND(OFFSET($P16,0,AN$13),15-13*ORÇAMENTO!$AF$7)*OFFSET(ORÇAMENTO!$W$15,ROW(AN16)-ROW(AN$15),0),15-13*ORÇAMENTO!$AF$11)),0) -> 0 | AO16: =IF(AND($D16="Serviço",AO$12<>0,$H16>0,OR(AUTOEVENTO<>"manual",$M16<>1)), IF(Import.TipoArredondamento<>"TransfereGOV", ROUND(OFFSET($P16,0,AO$13),15-13*ORÇAMENTO!$AF$7)/$H16*OFFSET(ORÇAMENTO!$X$15,ROW(AO16)-ROW(AO$15),0), ROUND(ROUND(OFFSET($P16,0,AO$13),15-13*ORÇAMENTO!$AF$7)*OFFSET(ORÇAMENTO!$W$15,ROW(AO16)-ROW(AO$15),0),15-13*ORÇAMENTO!$AF$11)),0) -> 0 | AP16: =IF(AND($D16="Serviço",AP$12<>0,$H16>0,OR(AUTOEVENTO<>"manual",$M16<>1)), IF(Import.TipoArredondamento<>"TransfereGOV", ROUND(OFFSET($P16,0,AP$13),15-13*ORÇAMENTO!$AF$7)/$H16*OFFSET(ORÇAMENTO!$X$15,ROW(AP16)-ROW(AP$15),0), ROUND(ROUND(OFFSET($P16,0,AP$13),15-13*ORÇAMENTO!$AF$7)*OFFSET(ORÇAMENTO!$W$15,ROW(AP16)-ROW(AP$15),0),15-13*ORÇAMENTO!$AF$11)),0) -> 0 | AQ16: =IF(AND($D16="Serviço",AQ$12<>0,$H16>0,OR(AUTOEVENTO<>"manual",$M16<>1)), IF(Import.TipoArredondamento<>"TransfereGOV", ROUND(OFFSET($P16,0,AQ$13),15-13*ORÇAMENTO!$AF$7)/$H16*OFFSET(ORÇAMENTO!$X$15,ROW(AQ16)-ROW(AQ$15),0), ROUND(ROUND(OFFSET($P16,0,AQ$13),15-13*ORÇAMENTO!$AF$7)*OFFSET(ORÇAMENTO!$W$15,ROW(AQ16)-ROW(AQ$15),0),15-13*ORÇAMENTO!$AF$11)),0) -> 0 | ... BA16: =IF(AND($D16="Serviço",BA$12<>0,$H16>0,OR(AUTOEVENTO<>"manual",$M16<>1)), IF(Import.TipoArredondamento<>"TransfereGOV", ROUND(OFFSET($P16,0,BA$13),15-13*ORÇAMENTO!$AF$7)/$H16*OFFSET(ORÇAMENTO!$X$15,ROW(BA16)-ROW(BA$15),0), ROUND(ROUND(OFFSET($P16,0,BA$13),15-13*ORÇAMENTO!$AF$7)*OFFSET(ORÇAMENTO!$W$15,ROW(BA16)-ROW(BA$15),0),15-13*ORÇAMENTO!$AF$11)),0) -> 0 | BC16: =IF($D16<>"Serviço",0,IF(AND(AUTOEVENTO="Manual",$M16=1),0,IF(OFFSET(CRONOPLE!$F$14,$M16,BC$13)="",10^12,OFFSET(CRONOPLE!$F$14,$M16,BC$13)))) -> 0 | BD16: =IF($D16<>"Serviço",0,IF(AND(AUTOEVENTO="Manual",$M16=1),0,IF(OFFSET(CRONOPLE!$F$14,$M16,BD$13)="",10^12,OFFSET(CRONOPLE!$F$14,$M16,BD$13)))) -> 0 | BE16: =IF($D16<>"Serviço",0,IF(AND(AUTOEVENTO="Manual",$M16=1),0,IF(OFFSET(CRONOPLE!$F$14,$M16,BE$13)="",10^12,OFFSET(CRONOPLE!$F$14,$M16,BE$13)))) -> 0 | BF16: =IF($D16<>"Serviço",0,IF(AND(AUTOEVENTO="Manual",$M16=1),0,IF(OFFSET(CRONOPLE!$F$14,$M16,BF$13)="",10^12,OFFSET(CRONOPLE!$F$14,$M16,BF$13)))) -> 0 | BG16: =IF($D16<>"Serviço",0,IF(AND(AUTOEVENTO="Manual",$M16=1),0,IF(OFFSET(CRONOPLE!$F$14,$M16,BG$13)="",10^12,OFFSET(CRONOPLE!$F$14,$M16,BG$13)))) -> 0 | BH16: =IF($D16<>"Serviço",0,IF(AND(AUTOEVENTO="Manual",$M16=1),0,IF(OFFSET(CRONOPLE!$F$14,$M16,BH$13)="",10^12,OFFSET(CRONOPLE!$F$14,$M16,BH$13)))) -> 0 | BI16: =IF($D16<>"Serviço",0,IF(AND(AUTOEVENTO="Manual",$M16=1),0,IF(OFFSET(CRONOPLE!$F$14,$M16,BI$13)="",10^12,OFFSET(CRONOPLE!$F$14,$M16,BI$13)))) -> 0 | BJ16: =IF($D16<>"Serviço",0,IF(AND(AUTOEVENTO="Manual",$M16=1),0,IF(OFFSET(CRONOPLE!$F$14,$M16,BJ$13)="",10^12,OFFSET(CRONOPLE!$F$14,$M16,BJ$13)))) -> 0 | ... BT16: =IF($D16<>"Serviço",0,IF(AND(AUTOEVENTO="Manual",$M16=1),0,IF(OFFSET(CRONOPLE!$F$14,$M16,BT$13)="",10^12,OFFSET(CRONOPLE!$F$14,$M16,BT$13)))) -> 0 | BV16: =IF($D16<>"Serviço",0,IF(OR(AND(AUTOEVENTO="Manual",$M16=1),$M16>(ROW(PLE.lastrow)-ROW(PLE.firstrow))),0,IF(OFFSET(PLE!$G$14,$M16,BV$13)="",10^12,OFFSET(PLE!$G$14,$M16,BV$13)))) -> 0 | BW16: =IF($D16<>"Serviço",0,IF(OR(AND(AUTOEVENTO="Manual",$M16=1),$M16>(ROW(PLE.lastrow)-ROW(PLE.firstrow))),0,IF(OFFSET(PLE!$G$14,$M16,BW$13)="",10^12,OFFSET(PLE!$G$14,$M16,BW$13)))) -> 0 | BX16: =IF($D16<>"Serviço",0,IF(OR(AND(AUTOEVENTO="Manual",$M16=1),$M16>(ROW(PLE.lastrow)-ROW(PLE.firstrow))),0,IF(OFFSET(PLE!$G$14,$M16,BX$13)="",10^12,OFFSET(PLE!$G$14,$M16,BX$13)))) -> 0 | BY16: =IF($D16<>"Serviço",0,IF(OR(AND(AUTOEVENTO="Manual",$M16=1),$M16>(ROW(PLE.lastrow)-ROW(PLE.firstrow))),0,IF(OFFSET(PLE!$G$14,$M16,BY$13)="",10^12,OFFSET(PLE!$G$14,$M16,BY$13)))) -> 0 | BZ16: =IF($D16<>"Serviço",0,IF(OR(AND(AUTOEVENTO="Manual",$M16=1),$M16>(ROW(PLE.lastrow)-ROW(PLE.firstrow))),0,IF(OFFSET(PLE!$G$14,$M16,BZ$13)="",10^12,OFFSET(PLE!$G$14,$M16,BZ$13)))) -> 0 | CA16: =IF($D16<>"Serviço",0,IF(OR(AND(AUTOEVENTO="Manual",$M16=1),$M16>(ROW(PLE.lastrow)-ROW(PLE.firstrow))),0,IF(OFFSET(PLE!$G$14,$M16,CA$13)="",10^12,OFFSET(PLE!$G$14,$M16,CA$13)))) -> 0 | CB16: =IF($D16<>"Serviço",0,IF(OR(AND(AUTOEVENTO="Manual",$M16=1),$M16>(ROW(PLE.lastrow)-ROW(PLE.firstrow))),0,IF(OFFSET(PLE!$G$14,$M16,CB$13)="",10^12,OFFSET(PLE!$G$14,$M16,CB$13)))) -> 0 | CC16: =IF($D16<>"Serviço",0,IF(OR(AND(AUTOEVENTO="Manual",$M16=1),$M16>(ROW(PLE.lastrow)-ROW(PLE.firstrow))),0,IF(OFFSET(PLE!$G$14,$M16,CC$13)="",10^12,OFFSET(PLE!$G$14,$M16,CC$13)))) -> 0 | ... CM16: =IF($D16<>"Serviço",0,IF(OR(AND(AUTOEVENTO="Manual",$M16=1),$M16>(ROW(PLE.lastrow)-ROW(PLE.firstrow))),0,IF(OFFSET(PLE!$G$14,$M16,CM$13)="",10^12,OFFSET(PLE!$G$14,$M16,CM$13)))) -> 0
A17: =IF(AUTOEVENTO="Manual",IF(K17<>"",MIN(VALUE(LEFT(K17,FIND(".",K17)-1)),COUNTA(EVENTOS.Lista)),0),IF(OR($B17>AUTOEVENTO,$B17="S",$B17=0),SUBSTITUTE(OFFSET($A17,-1,0),IF($D17="Serviço",".",""),""),ROW(A17)-ROW($A$15)&".")) -> 2. | B17: =OFFSET(ORÇAMENTO!C$15,ROW(B17)-ROW(B$15),0) -> 2 | C17: =OFFSET(ORÇAMENTO!L$15,ROW(C17)-ROW(C$15),0) -> F | D17: =OFFSET(ORÇAMENTO!N$15,ROW(D17)-ROW(D$15),0) -> Nível 2 | E17: =OFFSET(ORÇAMENTO!O$15,ROW(E17)-ROW(E$15),0) -> 1.1. | F17: =OFFSET(ORÇAMENTO!R$15,ROW(F17)-ROW(F$15),0) -> Lote 01 - Manutenção e Reparos Abrigos Passagerios Onibus e Táxi | G17: =IF($D17<>"Serviço","",OFFSET(ORÇAMENTO!S$15,ROW(G17)-ROW(G$15),0)) | H17: =IF($D17<>"Serviço",0,IF(ACOMPANHAMENTO="BM",ROUND(OFFSET(ORÇAMENTO!AJ$15,ROW(H17)-ROW(H$15),0),15-13*ORÇAMENTO!$AF$7),SUMPRODUCT(($Q$12:$AI$12<>"")*ROUND($Q17:$AI17,15-13*ORÇAMENTO!$AF$7)))) -> 0 | L17: . | M17: =IF($D17<>"Serviço","",IF(AUTOEVENTO="manual",$A17,IF(ISERROR(MATCH($A17,$A$15:OFFSET($A17,-1,0),0)),MAX($M$15:OFFSET(M17,-1,0))+1,INDEX($M$15:OFFSET(M17,-1,0),MATCH($A17,$A$15:OFFSET($A17,-1,0),0))))) | N17: =IF($D17<>"Serviço","",IF(AUTOEVENTO="Manual",IF($A17=0,"<-- defina o número do agrupador",OFFSET(EVENTOS!$D$14,$A17,0)),OFFSET($F$15,$A17,0))) | AJ17: =IF(AND($D17="Serviço",AJ$12<>0,$H17>0,OR(AUTOEVENTO<>"manual",$M17<>1)), IF(Import.TipoArredondamento<>"TransfereGOV", ROUND(OFFSET($P17,0,AJ$13),15-13*ORÇAMENTO!$AF$7)/$H17*OFFSET(ORÇAMENTO!$X$15,ROW(AJ17)-ROW(AJ$15),0), ROUND(ROUND(OFFSET($P17,0,AJ$13),15-13*ORÇAMENTO!$AF$7)*OFFSET(ORÇAMENTO!$W$15,ROW(AJ17)-ROW(AJ$15),0),15-13*ORÇAMENTO!$AF$11)),0) -> 0 | AK17: =IF(AND($D17="Serviço",AK$12<>0,$H17>0,OR(AUTOEVENTO<>"manual",$M17<>1)), IF(Import.TipoArredondamento<>"TransfereGOV", ROUND(OFFSET($P17,0,AK$13),15-13*ORÇAMENTO!$AF$7)/$H17*OFFSET(ORÇAMENTO!$X$15,ROW(AK17)-ROW(AK$15),0), ROUND(ROUND(OFFSET($P17,0,AK$13),15-13*ORÇAMENTO!$AF$7)*OFFSET(ORÇAMENTO!$W$15,ROW(AK17)-ROW(AK$15),0),15-13*ORÇAMENTO!$AF$11)),0) -> 0 | AL17: =IF(AND($D17="Serviço",AL$12<>0,$H17>0,OR(AUTOEVENTO<>"manual",$M17<>1)), IF(Import.TipoArredondamento<>"TransfereGOV", ROUND(OFFSET($P17,0,AL$13),15-13*ORÇAMENTO!$AF$7)/$H17*OFFSET(ORÇAMENTO!$X$15,ROW(AL17)-ROW(AL$15),0), ROUND(ROUND(OFFSET($P17,0,AL$13),15-13*ORÇAMENTO!$AF$7)*OFFSET(ORÇAMENTO!$W$15,ROW(AL17)-ROW(AL$15),0),15-13*ORÇAMENTO!$AF$11)),0) -> 0 | AM17: =IF(AND($D17="Serviço",AM$12<>0,$H17>0,OR(AUTOEVENTO<>"manual",$M17<>1)), IF(Import.TipoArredondamento<>"TransfereGOV", ROUND(OFFSET($P17,0,AM$13),15-13*ORÇAMENTO!$AF$7)/$H17*OFFSET(ORÇAMENTO!$X$15,ROW(AM17)-ROW(AM$15),0), ROUND(ROUND(OFFSET($P17,0,AM$13),15-13*ORÇAMENTO!$AF$7)*OFFSET(ORÇAMENTO!$W$15,ROW(AM17)-ROW(AM$15),0),15-13*ORÇAMENTO!$AF$11)),0) -> 0 | AN17: =IF(AND($D17="Serviço",AN$12<>0,$H17>0,OR(AUTOEVENTO<>"manual",$M17<>1)), IF(Import.TipoArredondamento<>"TransfereGOV", ROUND(OFFSET($P17,0,AN$13),15-13*ORÇAMENTO!$AF$7)/$H17*OFFSET(ORÇAMENTO!$X$15,ROW(AN17)-ROW(AN$15),0), ROUND(ROUND(OFFSET($P17,0,AN$13),15-13*ORÇAMENTO!$AF$7)*OFFSET(ORÇAMENTO!$W$15,ROW(AN17)-ROW(AN$15),0),15-13*ORÇAMENTO!$AF$11)),0) -> 0 | AO17: =IF(AND($D17="Serviço",AO$12<>0,$H17>0,OR(AUTOEVENTO<>"manual",$M17<>1)), IF(Import.TipoArredondamento<>"TransfereGOV", ROUND(OFFSET($P17,0,AO$13),15-13*ORÇAMENTO!$AF$7)/$H17*OFFSET(ORÇAMENTO!$X$15,ROW(AO17)-ROW(AO$15),0), ROUND(ROUND(OFFSET($P17,0,AO$13),15-13*ORÇAMENTO!$AF$7)*OFFSET(ORÇAMENTO!$W$15,ROW(AO17)-ROW(AO$15),0),15-13*ORÇAMENTO!$AF$11)),0) -> 0 | AP17: =IF(AND($D17="Serviço",AP$12<>0,$H17>0,OR(AUTOEVENTO<>"manual",$M17<>1)), IF(Import.TipoArredondamento<>"TransfereGOV", ROUND(OFFSET($P17,0,AP$13),15-13*ORÇAMENTO!$AF$7)/$H17*OFFSET(ORÇAMENTO!$X$15,ROW(AP17)-ROW(AP$15),0), ROUND(ROUND(OFFSET($P17,0,AP$13),15-13*ORÇAMENTO!$AF$7)*OFFSET(ORÇAMENTO!$W$15,ROW(AP17)-ROW(AP$15),0),15-13*ORÇAMENTO!$AF$11)),0) -> 0 | AQ17: =IF(AND($D17="Serviço",AQ$12<>0,$H17>0,OR(AUTOEVENTO<>"manual",$M17<>1)), IF(Import.TipoArredondamento<>"TransfereGOV", ROUND(OFFSET($P17,0,AQ$13),15-13*ORÇAMENTO!$AF$7)/$H17*OFFSET(ORÇAMENTO!$X$15,ROW(AQ17)-ROW(AQ$15),0), ROUND(ROUND(OFFSET($P17,0,AQ$13),15-13*ORÇAMENTO!$AF$7)*OFFSET(ORÇAMENTO!$W$15,ROW(AQ17)-ROW(AQ$15),0),15-13*ORÇAMENTO!$AF$11)),0) -> 0 | ... BA17: =IF(AND($D17="Serviço",BA$12<>0,$H17>0,OR(AUTOEVENTO<>"manual",$M17<>1)), IF(Import.TipoArredondamento<>"TransfereGOV", ROUND(OFFSET($P17,0,BA$13),15-13*ORÇAMENTO!$AF$7)/$H17*OFFSET(ORÇAMENTO!$X$15,ROW(BA17)-ROW(BA$15),0), ROUND(ROUND(OFFSET($P17,0,BA$13),15-13*ORÇAMENTO!$AF$7)*OFFSET(ORÇAMENTO!$W$15,ROW(BA17)-ROW(BA$15),0),15-13*ORÇAMENTO!$AF$11)),0) -> 0 | BC17: =IF($D17<>"Serviço",0,IF(AND(AUTOEVENTO="Manual",$M17=1),0,IF(OFFSET(CRONOPLE!$F$14,$M17,BC$13)="",10^12,OFFSET(CRONOPLE!$F$14,$M17,BC$13)))) -> 0 | BD17: =IF($D17<>"Serviço",0,IF(AND(AUTOEVENTO="Manual",$M17=1),0,IF(OFFSET(CRONOPLE!$F$14,$M17,BD$13)="",10^12,OFFSET(CRONOPLE!$F$14,$M17,BD$13)))) -> 0 | BE17: =IF($D17<>"Serviço",0,IF(AND(AUTOEVENTO="Manual",$M17=1),0,IF(OFFSET(CRONOPLE!$F$14,$M17,BE$13)="",10^12,OFFSET(CRONOPLE!$F$14,$M17,BE$13)))) -> 0 | BF17: =IF($D17<>"Serviço",0,IF(AND(AUTOEVENTO="Manual",$M17=1),0,IF(OFFSET(CRONOPLE!$F$14,$M17,BF$13)="",10^12,OFFSET(CRONOPLE!$F$14,$M17,BF$13)))) -> 0 | BG17: =IF($D17<>"Serviço",0,IF(AND(AUTOEVENTO="Manual",$M17=1),0,IF(OFFSET(CRONOPLE!$F$14,$M17,BG$13)="",10^12,OFFSET(CRONOPLE!$F$14,$M17,BG$13)))) -> 0 | BH17: =IF($D17<>"Serviço",0,IF(AND(AUTOEVENTO="Manual",$M17=1),0,IF(OFFSET(CRONOPLE!$F$14,$M17,BH$13)="",10^12,OFFSET(CRONOPLE!$F$14,$M17,BH$13)))) -> 0 | BI17: =IF($D17<>"Serviço",0,IF(AND(AUTOEVENTO="Manual",$M17=1),0,IF(OFFSET(CRONOPLE!$F$14,$M17,BI$13)="",10^12,OFFSET(CRONOPLE!$F$14,$M17,BI$13)))) -> 0 | BJ17: =IF($D17<>"Serviço",0,IF(AND(AUTOEVENTO="Manual",$M17=1),0,IF(OFFSET(CRONOPLE!$F$14,$M17,BJ$13)="",10^12,OFFSET(CRONOPLE!$F$14,$M17,BJ$13)))) -> 0 | ... BT17: =IF($D17<>"Serviço",0,IF(AND(AUTOEVENTO="Manual",$M17=1),0,IF(OFFSET(CRONOPLE!$F$14,$M17,BT$13)="",10^12,OFFSET(CRONOPLE!$F$14,$M17,BT$13)))) -> 0 | BV17: =IF($D17<>"Serviço",0,IF(OR(AND(AUTOEVENTO="Manual",$M17=1),$M17>(ROW(PLE.lastrow)-ROW(PLE.firstrow))),0,IF(OFFSET(PLE!$G$14,$M17,BV$13)="",10^12,OFFSET(PLE!$G$14,$M17,BV$13)))) -> 0 | BW17: =IF($D17<>"Serviço",0,IF(OR(AND(AUTOEVENTO="Manual",$M17=1),$M17>(ROW(PLE.lastrow)-ROW(PLE.firstrow))),0,IF(OFFSET(PLE!$G$14,$M17,BW$13)="",10^12,OFFSET(PLE!$G$14,$M17,BW$13)))) -> 0 | BX17: =IF($D17<>"Serviço",0,IF(OR(AND(AUTOEVENTO="Manual",$M17=1),$M17>(ROW(PLE.lastrow)-ROW(PLE.firstrow))),0,IF(OFFSET(PLE!$G$14,$M17,BX$13)="",10^12,OFFSET(PLE!$G$14,$M17,BX$13)))) -> 0 | BY17: =IF($D17<>"Serviço",0,IF(OR(AND(AUTOEVENTO="Manual",$M17=1),$M17>(ROW(PLE.lastrow)-ROW(PLE.firstrow))),0,IF(OFFSET(PLE!$G$14,$M17,BY$13)="",10^12,OFFSET(PLE!$G$14,$M17,BY$13)))) -> 0 | BZ17: =IF($D17<>"Serviço",0,IF(OR(AND(AUTOEVENTO="Manual",$M17=1),$M17>(ROW(PLE.lastrow)-ROW(PLE.firstrow))),0,IF(OFFSET(PLE!$G$14,$M17,BZ$13)="",10^12,OFFSET(PLE!$G$14,$M17,BZ$13)))) -> 0 | CA17: =IF($D17<>"Serviço",0,IF(OR(AND(AUTOEVENTO="Manual",$M17=1),$M17>(ROW(PLE.lastrow)-ROW(PLE.firstrow))),0,IF(OFFSET(PLE!$G$14,$M17,CA$13)="",10^12,OFFSET(PLE!$G$14,$M17,CA$13)))) -> 0 | CB17: =IF($D17<>"Serviço",0,IF(OR(AND(AUTOEVENTO="Manual",$M17=1),$M17>(ROW(PLE.lastrow)-ROW(PLE.firstrow))),0,IF(OFFSET(PLE!$G$14,$M17,CB$13)="",10^12,OFFSET(PLE!$G$14,$M17,CB$13)))) -> 0 | CC17: =IF($D17<>"Serviço",0,IF(OR(AND(AUTOEVENTO="Manual",$M17=1),$M17>(ROW(PLE.lastrow)-ROW(PLE.firstrow))),0,IF(OFFSET(PLE!$G$14,$M17,CC$13)="",10^12,OFFSET(PLE!$G$14,$M17,CC$13)))) -> 0 | ... CM17: =IF($D17<>"Serviço",0,IF(OR(AND(AUTOEVENTO="Manual",$M17=1),$M17>(ROW(PLE.lastrow)-ROW(PLE.firstrow))),0,IF(OFFSET(PLE!$G$14,$M17,CM$13)="",10^12,OFFSET(PLE!$G$14,$M17,CM$13)))) -> 0
A18: =IF(AUTOEVENTO="Manual",IF(K18<>"",MIN(VALUE(LEFT(K18,FIND(".",K18)-1)),COUNTA(EVENTOS.Lista)),0),IF(OR($B18>AUTOEVENTO,$B18="S",$B18=0),SUBSTITUTE(OFFSET($A18,-1,0),IF($D18="Serviço",".",""),""),ROW(A18)-ROW($A$15)&".")) -> 2 | B18: =OFFSET(ORÇAMENTO!C$15,ROW(B18)-ROW(B$15),0) -> S | C18: =OFFSET(ORÇAMENTO!L$15,ROW(C18)-ROW(C$15),0) | D18: =OFFSET(ORÇAMENTO!N$15,ROW(D18)-ROW(D$15),0) -> Serviço | E18: =OFFSET(ORÇAMENTO!O$15,ROW(E18)-ROW(E$15),0) -> - | F18: =OFFSET(ORÇAMENTO!R$15,ROW(F18)-ROW(F$15),0) -> (abra o arquivo 'Referência 03-Sunday.xlsm) | G18: =IF($D18<>"Serviço","",OFFSET(ORÇAMENTO!S$15,ROW(G18)-ROW(G$15),0)) -> - | H18: =IF($D18<>"Serviço",0,IF(ACOMPANHAMENTO="BM",ROUND(OFFSET(ORÇAMENTO!AJ$15,ROW(H18)-ROW(H$15),0),15-13*ORÇAMENTO!$AF$7),SUMPRODUCT(($Q$12:$AI$12<>"")*ROUND($Q18:$AI18,15-13*ORÇAMENTO!$AF$7)))) -> 100 | I18: 100 unidades | L18: . | M18: =IF($D18<>"Serviço","",IF(AUTOEVENTO="manual",$A18,IF(ISERROR(MATCH($A18,$A$15:OFFSET($A18,-1,0),0)),MAX($M$15:OFFSET(M18,-1,0))+1,INDEX($M$15:OFFSET(M18,-1,0),MATCH($A18,$A$15:OFFSET($A18,-1,0),0))))) -> 2 | N18: =IF($D18<>"Serviço","",IF(AUTOEVENTO="Manual",IF($A18=0,"<-- defina o número do agrupador",OFFSET(EVENTOS!$D$14,$A18,0)),OFFSET($F$15,$A18,0))) -> Lote 01 - Manutenção e Reparos Abrigos Passagerios Onibus e Táxi | Q18: 100 | AJ18: =IF(AND($D18="Serviço",AJ$12<>0,$H18>0,OR(AUTOEVENTO<>"manual",$M18<>1)), IF(Import.TipoArredondamento<>"TransfereGOV", ROUND(OFFSET($P18,0,AJ$13),15-13*ORÇAMENTO!$AF$7)/$H18*OFFSET(ORÇAMENTO!$X$15,ROW(AJ18)-ROW(AJ$15),0), ROUND(ROUND(OFFSET($P18,0,AJ$13),15-13*ORÇAMENTO!$AF$7)*OFFSET(ORÇAMENTO!$W$15,ROW(AJ18)-ROW(AJ$15),0),15-13*ORÇAMENTO!$AF$11)),0) -> 0 | AK18: =IF(AND($D18="Serviço",AK$12<>0,$H18>0,OR(AUTOEVENTO<>"manual",$M18<>1)), IF(Import.TipoArredondamento<>"TransfereGOV", ROUND(OFFSET($P18,0,AK$13),15-13*ORÇAMENTO!$AF$7)/$H18*OFFSET(ORÇAMENTO!$X$15,ROW(AK18)-ROW(AK$15),0), ROUND(ROUND(OFFSET($P18,0,AK$13),15-13*ORÇAMENTO!$AF$7)*OFFSET(ORÇAMENTO!$W$15,ROW(AK18)-ROW(AK$15),0),15-13*ORÇAMENTO!$AF$11)),0) -> 0 | AL18: =IF(AND($D18="Serviço",AL$12<>0,$H18>0,OR(AUTOEVENTO<>"manual",$M18<>1)), IF(Import.TipoArredondamento<>"TransfereGOV", ROUND(OFFSET($P18,0,AL$13),15-13*ORÇAMENTO!$AF$7)/$H18*OFFSET(ORÇAMENTO!$X$15,ROW(AL18)-ROW(AL$15),0), ROUND(ROUND(OFFSET($P18,0,AL$13),15-13*ORÇAMENTO!$AF$7)*OFFSET(ORÇAMENTO!$W$15,ROW(AL18)-ROW(AL$15),0),15-13*ORÇAMENTO!$AF$11)),0) -> 0 | AM18: =IF(AND($D18="Serviço",AM$12<>0,$H18>0,OR(AUTOEVENTO<>"manual",$M18<>1)), IF(Import.TipoArredondamento<>"TransfereGOV", ROUND(OFFSET($P18,0,AM$13),15-13*ORÇAMENTO!$AF$7)/$H18*OFFSET(ORÇAMENTO!$X$15,ROW(AM18)-ROW(AM$15),0), ROUND(ROUND(OFFSET($P18,0,AM$13),15-13*ORÇAMENTO!$AF$7)*OFFSET(ORÇAMENTO!$W$15,ROW(AM18)-ROW(AM$15),0),15-13*ORÇAMENTO!$AF$11)),0) -> 0 | AN18: =IF(AND($D18="Serviço",AN$12<>0,$H18>0,OR(AUTOEVENTO<>"manual",$M18<>1)), IF(Import.TipoArredondamento<>"TransfereGOV", ROUND(OFFSET($P18,0,AN$13),15-13*ORÇAMENTO!$AF$7)/$H18*OFFSET(ORÇAMENTO!$X$15,ROW(AN18)-ROW(AN$15),0), ROUND(ROUND(OFFSET($P18,0,AN$13),15-13*ORÇAMENTO!$AF$7)*OFFSET(ORÇAMENTO!$W$15,ROW(AN18)-ROW(AN$15),0),15-13*ORÇAMENTO!$AF$11)),0) -> 0 | AO18: =IF(AND($D18="Serviço",AO$12<>0,$H18>0,OR(AUTOEVENTO<>"manual",$M18<>1)), IF(Import.TipoArredondamento<>"TransfereGOV", ROUND(OFFSET($P18,0,AO$13),15-13*ORÇAMENTO!$AF$7)/$H18*OFFSET(ORÇAMENTO!$X$15,ROW(AO18)-ROW(AO$15),0), ROUND(ROUND(OFFSET($P18,0,AO$13),15-13*ORÇAMENTO!$AF$7)*OFFSET(ORÇAMENTO!$W$15,ROW(AO18)-ROW(AO$15),0),15-13*ORÇAMENTO!$AF$11)),0) -> 0 | AP18: =IF(AND($D18="Serviço",AP$12<>0,$H18>0,OR(AUTOEVENTO<>"manual",$M18<>1)), IF(Import.TipoArredondamento<>"TransfereGOV", ROUND(OFFSET($P18,0,AP$13),15-13*ORÇAMENTO!$AF$7)/$H18*OFFSET(ORÇAMENTO!$X$15,ROW(AP18)-ROW(AP$15),0), ROUND(ROUND(OFFSET($P18,0,AP$13),15-13*ORÇAMENTO!$AF$7)*OFFSET(ORÇAMENTO!$W$15,ROW(AP18)-ROW(AP$15),0),15-13*ORÇAMENTO!$AF$11)),0) -> 0 | AQ18: =IF(AND($D18="Serviço",AQ$12<>0,$H18>0,OR(AUTOEVENTO<>"manual",$M18<>1)), IF(Import.TipoArredondamento<>"TransfereGOV", ROUND(OFFSET($P18,0,AQ$13),15-13*ORÇAMENTO!$AF$7)/$H18*OFFSET(ORÇAMENTO!$X$15,ROW(AQ18)-ROW(AQ$15),0), ROUND(ROUND(OFFSET($P18,0,AQ$13),15-13*ORÇAMENTO!$AF$7)*OFFSET(ORÇAMENTO!$W$15,ROW(AQ18)-ROW(AQ$15),0),15-13*ORÇAMENTO!$AF$11)),0) -> 0 | ... BA18: =IF(AND($D18="Serviço",BA$12<>0,$H18>0,OR(AUTOEVENTO<>"manual",$M18<>1)), IF(Import.TipoArredondamento<>"TransfereGOV", ROUND(OFFSET($P18,0,BA$13),15-13*ORÇAMENTO!$AF$7)/$H18*OFFSET(ORÇAMENTO!$X$15,ROW(BA18)-ROW(BA$15),0), ROUND(ROUND(OFFSET($P18,0,BA$13),15-13*ORÇAMENTO!$AF$7)*OFFSET(ORÇAMENTO!$W$15,ROW(BA18)-ROW(BA$15),0),15-13*ORÇAMENTO!$AF$11)),0) -> 0 | BC18: =IF($D18<>"Serviço",0,IF(AND(AUTOEVENTO="Manual",$M18=1),0,IF(OFFSET(CRONOPLE!$F$14,$M18,BC$13)="",10^12,OFFSET(CRONOPLE!$F$14,$M18,BC$13)))) -> 12 | BD18: =IF($D18<>"Serviço",0,IF(AND(AUTOEVENTO="Manual",$M18=1),0,IF(OFFSET(CRONOPLE!$F$14,$M18,BD$13)="",10^12,OFFSET(CRONOPLE!$F$14,$M18,BD$13)))) -> 1000000000000 | BE18: =IF($D18<>"Serviço",0,IF(AND(AUTOEVENTO="Manual",$M18=1),0,IF(OFFSET(CRONOPLE!$F$14,$M18,BE$13)="",10^12,OFFSET(CRONOPLE!$F$14,$M18,BE$13)))) -> 1000000000000 | BF18: =IF($D18<>"Serviço",0,IF(AND(AUTOEVENTO="Manual",$M18=1),0,IF(OFFSET(CRONOPLE!$F$14,$M18,BF$13)="",10^12,OFFSET(CRONOPLE!$F$14,$M18,BF$13)))) -> 1000000000000 | BG18: =IF($D18<>"Serviço",0,IF(AND(AUTOEVENTO="Manual",$M18=1),0,IF(OFFSET(CRONOPLE!$F$14,$M18,BG$13)="",10^12,OFFSET(CRONOPLE!$F$14,$M18,BG$13)))) -> 1000000000000 | BH18: =IF($D18<>"Serviço",0,IF(AND(AUTOEVENTO="Manual",$M18=1),0,IF(OFFSET(CRONOPLE!$F$14,$M18,BH$13)="",10^12,OFFSET(CRONOPLE!$F$14,$M18,BH$13)))) -> 1000000000000 | BI18: =IF($D18<>"Serviço",0,IF(AND(AUTOEVENTO="Manual",$M18=1),0,IF(OFFSET(CRONOPLE!$F$14,$M18,BI$13)="",10^12,OFFSET(CRONOPLE!$F$14,$M18,BI$13)))) -> 1000000000000 | BJ18: =IF($D18<>"Serviço",0,IF(AND(AUTOEVENTO="Manual",$M18=1),0,IF(OFFSET(CRONOPLE!$F$14,$M18,BJ$13)="",10^12,OFFSET(CRONOPLE!$F$14,$M18,BJ$13)))) -> 1000000000000 | ... BT18: =IF($D18<>"Serviço",0,IF(AND(AUTOEVENTO="Manual",$M18=1),0,IF(OFFSET(CRONOPLE!$F$14,$M18,BT$13)="",10^12,OFFSET(CRONOPLE!$F$14,$M18,BT$13)))) -> 1000000000000 | BV18: =IF($D18<>"Serviço",0,IF(OR(AND(AUTOEVENTO="Manual",$M18=1),$M18>(ROW(PLE.lastrow)-ROW(PLE.firstrow))),0,IF(OFFSET(PLE!$G$14,$M18,BV$13)="",10^12,OFFSET(PLE!$G$14,$M18,BV$13)))) -> 1000000000000 | BW18: =IF($D18<>"Serviço",0,IF(OR(AND(AUTOEVENTO="Manual",$M18=1),$M18>(ROW(PLE.lastrow)-ROW(PLE.firstrow))),0,IF(OFFSET(PLE!$G$14,$M18,BW$13)="",10^12,OFFSET(PLE!$G$14,$M18,BW$13)))) -> 1000000000000 | BX18: =IF($D18<>"Serviço",0,IF(OR(AND(AUTOEVENTO="Manual",$M18=1),$M18>(ROW(PLE.lastrow)-ROW(PLE.firstrow))),0,IF(OFFSET(PLE!$G$14,$M18,BX$13)="",10^12,OFFSET(PLE!$G$14,$M18,BX$13)))) -> 1000000000000 | BY18: =IF($D18<>"Serviço",0,IF(OR(AND(AUTOEVENTO="Manual",$M18=1),$M18>(ROW(PLE.lastrow)-ROW(PLE.firstrow))),0,IF(OFFSET(PLE!$G$14,$M18,BY$13)="",10^12,OFFSET(PLE!$G$14,$M18,BY$13)))) -> 1000000000000 | BZ18: =IF($D18<>"Serviço",0,IF(OR(AND(AUTOEVENTO="Manual",$M18=1),$M18>(ROW(PLE.lastrow)-ROW(PLE.firstrow))),0,IF(OFFSET(PLE!$G$14,$M18,BZ$13)="",10^12,OFFSET(PLE!$G$14,$M18,BZ$13)))) -> 1000000000000 | CA18: =IF($D18<>"Serviço",0,IF(OR(AND(AUTOEVENTO="Manual",$M18=1),$M18>(ROW(PLE.lastrow)-ROW(PLE.firstrow))),0,IF(OFFSET(PLE!$G$14,$M18,CA$13)="",10^12,OFFSET(PLE!$G$14,$M18,CA$13)))) -> 1000000000000 | CB18: =IF($D18<>"Serviço",0,IF(OR(AND(AUTOEVENTO="Manual",$M18=1),$M18>(ROW(PLE.lastrow)-ROW(PLE.firstrow))),0,IF(OFFSET(PLE!$G$14,$M18,CB$13)="",10^12,OFFSET(PLE!$G$14,$M18,CB$13)))) -> 1000000000000 | CC18: =IF($D18<>"Serviço",0,IF(OR(AND(AUTOEVENTO="Manual",$M18=1),$M18>(ROW(PLE.lastrow)-ROW(PLE.firstrow))),0,IF(OFFSET(PLE!$G$14,$M18,CC$13)="",10^12,OFFSET(PLE!$G$14,$M18,CC$13)))) -> 1000000000000 | ... CM18: =IF($D18<>"Serviço",0,IF(OR(AND(AUTOEVENTO="Manual",$M18=1),$M18>(ROW(PLE.lastrow)-ROW(PLE.firstrow))),0,IF(OFFSET(PLE!$G$14,$M18,CM$13)="",10^12,OFFSET(PLE!$G$14,$M18,CM$13)))) -> 1000000000000
A19: =IF(AUTOEVENTO="Manual",IF(K19<>"",MIN(VALUE(LEFT(K19,FIND(".",K19)-1)),COUNTA(EVENTOS.Lista)),0),IF(OR($B19>AUTOEVENTO,$B19="S",$B19=0),SUBSTITUTE(OFFSET($A19,-1,0),IF($D19="Serviço",".",""),""),ROW(A19)-ROW($A$15)&".")) -> 2 | B19: =OFFSET(ORÇAMENTO!C$15,ROW(B19)-ROW(B$15),0) -> S | C19: =OFFSET(ORÇAMENTO!L$15,ROW(C19)-ROW(C$15),0) | D19: =OFFSET(ORÇAMENTO!N$15,ROW(D19)-ROW(D$15),0) -> Serviço | E19: =OFFSET(ORÇAMENTO!O$15,ROW(E19)-ROW(E$15),0) -> - | F19: =OFFSET(ORÇAMENTO!R$15,ROW(F19)-ROW(F$15),0) -> (abra o arquivo 'Referência 03-Sunday.xlsm) | G19: =IF($D19<>"Serviço","",OFFSET(ORÇAMENTO!S$15,ROW(G19)-ROW(G$15),0)) -> - | H19: =IF($D19<>"Serviço",0,IF(ACOMPANHAMENTO="BM",ROUND(OFFSET(ORÇAMENTO!AJ$15,ROW(H19)-ROW(H$15),0),15-13*ORÇAMENTO!$AF$7),SUMPRODUCT(($Q$12:$AI$12<>"")*ROUND($Q19:$AI19,15-13*ORÇAMENTO!$AF$7)))) -> 880 | I19: 8,8 x 100 | L19: . | M19: =IF($D19<>"Serviço","",IF(AUTOEVENTO="manual",$A19,IF(ISERROR(MATCH($A19,$A$15:OFFSET($A19,-1,0),0)),MAX($M$15:OFFSET(M19,-1,0))+1,INDEX($M$15:OFFSET(M19,-1,0),MATCH($A19,$A$15:OFFSET($A19,-1,0),0))))) -> 2 | N19: =IF($D19<>"Serviço","",IF(AUTOEVENTO="Manual",IF($A19=0,"<-- defina o número do agrupador",OFFSET(EVENTOS!$D$14,$A19,0)),OFFSET($F$15,$A19,0))) -> Lote 01 - Manutenção e Reparos Abrigos Passagerios Onibus e Táxi | Q19: =8.8*100 -> 880 | AJ19: =IF(AND($D19="Serviço",AJ$12<>0,$H19>0,OR(AUTOEVENTO<>"manual",$M19<>1)), IF(Import.TipoArredondamento<>"TransfereGOV", ROUND(OFFSET($P19,0,AJ$13),15-13*ORÇAMENTO!$AF$7)/$H19*OFFSET(ORÇAMENTO!$X$15,ROW(AJ19)-ROW(AJ$15),0), ROUND(ROUND(OFFSET($P19,0,AJ$13),15-13*ORÇAMENTO!$AF$7)*OFFSET(ORÇAMENTO!$W$15,ROW(AJ19)-ROW(AJ$15),0),15-13*ORÇAMENTO!$AF$11)),0) -> 0 | AK19: =IF(AND($D19="Serviço",AK$12<>0,$H19>0,OR(AUTOEVENTO<>"manual",$M19<>1)), IF(Import.TipoArredondamento<>"TransfereGOV", ROUND(OFFSET($P19,0,AK$13),15-13*ORÇAMENTO!$AF$7)/$H19*OFFSET(ORÇAMENTO!$X$15,ROW(AK19)-ROW(AK$15),0), ROUND(ROUND(OFFSET($P19,0,AK$13),15-13*ORÇAMENTO!$AF$7)*OFFSET(ORÇAMENTO!$W$15,ROW(AK19)-ROW(AK$15),0),15-13*ORÇAMENTO!$AF$11)),0) -> 0 | AL19: =IF(AND($D19="Serviço",AL$12<>0,$H19>0,OR(AUTOEVENTO<>"manual",$M19<>1)), IF(Import.TipoArredondamento<>"TransfereGOV", ROUND(OFFSET($P19,0,AL$13),15-13*ORÇAMENTO!$AF$7)/$H19*OFFSET(ORÇAMENTO!$X$15,ROW(AL19)-ROW(AL$15),0), ROUND(ROUND(OFFSET($P19,0,AL$13),15-13*ORÇAMENTO!$AF$7)*OFFSET(ORÇAMENTO!$W$15,ROW(AL19)-ROW(AL$15),0),15-13*ORÇAMENTO!$AF$11)),0) -> 0 | AM19: =IF(AND($D19="Serviço",AM$12<>0,$H19>0,OR(AUTOEVENTO<>"manual",$M19<>1)), IF(Import.TipoArredondamento<>"TransfereGOV", ROUND(OFFSET($P19,0,AM$13),15-13*ORÇAMENTO!$AF$7)/$H19*OFFSET(ORÇAMENTO!$X$15,ROW(AM19)-ROW(AM$15),0), ROUND(ROUND(OFFSET($P19,0,AM$13),15-13*ORÇAMENTO!$AF$7)*OFFSET(ORÇAMENTO!$W$15,ROW(AM19)-ROW(AM$15),0),15-13*ORÇAMENTO!$AF$11)),0) -> 0 | AN19: =IF(AND($D19="Serviço",AN$12<>0,$H19>0,OR(AUTOEVENTO<>"manual",$M19<>1)), IF(Import.TipoArredondamento<>"TransfereGOV", ROUND(OFFSET($P19,0,AN$13),15-13*ORÇAMENTO!$AF$7)/$H19*OFFSET(ORÇAMENTO!$X$15,ROW(AN19)-ROW(AN$15),0), ROUND(ROUND(OFFSET($P19,0,AN$13),15-13*ORÇAMENTO!$AF$7)*OFFSET(ORÇAMENTO!$W$15,ROW(AN19)-ROW(AN$15),0),15-13*ORÇAMENTO!$AF$11)),0) -> 0 | AO19: =IF(AND($D19="Serviço",AO$12<>0,$H19>0,OR(AUTOEVENTO<>"manual",$M19<>1)), IF(Import.TipoArredondamento<>"TransfereGOV", ROUND(OFFSET($P19,0,AO$13),15-13*ORÇAMENTO!$AF$7)/$H19*OFFSET(ORÇAMENTO!$X$15,ROW(AO19)-ROW(AO$15),0), ROUND(ROUND(OFFSET($P19,0,AO$13),15-13*ORÇAMENTO!$AF$7)*OFFSET(ORÇAMENTO!$W$15,ROW(AO19)-ROW(AO$15),0),15-13*ORÇAMENTO!$AF$11)),0) -> 0 | AP19: =IF(AND($D19="Serviço",AP$12<>0,$H19>0,OR(AUTOEVENTO<>"manual",$M19<>1)), IF(Import.TipoArredondamento<>"TransfereGOV", ROUND(OFFSET($P19,0,AP$13),15-13*ORÇAMENTO!$AF$7)/$H19*OFFSET(ORÇAMENTO!$X$15,ROW(AP19)-ROW(AP$15),0), ROUND(ROUND(OFFSET($P19,0,AP$13),15-13*ORÇAMENTO!$AF$7)*OFFSET(ORÇAMENTO!$W$15,ROW(AP19)-ROW(AP$15),0),15-13*ORÇAMENTO!$AF$11)),0) -> 0 | AQ19: =IF(AND($D19="Serviço",AQ$12<>0,$H19>0,OR(AUTOEVENTO<>"manual",$M19<>1)), IF(Import.TipoArredondamento<>"TransfereGOV", ROUND(OFFSET($P19,0,AQ$13),15-13*ORÇAMENTO!$AF$7)/$H19*OFFSET(ORÇAMENTO!$X$15,ROW(AQ19)-ROW(AQ$15),0), ROUND(ROUND(OFFSET($P19,0,AQ$13),15-13*ORÇAMENTO!$AF$7)*OFFSET(ORÇAMENTO!$W$15,ROW(AQ19)-ROW(AQ$15),0),15-13*ORÇAMENTO!$AF$11)),0) -> 0 | ... BA19: =IF(AND($D19="Serviço",BA$12<>0,$H19>0,OR(AUTOEVENTO<>"manual",$M19<>1)), IF(Import.TipoArredondamento<>"TransfereGOV", ROUND(OFFSET($P19,0,BA$13),15-13*ORÇAMENTO!$AF$7)/$H19*OFFSET(ORÇAMENTO!$X$15,ROW(BA19)-ROW(BA$15),0), ROUND(ROUND(OFFSET($P19,0,BA$13),15-13*ORÇAMENTO!$AF$7)*OFFSET(ORÇAMENTO!$W$15,ROW(BA19)-ROW(BA$15),0),15-13*ORÇAMENTO!$AF$11)),0) -> 0 | BC19: =IF($D19<>"Serviço",0,IF(AND(AUTOEVENTO="Manual",$M19=1),0,IF(OFFSET(CRONOPLE!$F$14,$M19,BC$13)="",10^12,OFFSET(CRONOPLE!$F$14,$M19,BC$13)))) -> 12 | BD19: =IF($D19<>"Serviço",0,IF(AND(AUTOEVENTO="Manual",$M19=1),0,IF(OFFSET(CRONOPLE!$F$14,$M19,BD$13)="",10^12,OFFSET(CRONOPLE!$F$14,$M19,BD$13)))) -> 1000000000000 | BE19: =IF($D19<>"Serviço",0,IF(AND(AUTOEVENTO="Manual",$M19=1),0,IF(OFFSET(CRONOPLE!$F$14,$M19,BE$13)="",10^12,OFFSET(CRONOPLE!$F$14,$M19,BE$13)))) -> 1000000000000 | BF19: =IF($D19<>"Serviço",0,IF(AND(AUTOEVENTO="Manual",$M19=1),0,IF(OFFSET(CRONOPLE!$F$14,$M19,BF$13)="",10^12,OFFSET(CRONOPLE!$F$14,$M19,BF$13)))) -> 1000000000000 | BG19: =IF($D19<>"Serviço",0,IF(AND(AUTOEVENTO="Manual",$M19=1),0,IF(OFFSET(CRONOPLE!$F$14,$M19,BG$13)="",10^12,OFFSET(CRONOPLE!$F$14,$M19,BG$13)))) -> 1000000000000 | BH19: =IF($D19<>"Serviço",0,IF(AND(AUTOEVENTO="Manual",$M19=1),0,IF(OFFSET(CRONOPLE!$F$14,$M19,BH$13)="",10^12,OFFSET(CRONOPLE!$F$14,$M19,BH$13)))) -> 1000000000000 | BI19: =IF($D19<>"Serviço",0,IF(AND(AUTOEVENTO="Manual",$M19=1),0,IF(OFFSET(CRONOPLE!$F$14,$M19,BI$13)="",10^12,OFFSET(CRONOPLE!$F$14,$M19,BI$13)))) -> 1000000000000 | BJ19: =IF($D19<>"Serviço",0,IF(AND(AUTOEVENTO="Manual",$M19=1),0,IF(OFFSET(CRONOPLE!$F$14,$M19,BJ$13)="",10^12,OFFSET(CRONOPLE!$F$14,$M19,BJ$13)))) -> 1000000000000 | ... BT19: =IF($D19<>"Serviço",0,IF(AND(AUTOEVENTO="Manual",$M19=1),0,IF(OFFSET(CRONOPLE!$F$14,$M19,BT$13)="",10^12,OFFSET(CRONOPLE!$F$14,$M19,BT$13)))) -> 1000000000000 | BV19: =IF($D19<>"Serviço",0,IF(OR(AND(AUTOEVENTO="Manual",$M19=1),$M19>(ROW(PLE.lastrow)-ROW(PLE.firstrow))),0,IF(OFFSET(PLE!$G$14,$M19,BV$13)="",10^12,OFFSET(PLE!$G$14,$M19,BV$13)))) -> 1000000000000 | BW19: =IF($D19<>"Serviço",0,IF(OR(AND(AUTOEVENTO="Manual",$M19=1),$M19>(ROW(PLE.lastrow)-ROW(PLE.firstrow))),0,IF(OFFSET(PLE!$G$14,$M19,BW$13)="",10^12,OFFSET(PLE!$G$14,$M19,BW$13)))) -> 1000000000000 | BX19: =IF($D19<>"Serviço",0,IF(OR(AND(AUTOEVENTO="Manual",$M19=1),$M19>(ROW(PLE.lastrow)-ROW(PLE.firstrow))),0,IF(OFFSET(PLE!$G$14,$M19,BX$13)="",10^12,OFFSET(PLE!$G$14,$M19,BX$13)))) -> 1000000000000 | BY19: =IF($D19<>"Serviço",0,IF(OR(AND(AUTOEVENTO="Manual",$M19=1),$M19>(ROW(PLE.lastrow)-ROW(PLE.firstrow))),0,IF(OFFSET(PLE!$G$14,$M19,BY$13)="",10^12,OFFSET(PLE!$G$14,$M19,BY$13)))) -> 1000000000000 | BZ19: =IF($D19<>"Serviço",0,IF(OR(AND(AUTOEVENTO="Manual",$M19=1),$M19>(ROW(PLE.lastrow)-ROW(PLE.firstrow))),0,IF(OFFSET(PLE!$G$14,$M19,BZ$13)="",10^12,OFFSET(PLE!$G$14,$M19,BZ$13)))) -> 1000000000000 | CA19: =IF($D19<>"Serviço",0,IF(OR(AND(AUTOEVENTO="Manual",$M19=1),$M19>(ROW(PLE.lastrow)-ROW(PLE.firstrow))),0,IF(OFFSET(PLE!$G$14,$M19,CA$13)="",10^12,OFFSET(PLE!$G$14,$M19,CA$13)))) -> 1000000000000 | CB19: =IF($D19<>"Serviço",0,IF(OR(AND(AUTOEVENTO="Manual",$M19=1),$M19>(ROW(PLE.lastrow)-ROW(PLE.firstrow))),0,IF(OFFSET(PLE!$G$14,$M19,CB$13)="",10^12,OFFSET(PLE!$G$14,$M19,CB$13)))) -> 1000000000000 | CC19: =IF($D19<>"Serviço",0,IF(OR(AND(AUTOEVENTO="Manual",$M19=1),$M19>(ROW(PLE.lastrow)-ROW(PLE.firstrow))),0,IF(OFFSET(PLE!$G$14,$M19,CC$13)="",10^12,OFFSET(PLE!$G$14,$M19,CC$13)))) -> 1000000000000 | ... CM19: =IF($D19<>"Serviço",0,IF(OR(AND(AUTOEVENTO="Manual",$M19=1),$M19>(ROW(PLE.lastrow)-ROW(PLE.firstrow))),0,IF(OFFSET(PLE!$G$14,$M19,CM$13)="",10^12,OFFSET(PLE!$G$14,$M19,CM$13)))) -> 1000000000000
A20: =IF(AUTOEVENTO="Manual",IF(K20<>"",MIN(VALUE(LEFT(K20,FIND(".",K20)-1)),COUNTA(EVENTOS.Lista)),0),IF(OR($B20>AUTOEVENTO,$B20="S",$B20=0),SUBSTITUTE(OFFSET($A20,-1,0),IF($D20="Serviço",".",""),""),ROW(A20)-ROW($A$15)&".")) -> 2 | B20: =OFFSET(ORÇAMENTO!C$15,ROW(B20)-ROW(B$15),0) -> S | C20: =OFFSET(ORÇAMENTO!L$15,ROW(C20)-ROW(C$15),0) | D20: =OFFSET(ORÇAMENTO!N$15,ROW(D20)-ROW(D$15),0) -> Serviço | E20: =OFFSET(ORÇAMENTO!O$15,ROW(E20)-ROW(E$15),0) -> - | F20: =OFFSET(ORÇAMENTO!R$15,ROW(F20)-ROW(F$15),0) -> (abra o arquivo 'Referência 03-Sunday.xlsm) | G20: =IF($D20<>"Serviço","",OFFSET(ORÇAMENTO!S$15,ROW(G20)-ROW(G$15),0)) -> - | H20: =IF($D20<>"Serviço",0,IF(ACOMPANHAMENTO="BM",ROUND(OFFSET(ORÇAMENTO!AJ$15,ROW(H20)-ROW(H$15),0),15-13*ORÇAMENTO!$AF$7),SUMPRODUCT(($Q$12:$AI$12<>"")*ROUND($Q20:$AI20,15-13*ORÇAMENTO!$AF$7)))) -> 600 | I20: 6 x 100 | L20: . | M20: =IF($D20<>"Serviço","",IF(AUTOEVENTO="manual",$A20,IF(ISERROR(MATCH($A20,$A$15:OFFSET($A20,-1,0),0)),MAX($M$15:OFFSET(M20,-1,0))+1,INDEX($M$15:OFFSET(M20,-1,0),MATCH($A20,$A$15:OFFSET($A20,-1,0),0))))) -> 2 | N20: =IF($D20<>"Serviço","",IF(AUTOEVENTO="Manual",IF($A20=0,"<-- defina o número do agrupador",OFFSET(EVENTOS!$D$14,$A20,0)),OFFSET($F$15,$A20,0))) -> Lote 01 - Manutenção e Reparos Abrigos Passagerios Onibus e Táxi | Q20: =6*100 -> 600 | AJ20: =IF(AND($D20="Serviço",AJ$12<>0,$H20>0,OR(AUTOEVENTO<>"manual",$M20<>1)), IF(Import.TipoArredondamento<>"TransfereGOV", ROUND(OFFSET($P20,0,AJ$13),15-13*ORÇAMENTO!$AF$7)/$H20*OFFSET(ORÇAMENTO!$X$15,ROW(AJ20)-ROW(AJ$15),0), ROUND(ROUND(OFFSET($P20,0,AJ$13),15-13*ORÇAMENTO!$AF$7)*OFFSET(ORÇAMENTO!$W$15,ROW(AJ20)-ROW(AJ$15),0),15-13*ORÇAMENTO!$AF$11)),0) -> 0 | AK20: =IF(AND($D20="Serviço",AK$12<>0,$H20>0,OR(AUTOEVENTO<>"manual",$M20<>1)), IF(Import.TipoArredondamento<>"TransfereGOV", ROUND(OFFSET($P20,0,AK$13),15-13*ORÇAMENTO!$AF$7)/$H20*OFFSET(ORÇAMENTO!$X$15,ROW(AK20)-ROW(AK$15),0), ROUND(ROUND(OFFSET($P20,0,AK$13),15-13*ORÇAMENTO!$AF$7)*OFFSET(ORÇAMENTO!$W$15,ROW(AK20)-ROW(AK$15),0),15-13*ORÇAMENTO!$AF$11)),0) -> 0 | AL20: =IF(AND($D20="Serviço",AL$12<>0,$H20>0,OR(AUTOEVENTO<>"manual",$M20<>1)), IF(Import.TipoArredondamento<>"TransfereGOV", ROUND(OFFSET($P20,0,AL$13),15-13*ORÇAMENTO!$AF$7)/$H20*OFFSET(ORÇAMENTO!$X$15,ROW(AL20)-ROW(AL$15),0), ROUND(ROUND(OFFSET($P20,0,AL$13),15-13*ORÇAMENTO!$AF$7)*OFFSET(ORÇAMENTO!$W$15,ROW(AL20)-ROW(AL$15),0),15-13*ORÇAMENTO!$AF$11)),0) -> 0 | AM20: =IF(AND($D20="Serviço",AM$12<>0,$H20>0,OR(AUTOEVENTO<>"manual",$M20<>1)), IF(Import.TipoArredondamento<>"TransfereGOV", ROUND(OFFSET($P20,0,AM$13),15-13*ORÇAMENTO!$AF$7)/$H20*OFFSET(ORÇAMENTO!$X$15,ROW(AM20)-ROW(AM$15),0), ROUND(ROUND(OFFSET($P20,0,AM$13),15-13*ORÇAMENTO!$AF$7)*OFFSET(ORÇAMENTO!$W$15,ROW(AM20)-ROW(AM$15),0),15-13*ORÇAMENTO!$AF$11)),0) -> 0 | AN20: =IF(AND($D20="Serviço",AN$12<>0,$H20>0,OR(AUTOEVENTO<>"manual",$M20<>1)), IF(Import.TipoArredondamento<>"TransfereGOV", ROUND(OFFSET($P20,0,AN$13),15-13*ORÇAMENTO!$AF$7)/$H20*OFFSET(ORÇAMENTO!$X$15,ROW(AN20)-ROW(AN$15),0), ROUND(ROUND(OFFSET($P20,0,AN$13),15-13*ORÇAMENTO!$AF$7)*OFFSET(ORÇAMENTO!$W$15,ROW(AN20)-ROW(AN$15),0),15-13*ORÇAMENTO!$AF$11)),0) -> 0 | AO20: =IF(AND($D20="Serviço",AO$12<>0,$H20>0,OR(AUTOEVENTO<>"manual",$M20<>1)), IF(Import.TipoArredondamento<>"TransfereGOV", ROUND(OFFSET($P20,0,AO$13),15-13*ORÇAMENTO!$AF$7)/$H20*OFFSET(ORÇAMENTO!$X$15,ROW(AO20)-ROW(AO$15),0), ROUND(ROUND(OFFSET($P20,0,AO$13),15-13*ORÇAMENTO!$AF$7)*OFFSET(ORÇAMENTO!$W$15,ROW(AO20)-ROW(AO$15),0),15-13*ORÇAMENTO!$AF$11)),0) -> 0 | AP20: =IF(AND($D20="Serviço",AP$12<>0,$H20>0,OR(AUTOEVENTO<>"manual",$M20<>1)), IF(Import.TipoArredondamento<>"TransfereGOV", ROUND(OFFSET($P20,0,AP$13),15-13*ORÇAMENTO!$AF$7)/$H20*OFFSET(ORÇAMENTO!$X$15,ROW(AP20)-ROW(AP$15),0), ROUND(ROUND(OFFSET($P20,0,AP$13),15-13*ORÇAMENTO!$AF$7)*OFFSET(ORÇAMENTO!$W$15,ROW(AP20)-ROW(AP$15),0),15-13*ORÇAMENTO!$AF$11)),0) -> 0 | AQ20: =IF(AND($D20="Serviço",AQ$12<>0,$H20>0,OR(AUTOEVENTO<>"manual",$M20<>1)), IF(Import.TipoArredondamento<>"TransfereGOV", ROUND(OFFSET($P20,0,AQ$13),15-13*ORÇAMENTO!$AF$7)/$H20*OFFSET(ORÇAMENTO!$X$15,ROW(AQ20)-ROW(AQ$15),0), ROUND(ROUND(OFFSET($P20,0,AQ$13),15-13*ORÇAMENTO!$AF$7)*OFFSET(ORÇAMENTO!$W$15,ROW(AQ20)-ROW(AQ$15),0),15-13*ORÇAMENTO!$AF$11)),0) -> 0 | ... BA20: =IF(AND($D20="Serviço",BA$12<>0,$H20>0,OR(AUTOEVENTO<>"manual",$M20<>1)), IF(Import.TipoArredondamento<>"TransfereGOV", ROUND(OFFSET($P20,0,BA$13),15-13*ORÇAMENTO!$AF$7)/$H20*OFFSET(ORÇAMENTO!$X$15,ROW(BA20)-ROW(BA$15),0), ROUND(ROUND(OFFSET($P20,0,BA$13),15-13*ORÇAMENTO!$AF$7)*OFFSET(ORÇAMENTO!$W$15,ROW(BA20)-ROW(BA$15),0),15-13*ORÇAMENTO!$AF$11)),0) -> 0 | BC20: =IF($D20<>"Serviço",0,IF(AND(AUTOEVENTO="Manual",$M20=1),0,IF(OFFSET(CRONOPLE!$F$14,$M20,BC$13)="",10^12,OFFSET(CRONOPLE!$F$14,$M20,BC$13)))) -> 12 | BD20: =IF($D20<>"Serviço",0,IF(AND(AUTOEVENTO="Manual",$M20=1),0,IF(OFFSET(CRONOPLE!$F$14,$M20,BD$13)="",10^12,OFFSET(CRONOPLE!$F$14,$M20,BD$13)))) -> 1000000000000 | BE20: =IF($D20<>"Serviço",0,IF(AND(AUTOEVENTO="Manual",$M20=1),0,IF(OFFSET(CRONOPLE!$F$14,$M20,BE$13)="",10^12,OFFSET(CRONOPLE!$F$14,$M20,BE$13)))) -> 1000000000000 | BF20: =IF($D20<>"Serviço",0,IF(AND(AUTOEVENTO="Manual",$M20=1),0,IF(OFFSET(CRONOPLE!$F$14,$M20,BF$13)="",10^12,OFFSET(CRONOPLE!$F$14,$M20,BF$13)))) -> 1000000000000 | BG20: =IF($D20<>"Serviço",0,IF(AND(AUTOEVENTO="Manual",$M20=1),0,IF(OFFSET(CRONOPLE!$F$14,$M20,BG$13)="",10^12,OFFSET(CRONOPLE!$F$14,$M20,BG$13)))) -> 1000000000000 | BH20: =IF($D20<>"Serviço",0,IF(AND(AUTOEVENTO="Manual",$M20=1),0,IF(OFFSET(CRONOPLE!$F$14,$M20,BH$13)="",10^12,OFFSET(CRONOPLE!$F$14,$M20,BH$13)))) -> 1000000000000 | BI20: =IF($D20<>"Serviço",0,IF(AND(AUTOEVENTO="Manual",$M20=1),0,IF(OFFSET(CRONOPLE!$F$14,$M20,BI$13)="",10^12,OFFSET(CRONOPLE!$F$14,$M20,BI$13)))) -> 1000000000000 | BJ20: =IF($D20<>"Serviço",0,IF(AND(AUTOEVENTO="Manual",$M20=1),0,IF(OFFSET(CRONOPLE!$F$14,$M20,BJ$13)="",10^12,OFFSET(CRONOPLE!$F$14,$M20,BJ$13)))) -> 1000000000000 | ... BT20: =IF($D20<>"Serviço",0,IF(AND(AUTOEVENTO="Manual",$M20=1),0,IF(OFFSET(CRONOPLE!$F$14,$M20,BT$13)="",10^12,OFFSET(CRONOPLE!$F$14,$M20,BT$13)))) -> 1000000000000 | BV20: =IF($D20<>"Serviço",0,IF(OR(AND(AUTOEVENTO="Manual",$M20=1),$M20>(ROW(PLE.lastrow)-ROW(PLE.firstrow))),0,IF(OFFSET(PLE!$G$14,$M20,BV$13)="",10^12,OFFSET(PLE!$G$14,$M20,BV$13)))) -> 1000000000000 | BW20: =IF($D20<>"Serviço",0,IF(OR(AND(AUTOEVENTO="Manual",$M20=1),$M20>(ROW(PLE.lastrow)-ROW(PLE.firstrow))),0,IF(OFFSET(PLE!$G$14,$M20,BW$13)="",10^12,OFFSET(PLE!$G$14,$M20,BW$13)))) -> 1000000000000 | BX20: =IF($D20<>"Serviço",0,IF(OR(AND(AUTOEVENTO="Manual",$M20=1),$M20>(ROW(PLE.lastrow)-ROW(PLE.firstrow))),0,IF(OFFSET(PLE!$G$14,$M20,BX$13)="",10^12,OFFSET(PLE!$G$14,$M20,BX$13)))) -> 1000000000000 | BY20: =IF($D20<>"Serviço",0,IF(OR(AND(AUTOEVENTO="Manual",$M20=1),$M20>(ROW(PLE.lastrow)-ROW(PLE.firstrow))),0,IF(OFFSET(PLE!$G$14,$M20,BY$13)="",10^12,OFFSET(PLE!$G$14,$M20,BY$13)))) -> 1000000000000 | BZ20: =IF($D20<>"Serviço",0,IF(OR(AND(AUTOEVENTO="Manual",$M20=1),$M20>(ROW(PLE.lastrow)-ROW(PLE.firstrow))),0,IF(OFFSET(PLE!$G$14,$M20,BZ$13)="",10^12,OFFSET(PLE!$G$14,$M20,BZ$13)))) -> 1000000000000 | CA20: =IF($D20<>"Serviço",0,IF(OR(AND(AUTOEVENTO="Manual",$M20=1),$M20>(ROW(PLE.lastrow)-ROW(PLE.firstrow))),0,IF(OFFSET(PLE!$G$14,$M20,CA$13)="",10^12,OFFSET(PLE!$G$14,$M20,CA$13)))) -> 1000000000000 | CB20: =IF($D20<>"Serviço",0,IF(OR(AND(AUTOEVENTO="Manual",$M20=1),$M20>(ROW(PLE.lastrow)-ROW(PLE.firstrow))),0,IF(OFFSET(PLE!$G$14,$M20,CB$13)="",10^12,OFFSET(PLE!$G$14,$M20,CB$13)))) -> 1000000000000 | CC20: =IF($D20<>"Serviço",0,IF(OR(AND(AUTOEVENTO="Manual",$M20=1),$M20>(ROW(PLE.lastrow)-ROW(PLE.firstrow))),0,IF(OFFSET(PLE!$G$14,$M20,CC$13)="",10^12,OFFSET(PLE!$G$14,$M20,CC$13)))) -> 1000000000000 | ... CM20: =IF($D20<>"Serviço",0,IF(OR(AND(AUTOEVENTO="Manual",$M20=1),$M20>(ROW(PLE.lastrow)-ROW(PLE.firstrow))),0,IF(OFFSET(PLE!$G$14,$M20,CM$13)="",10^12,OFFSET(PLE!$G$14,$M20,CM$13)))) -> 1000000000000
A21: =IF(AUTOEVENTO="Manual",IF(K21<>"",MIN(VALUE(LEFT(K21,FIND(".",K21)-1)),COUNTA(EVENTOS.Lista)),0),IF(OR($B21>AUTOEVENTO,$B21="S",$B21=0),SUBSTITUTE(OFFSET($A21,-1,0),IF($D21="Serviço",".",""),""),ROW(A21)-ROW($A$15)&".")) -> 2 | B21: =OFFSET(ORÇAMENTO!C$15,ROW(B21)-ROW(B$15),0) -> S | C21: =OFFSET(ORÇAMENTO!L$15,ROW(C21)-ROW(C$15),0) | D21: =OFFSET(ORÇAMENTO!N$15,ROW(D21)-ROW(D$15),0) -> Serviço | E21: =OFFSET(ORÇAMENTO!O$15,ROW(E21)-ROW(E$15),0) -> - | F21: =OFFSET(ORÇAMENTO!R$15,ROW(F21)-ROW(F$15),0) -> (abra o arquivo 'Referência 03-Sunday.xlsm) | G21: =IF($D21<>"Serviço","",OFFSET(ORÇAMENTO!S$15,ROW(G21)-ROW(G$15),0)) -> - | H21: =IF($D21<>"Serviço",0,IF(ACOMPANHAMENTO="BM",ROUND(OFFSET(ORÇAMENTO!AJ$15,ROW(H21)-ROW(H$15),0),15-13*ORÇAMENTO!$AF$7),SUMPRODUCT(($Q$12:$AI$12<>"")*ROUND($Q21:$AI21,15-13*ORÇAMENTO!$AF$7)))) -> 100 | I21: 100 unidades | L21: . | M21: =IF($D21<>"Serviço","",IF(AUTOEVENTO="manual",$A21,IF(ISERROR(MATCH($A21,$A$15:OFFSET($A21,-1,0),0)),MAX($M$15:OFFSET(M21,-1,0))+1,INDEX($M$15:OFFSET(M21,-1,0),MATCH($A21,$A$15:OFFSET($A21,-1,0),0))))) -> 2 | N21: =IF($D21<>"Serviço","",IF(AUTOEVENTO="Manual",IF($A21=0,"<-- defina o número do agrupador",OFFSET(EVENTOS!$D$14,$A21,0)),OFFSET($F$15,$A21,0))) -> Lote 01 - Manutenção e Reparos Abrigos Passagerios Onibus e Táxi | Q21: 100 | AJ21: =IF(AND($D21="Serviço",AJ$12<>0,$H21>0,OR(AUTOEVENTO<>"manual",$M21<>1)), IF(Import.TipoArredondamento<>"TransfereGOV", ROUND(OFFSET($P21,0,AJ$13),15-13*ORÇAMENTO!$AF$7)/$H21*OFFSET(ORÇAMENTO!$X$15,ROW(AJ21)-ROW(AJ$15),0), ROUND(ROUND(OFFSET($P21,0,AJ$13),15-13*ORÇAMENTO!$AF$7)*OFFSET(ORÇAMENTO!$W$15,ROW(AJ21)-ROW(AJ$15),0),15-13*ORÇAMENTO!$AF$11)),0) -> 0 | AK21: =IF(AND($D21="Serviço",AK$12<>0,$H21>0,OR(AUTOEVENTO<>"manual",$M21<>1)), IF(Import.TipoArredondamento<>"TransfereGOV", ROUND(OFFSET($P21,0,AK$13),15-13*ORÇAMENTO!$AF$7)/$H21*OFFSET(ORÇAMENTO!$X$15,ROW(AK21)-ROW(AK$15),0), ROUND(ROUND(OFFSET($P21,0,AK$13),15-13*ORÇAMENTO!$AF$7)*OFFSET(ORÇAMENTO!$W$15,ROW(AK21)-ROW(AK$15),0),15-13*ORÇAMENTO!$AF$11)),0) -> 0 | AL21: =IF(AND($D21="Serviço",AL$12<>0,$H21>0,OR(AUTOEVENTO<>"manual",$M21<>1)), IF(Import.TipoArredondamento<>"TransfereGOV", ROUND(OFFSET($P21,0,AL$13),15-13*ORÇAMENTO!$AF$7)/$H21*OFFSET(ORÇAMENTO!$X$15,ROW(AL21)-ROW(AL$15),0), ROUND(ROUND(OFFSET($P21,0,AL$13),15-13*ORÇAMENTO!$AF$7)*OFFSET(ORÇAMENTO!$W$15,ROW(AL21)-ROW(AL$15),0),15-13*ORÇAMENTO!$AF$11)),0) -> 0 | AM21: =IF(AND($D21="Serviço",AM$12<>0,$H21>0,OR(AUTOEVENTO<>"manual",$M21<>1)), IF(Import.TipoArredondamento<>"TransfereGOV", ROUND(OFFSET($P21,0,AM$13),15-13*ORÇAMENTO!$AF$7)/$H21*OFFSET(ORÇAMENTO!$X$15,ROW(AM21)-ROW(AM$15),0), ROUND(ROUND(OFFSET($P21,0,AM$13),15-13*ORÇAMENTO!$AF$7)*OFFSET(ORÇAMENTO!$W$15,ROW(AM21)-ROW(AM$15),0),15-13*ORÇAMENTO!$AF$11)),0) -> 0 | AN21: =IF(AND($D21="Serviço",AN$12<>0,$H21>0,OR(AUTOEVENTO<>"manual",$M21<>1)), IF(Import.TipoArredondamento<>"TransfereGOV", ROUND(OFFSET($P21,0,AN$13),15-13*ORÇAMENTO!$AF$7)/$H21*OFFSET(ORÇAMENTO!$X$15,ROW(AN21)-ROW(AN$15),0), ROUND(ROUND(OFFSET($P21,0,AN$13),15-13*ORÇAMENTO!$AF$7)*OFFSET(ORÇAMENTO!$W$15,ROW(AN21)-ROW(AN$15),0),15-13*ORÇAMENTO!$AF$11)),0) -> 0 | AO21: =IF(AND($D21="Serviço",AO$12<>0,$H21>0,OR(AUTOEVENTO<>"manual",$M21<>1)), IF(Import.TipoArredondamento<>"TransfereGOV", ROUND(OFFSET($P21,0,AO$13),15-13*ORÇAMENTO!$AF$7)/$H21*OFFSET(ORÇAMENTO!$X$15,ROW(AO21)-ROW(AO$15),0), ROUND(ROUND(OFFSET($P21,0,AO$13),15-13*ORÇAMENTO!$AF$7)*OFFSET(ORÇAMENTO!$W$15,ROW(AO21)-ROW(AO$15),0),15-13*ORÇAMENTO!$AF$11)),0) -> 0 | AP21: =IF(AND($D21="Serviço",AP$12<>0,$H21>0,OR(AUTOEVENTO<>"manual",$M21<>1)), IF(Import.TipoArredondamento<>"TransfereGOV", ROUND(OFFSET($P21,0,AP$13),15-13*ORÇAMENTO!$AF$7)/$H21*OFFSET(ORÇAMENTO!$X$15,ROW(AP21)-ROW(AP$15),0), ROUND(ROUND(OFFSET($P21,0,AP$13),15-13*ORÇAMENTO!$AF$7)*OFFSET(ORÇAMENTO!$W$15,ROW(AP21)-ROW(AP$15),0),15-13*ORÇAMENTO!$AF$11)),0) -> 0 | AQ21: =IF(AND($D21="Serviço",AQ$12<>0,$H21>0,OR(AUTOEVENTO<>"manual",$M21<>1)), IF(Import.TipoArredondamento<>"TransfereGOV", ROUND(OFFSET($P21,0,AQ$13),15-13*ORÇAMENTO!$AF$7)/$H21*OFFSET(ORÇAMENTO!$X$15,ROW(AQ21)-ROW(AQ$15),0), ROUND(ROUND(OFFSET($P21,0,AQ$13),15-13*ORÇAMENTO!$AF$7)*OFFSET(ORÇAMENTO!$W$15,ROW(AQ21)-ROW(AQ$15),0),15-13*ORÇAMENTO!$AF$11)),0) -> 0 | ... BA21: =IF(AND($D21="Serviço",BA$12<>0,$H21>0,OR(AUTOEVENTO<>"manual",$M21<>1)), IF(Import.TipoArredondamento<>"TransfereGOV", ROUND(OFFSET($P21,0,BA$13),15-13*ORÇAMENTO!$AF$7)/$H21*OFFSET(ORÇAMENTO!$X$15,ROW(BA21)-ROW(BA$15),0), ROUND(ROUND(OFFSET($P21,0,BA$13),15-13*ORÇAMENTO!$AF$7)*OFFSET(ORÇAMENTO!$W$15,ROW(BA21)-ROW(BA$15),0),15-13*ORÇAMENTO!$AF$11)),0) -> 0 | BC21: =IF($D21<>"Serviço",0,IF(AND(AUTOEVENTO="Manual",$M21=1),0,IF(OFFSET(CRONOPLE!$F$14,$M21,BC$13)="",10^12,OFFSET(CRONOPLE!$F$14,$M21,BC$13)))) -> 12 | BD21: =IF($D21<>"Serviço",0,IF(AND(AUTOEVENTO="Manual",$M21=1),0,IF(OFFSET(CRONOPLE!$F$14,$M21,BD$13)="",10^12,OFFSET(CRONOPLE!$F$14,$M21,BD$13)))) -> 1000000000000 | BE21: =IF($D21<>"Serviço",0,IF(AND(AUTOEVENTO="Manual",$M21=1),0,IF(OFFSET(CRONOPLE!$F$14,$M21,BE$13)="",10^12,OFFSET(CRONOPLE!$F$14,$M21,BE$13)))) -> 1000000000000 | BF21: =IF($D21<>"Serviço",0,IF(AND(AUTOEVENTO="Manual",$M21=1),0,IF(OFFSET(CRONOPLE!$F$14,$M21,BF$13)="",10^12,OFFSET(CRONOPLE!$F$14,$M21,BF$13)))) -> 1000000000000 | BG21: =IF($D21<>"Serviço",0,IF(AND(AUTOEVENTO="Manual",$M21=1),0,IF(OFFSET(CRONOPLE!$F$14,$M21,BG$13)="",10^12,OFFSET(CRONOPLE!$F$14,$M21,BG$13)))) -> 1000000000000 | BH21: =IF($D21<>"Serviço",0,IF(AND(AUTOEVENTO="Manual",$M21=1),0,IF(OFFSET(CRONOPLE!$F$14,$M21,BH$13)="",10^12,OFFSET(CRONOPLE!$F$14,$M21,BH$13)))) -> 1000000000000 | BI21: =IF($D21<>"Serviço",0,IF(AND(AUTOEVENTO="Manual",$M21=1),0,IF(OFFSET(CRONOPLE!$F$14,$M21,BI$13)="",10^12,OFFSET(CRONOPLE!$F$14,$M21,BI$13)))) -> 1000000000000 | BJ21: =IF($D21<>"Serviço",0,IF(AND(AUTOEVENTO="Manual",$M21=1),0,IF(OFFSET(CRONOPLE!$F$14,$M21,BJ$13)="",10^12,OFFSET(CRONOPLE!$F$14,$M21,BJ$13)))) -> 1000000000000 | ... BT21: =IF($D21<>"Serviço",0,IF(AND(AUTOEVENTO="Manual",$M21=1),0,IF(OFFSET(CRONOPLE!$F$14,$M21,BT$13)="",10^12,OFFSET(CRONOPLE!$F$14,$M21,BT$13)))) -> 1000000000000 | BV21: =IF($D21<>"Serviço",0,IF(OR(AND(AUTOEVENTO="Manual",$M21=1),$M21>(ROW(PLE.lastrow)-ROW(PLE.firstrow))),0,IF(OFFSET(PLE!$G$14,$M21,BV$13)="",10^12,OFFSET(PLE!$G$14,$M21,BV$13)))) -> 1000000000000 | BW21: =IF($D21<>"Serviço",0,IF(OR(AND(AUTOEVENTO="Manual",$M21=1),$M21>(ROW(PLE.lastrow)-ROW(PLE.firstrow))),0,IF(OFFSET(PLE!$G$14,$M21,BW$13)="",10^12,OFFSET(PLE!$G$14,$M21,BW$13)))) -> 1000000000000 | BX21: =IF($D21<>"Serviço",0,IF(OR(AND(AUTOEVENTO="Manual",$M21=1),$M21>(ROW(PLE.lastrow)-ROW(PLE.firstrow))),0,IF(OFFSET(PLE!$G$14,$M21,BX$13)="",10^12,OFFSET(PLE!$G$14,$M21,BX$13)))) -> 1000000000000 | BY21: =IF($D21<>"Serviço",0,IF(OR(AND(AUTOEVENTO="Manual",$M21=1),$M21>(ROW(PLE.lastrow)-ROW(PLE.firstrow))),0,IF(OFFSET(PLE!$G$14,$M21,BY$13)="",10^12,OFFSET(PLE!$G$14,$M21,BY$13)))) -> 1000000000000 | BZ21: =IF($D21<>"Serviço",0,IF(OR(AND(AUTOEVENTO="Manual",$M21=1),$M21>(ROW(PLE.lastrow)-ROW(PLE.firstrow))),0,IF(OFFSET(PLE!$G$14,$M21,BZ$13)="",10^12,OFFSET(PLE!$G$14,$M21,BZ$13)))) -> 1000000000000 | CA21: =IF($D21<>"Serviço",0,IF(OR(AND(AUTOEVENTO="Manual",$M21=1),$M21>(ROW(PLE.lastrow)-ROW(PLE.firstrow))),0,IF(OFFSET(PLE!$G$14,$M21,CA$13)="",10^12,OFFSET(PLE!$G$14,$M21,CA$13)))) -> 1000000000000 | CB21: =IF($D21<>"Serviço",0,IF(OR(AND(AUTOEVENTO="Manual",$M21=1),$M21>(ROW(PLE.lastrow)-ROW(PLE.firstrow))),0,IF(OFFSET(PLE!$G$14,$M21,CB$13)="",10^12,OFFSET(PLE!$G$14,$M21,CB$13)))) -> 1000000000000 | CC21: =IF($D21<>"Serviço",0,IF(OR(AND(AUTOEVENTO="Manual",$M21=1),$M21>(ROW(PLE.lastrow)-ROW(PLE.firstrow))),0,IF(OFFSET(PLE!$G$14,$M21,CC$13)="",10^12,OFFSET(PLE!$G$14,$M21,CC$13)))) -> 1000000000000 | ... CM21: =IF($D21<>"Serviço",0,IF(OR(AND(AUTOEVENTO="Manual",$M21=1),$M21>(ROW(PLE.lastrow)-ROW(PLE.firstrow))),0,IF(OFFSET(PLE!$G$14,$M21,CM$13)="",10^12,OFFSET(PLE!$G$14,$M21,CM$13)))) -> 1000000000000
A22: =IF(AUTOEVENTO="Manual",IF(K22<>"",MIN(VALUE(LEFT(K22,FIND(".",K22)-1)),COUNTA(EVENTOS.Lista)),0),IF(OR($B22>AUTOEVENTO,$B22="S",$B22=0),SUBSTITUTE(OFFSET($A22,-1,0),IF($D22="Serviço",".",""),""),ROW(A22)-ROW($A$15)&".")) -> 2 | B22: =OFFSET(ORÇAMENTO!C$15,ROW(B22)-ROW(B$15),0) -> S | C22: =OFFSET(ORÇAMENTO!L$15,ROW(C22)-ROW(C$15),0) | D22: =OFFSET(ORÇAMENTO!N$15,ROW(D22)-ROW(D$15),0) -> Serviço | E22: =OFFSET(ORÇAMENTO!O$15,ROW(E22)-ROW(E$15),0) -> - | F22: =OFFSET(ORÇAMENTO!R$15,ROW(F22)-ROW(F$15),0) -> (abra o arquivo 'Referência 03-Sunday.xlsm) | G22: =IF($D22<>"Serviço","",OFFSET(ORÇAMENTO!S$15,ROW(G22)-ROW(G$15),0)) -> - | H22: =IF($D22<>"Serviço",0,IF(ACOMPANHAMENTO="BM",ROUND(OFFSET(ORÇAMENTO!AJ$15,ROW(H22)-ROW(H$15),0),15-13*ORÇAMENTO!$AF$7),SUMPRODUCT(($Q$12:$AI$12<>"")*ROUND($Q22:$AI22,15-13*ORÇAMENTO!$AF$7)))) -> 12 | I22: 12 unidades, umavez por mês | L22: . | M22: =IF($D22<>"Serviço","",IF(AUTOEVENTO="manual",$A22,IF(ISERROR(MATCH($A22,$A$15:OFFSET($A22,-1,0),0)),MAX($M$15:OFFSET(M22,-1,0))+1,INDEX($M$15:OFFSET(M22,-1,0),MATCH($A22,$A$15:OFFSET($A22,-1,0),0))))) -> 2 | N22: =IF($D22<>"Serviço","",IF(AUTOEVENTO="Manual",IF($A22=0,"<-- defina o número do agrupador",OFFSET(EVENTOS!$D$14,$A22,0)),OFFSET($F$15,$A22,0))) -> Lote 01 - Manutenção e Reparos Abrigos Passagerios Onibus e Táxi | Q22: 12 | AJ22: =IF(AND($D22="Serviço",AJ$12<>0,$H22>0,OR(AUTOEVENTO<>"manual",$M22<>1)), IF(Import.TipoArredondamento<>"TransfereGOV", ROUND(OFFSET($P22,0,AJ$13),15-13*ORÇAMENTO!$AF$7)/$H22*OFFSET(ORÇAMENTO!$X$15,ROW(AJ22)-ROW(AJ$15),0), ROUND(ROUND(OFFSET($P22,0,AJ$13),15-13*ORÇAMENTO!$AF$7)*OFFSET(ORÇAMENTO!$W$15,ROW(AJ22)-ROW(AJ$15),0),15-13*ORÇAMENTO!$AF$11)),0) -> 0 | AK22: =IF(AND($D22="Serviço",AK$12<>0,$H22>0,OR(AUTOEVENTO<>"manual",$M22<>1)), IF(Import.TipoArredondamento<>"TransfereGOV", ROUND(OFFSET($P22,0,AK$13),15-13*ORÇAMENTO!$AF$7)/$H22*OFFSET(ORÇAMENTO!$X$15,ROW(AK22)-ROW(AK$15),0), ROUND(ROUND(OFFSET($P22,0,AK$13),15-13*ORÇAMENTO!$AF$7)*OFFSET(ORÇAMENTO!$W$15,ROW(AK22)-ROW(AK$15),0),15-13*ORÇAMENTO!$AF$11)),0) -> 0 | AL22: =IF(AND($D22="Serviço",AL$12<>0,$H22>0,OR(AUTOEVENTO<>"manual",$M22<>1)), IF(Import.TipoArredondamento<>"TransfereGOV", ROUND(OFFSET($P22,0,AL$13),15-13*ORÇAMENTO!$AF$7)/$H22*OFFSET(ORÇAMENTO!$X$15,ROW(AL22)-ROW(AL$15),0), ROUND(ROUND(OFFSET($P22,0,AL$13),15-13*ORÇAMENTO!$AF$7)*OFFSET(ORÇAMENTO!$W$15,ROW(AL22)-ROW(AL$15),0),15-13*ORÇAMENTO!$AF$11)),0) -> 0 | AM22: =IF(AND($D22="Serviço",AM$12<>0,$H22>0,OR(AUTOEVENTO<>"manual",$M22<>1)), IF(Import.TipoArredondamento<>"TransfereGOV", ROUND(OFFSET($P22,0,AM$13),15-13*ORÇAMENTO!$AF$7)/$H22*OFFSET(ORÇAMENTO!$X$15,ROW(AM22)-ROW(AM$15),0), ROUND(ROUND(OFFSET($P22,0,AM$13),15-13*ORÇAMENTO!$AF$7)*OFFSET(ORÇAMENTO!$W$15,ROW(AM22)-ROW(AM$15),0),15-13*ORÇAMENTO!$AF$11)),0) -> 0 | AN22: =IF(AND($D22="Serviço",AN$12<>0,$H22>0,OR(AUTOEVENTO<>"manual",$M22<>1)), IF(Import.TipoArredondamento<>"TransfereGOV", ROUND(OFFSET($P22,0,AN$13),15-13*ORÇAMENTO!$AF$7)/$H22*OFFSET(ORÇAMENTO!$X$15,ROW(AN22)-ROW(AN$15),0), ROUND(ROUND(OFFSET($P22,0,AN$13),15-13*ORÇAMENTO!$AF$7)*OFFSET(ORÇAMENTO!$W$15,ROW(AN22)-ROW(AN$15),0),15-13*ORÇAMENTO!$AF$11)),0) -> 0 | AO22: =IF(AND($D22="Serviço",AO$12<>0,$H22>0,OR(AUTOEVENTO<>"manual",$M22<>1)), IF(Import.TipoArredondamento<>"TransfereGOV", ROUND(OFFSET($P22,0,AO$13),15-13*ORÇAMENTO!$AF$7)/$H22*OFFSET(ORÇAMENTO!$X$15,ROW(AO22)-ROW(AO$15),0), ROUND(ROUND(OFFSET($P22,0,AO$13),15-13*ORÇAMENTO!$AF$7)*OFFSET(ORÇAMENTO!$W$15,ROW(AO22)-ROW(AO$15),0),15-13*ORÇAMENTO!$AF$11)),0) -> 0 | AP22: =IF(AND($D22="Serviço",AP$12<>0,$H22>0,OR(AUTOEVENTO<>"manual",$M22<>1)), IF(Import.TipoArredondamento<>"TransfereGOV", ROUND(OFFSET($P22,0,AP$13),15-13*ORÇAMENTO!$AF$7)/$H22*OFFSET(ORÇAMENTO!$X$15,ROW(AP22)-ROW(AP$15),0), ROUND(ROUND(OFFSET($P22,0,AP$13),15-13*ORÇAMENTO!$AF$7)*OFFSET(ORÇAMENTO!$W$15,ROW(AP22)-ROW(AP$15),0),15-13*ORÇAMENTO!$AF$11)),0) -> 0 | AQ22: =IF(AND($D22="Serviço",AQ$12<>0,$H22>0,OR(AUTOEVENTO<>"manual",$M22<>1)), IF(Import.TipoArredondamento<>"TransfereGOV", ROUND(OFFSET($P22,0,AQ$13),15-13*ORÇAMENTO!$AF$7)/$H22*OFFSET(ORÇAMENTO!$X$15,ROW(AQ22)-ROW(AQ$15),0), ROUND(ROUND(OFFSET($P22,0,AQ$13),15-13*ORÇAMENTO!$AF$7)*OFFSET(ORÇAMENTO!$W$15,ROW(AQ22)-ROW(AQ$15),0),15-13*ORÇAMENTO!$AF$11)),0) -> 0 | ... BA22: =IF(AND($D22="Serviço",BA$12<>0,$H22>0,OR(AUTOEVENTO<>"manual",$M22<>1)), IF(Import.TipoArredondamento<>"TransfereGOV", ROUND(OFFSET($P22,0,BA$13),15-13*ORÇAMENTO!$AF$7)/$H22*OFFSET(ORÇAMENTO!$X$15,ROW(BA22)-ROW(BA$15),0), ROUND(ROUND(OFFSET($P22,0,BA$13),15-13*ORÇAMENTO!$AF$7)*OFFSET(ORÇAMENTO!$W$15,ROW(BA22)-ROW(BA$15),0),15-13*ORÇAMENTO!$AF$11)),0) -> 0 | BC22: =IF($D22<>"Serviço",0,IF(AND(AUTOEVENTO="Manual",$M22=1),0,IF(OFFSET(CRONOPLE!$F$14,$M22,BC$13)="",10^12,OFFSET(CRONOPLE!$F$14,$M22,BC$13)))) -> 12 | BD22: =IF($D22<>"Serviço",0,IF(AND(AUTOEVENTO="Manual",$M22=1),0,IF(OFFSET(CRONOPLE!$F$14,$M22,BD$13)="",10^12,OFFSET(CRONOPLE!$F$14,$M22,BD$13)))) -> 1000000000000 | BE22: =IF($D22<>"Serviço",0,IF(AND(AUTOEVENTO="Manual",$M22=1),0,IF(OFFSET(CRONOPLE!$F$14,$M22,BE$13)="",10^12,OFFSET(CRONOPLE!$F$14,$M22,BE$13)))) -> 1000000000000 | BF22: =IF($D22<>"Serviço",0,IF(AND(AUTOEVENTO="Manual",$M22=1),0,IF(OFFSET(CRONOPLE!$F$14,$M22,BF$13)="",10^12,OFFSET(CRONOPLE!$F$14,$M22,BF$13)))) -> 1000000000000 | BG22: =IF($D22<>"Serviço",0,IF(AND(AUTOEVENTO="Manual",$M22=1),0,IF(OFFSET(CRONOPLE!$F$14,$M22,BG$13)="",10^12,OFFSET(CRONOPLE!$F$14,$M22,BG$13)))) -> 1000000000000 | BH22: =IF($D22<>"Serviço",0,IF(AND(AUTOEVENTO="Manual",$M22=1),0,IF(OFFSET(CRONOPLE!$F$14,$M22,BH$13)="",10^12,OFFSET(CRONOPLE!$F$14,$M22,BH$13)))) -> 1000000000000 | BI22: =IF($D22<>"Serviço",0,IF(AND(AUTOEVENTO="Manual",$M22=1),0,IF(OFFSET(CRONOPLE!$F$14,$M22,BI$13)="",10^12,OFFSET(CRONOPLE!$F$14,$M22,BI$13)))) -> 1000000000000 | BJ22: =IF($D22<>"Serviço",0,IF(AND(AUTOEVENTO="Manual",$M22=1),0,IF(OFFSET(CRONOPLE!$F$14,$M22,BJ$13)="",10^12,OFFSET(CRONOPLE!$F$14,$M22,BJ$13)))) -> 1000000000000 | ... BT22: =IF($D22<>"Serviço",0,IF(AND(AUTOEVENTO="Manual",$M22=1),0,IF(OFFSET(CRONOPLE!$F$14,$M22,BT$13)="",10^12,OFFSET(CRONOPLE!$F$14,$M22,BT$13)))) -> 1000000000000 | BV22: =IF($D22<>"Serviço",0,IF(OR(AND(AUTOEVENTO="Manual",$M22=1),$M22>(ROW(PLE.lastrow)-ROW(PLE.firstrow))),0,IF(OFFSET(PLE!$G$14,$M22,BV$13)="",10^12,OFFSET(PLE!$G$14,$M22,BV$13)))) -> 1000000000000 | BW22: =IF($D22<>"Serviço",0,IF(OR(AND(AUTOEVENTO="Manual",$M22=1),$M22>(ROW(PLE.lastrow)-ROW(PLE.firstrow))),0,IF(OFFSET(PLE!$G$14,$M22,BW$13)="",10^12,OFFSET(PLE!$G$14,$M22,BW$13)))) -> 1000000000000 | BX22: =IF($D22<>"Serviço",0,IF(OR(AND(AUTOEVENTO="Manual",$M22=1),$M22>(ROW(PLE.lastrow)-ROW(PLE.firstrow))),0,IF(OFFSET(PLE!$G$14,$M22,BX$13)="",10^12,OFFSET(PLE!$G$14,$M22,BX$13)))) -> 1000000000000 | BY22: =IF($D22<>"Serviço",0,IF(OR(AND(AUTOEVENTO="Manual",$M22=1),$M22>(ROW(PLE.lastrow)-ROW(PLE.firstrow))),0,IF(OFFSET(PLE!$G$14,$M22,BY$13)="",10^12,OFFSET(PLE!$G$14,$M22,BY$13)))) -> 1000000000000 | BZ22: =IF($D22<>"Serviço",0,IF(OR(AND(AUTOEVENTO="Manual",$M22=1),$M22>(ROW(PLE.lastrow)-ROW(PLE.firstrow))),0,IF(OFFSET(PLE!$G$14,$M22,BZ$13)="",10^12,OFFSET(PLE!$G$14,$M22,BZ$13)))) -> 1000000000000 | CA22: =IF($D22<>"Serviço",0,IF(OR(AND(AUTOEVENTO="Manual",$M22=1),$M22>(ROW(PLE.lastrow)-ROW(PLE.firstrow))),0,IF(OFFSET(PLE!$G$14,$M22,CA$13)="",10^12,OFFSET(PLE!$G$14,$M22,CA$13)))) -> 1000000000000 | CB22: =IF($D22<>"Serviço",0,IF(OR(AND(AUTOEVENTO="Manual",$M22=1),$M22>(ROW(PLE.lastrow)-ROW(PLE.firstrow))),0,IF(OFFSET(PLE!$G$14,$M22,CB$13)="",10^12,OFFSET(PLE!$G$14,$M22,CB$13)))) -> 1000000000000 | CC22: =IF($D22<>"Serviço",0,IF(OR(AND(AUTOEVENTO="Manual",$M22=1),$M22>(ROW(PLE.lastrow)-ROW(PLE.firstrow))),0,IF(OFFSET(PLE!$G$14,$M22,CC$13)="",10^12,OFFSET(PLE!$G$14,$M22,CC$13)))) -> 1000000000000 | ... CM22: =IF($D22<>"Serviço",0,IF(OR(AND(AUTOEVENTO="Manual",$M22=1),$M22>(ROW(PLE.lastrow)-ROW(PLE.firstrow))),0,IF(OFFSET(PLE!$G$14,$M22,CM$13)="",10^12,OFFSET(PLE!$G$14,$M22,CM$13)))) -> 1000000000000
A23: =IF(AUTOEVENTO="Manual",IF(K23<>"",MIN(VALUE(LEFT(K23,FIND(".",K23)-1)),COUNTA(EVENTOS.Lista)),0),IF(OR($B23>AUTOEVENTO,$B23="S",$B23=0),SUBSTITUTE(OFFSET($A23,-1,0),IF($D23="Serviço",".",""),""),ROW(A23)-ROW($A$15)&".")) -> 2 | B23: =OFFSET(ORÇAMENTO!C$15,ROW(B23)-ROW(B$15),0) -> S | C23: =OFFSET(ORÇAMENTO!L$15,ROW(C23)-ROW(C$15),0) | D23: =OFFSET(ORÇAMENTO!N$15,ROW(D23)-ROW(D$15),0) -> Serviço | E23: =OFFSET(ORÇAMENTO!O$15,ROW(E23)-ROW(E$15),0) -> - | F23: =OFFSET(ORÇAMENTO!R$15,ROW(F23)-ROW(F$15),0) -> (abra o arquivo 'Referência 03-Sunday.xlsm) | G23: =IF($D23<>"Serviço","",OFFSET(ORÇAMENTO!S$15,ROW(G23)-ROW(G$15),0)) -> - | H23: =IF($D23<>"Serviço",0,IF(ACOMPANHAMENTO="BM",ROUND(OFFSET(ORÇAMENTO!AJ$15,ROW(H23)-ROW(H$15),0),15-13*ORÇAMENTO!$AF$7),SUMPRODUCT(($Q$12:$AI$12<>"")*ROUND($Q23:$AI23,15-13*ORÇAMENTO!$AF$7)))) -> 100 | I23: 100 unidades | L23: . | M23: =IF($D23<>"Serviço","",IF(AUTOEVENTO="manual",$A23,IF(ISERROR(MATCH($A23,$A$15:OFFSET($A23,-1,0),0)),MAX($M$15:OFFSET(M23,-1,0))+1,INDEX($M$15:OFFSET(M23,-1,0),MATCH($A23,$A$15:OFFSET($A23,-1,0),0))))) -> 2 | N23: =IF($D23<>"Serviço","",IF(AUTOEVENTO="Manual",IF($A23=0,"<-- defina o número do agrupador",OFFSET(EVENTOS!$D$14,$A23,0)),OFFSET($F$15,$A23,0))) -> Lote 01 - Manutenção e Reparos Abrigos Passagerios Onibus e Táxi | Q23: 100 | AJ23: =IF(AND($D23="Serviço",AJ$12<>0,$H23>0,OR(AUTOEVENTO<>"manual",$M23<>1)), IF(Import.TipoArredondamento<>"TransfereGOV", ROUND(OFFSET($P23,0,AJ$13),15-13*ORÇAMENTO!$AF$7)/$H23*OFFSET(ORÇAMENTO!$X$15,ROW(AJ23)-ROW(AJ$15),0), ROUND(ROUND(OFFSET($P23,0,AJ$13),15-13*ORÇAMENTO!$AF$7)*OFFSET(ORÇAMENTO!$W$15,ROW(AJ23)-ROW(AJ$15),0),15-13*ORÇAMENTO!$AF$11)),0) -> 0 | AK23: =IF(AND($D23="Serviço",AK$12<>0,$H23>0,OR(AUTOEVENTO<>"manual",$M23<>1)), IF(Import.TipoArredondamento<>"TransfereGOV", ROUND(OFFSET($P23,0,AK$13),15-13*ORÇAMENTO!$AF$7)/$H23*OFFSET(ORÇAMENTO!$X$15,ROW(AK23)-ROW(AK$15),0), ROUND(ROUND(OFFSET($P23,0,AK$13),15-13*ORÇAMENTO!$AF$7)*OFFSET(ORÇAMENTO!$W$15,ROW(AK23)-ROW(AK$15),0),15-13*ORÇAMENTO!$AF$11)),0) -> 0 | AL23: =IF(AND($D23="Serviço",AL$12<>0,$H23>0,OR(AUTOEVENTO<>"manual",$M23<>1)), IF(Import.TipoArredondamento<>"TransfereGOV", ROUND(OFFSET($P23,0,AL$13),15-13*ORÇAMENTO!$AF$7)/$H23*OFFSET(ORÇAMENTO!$X$15,ROW(AL23)-ROW(AL$15),0), ROUND(ROUND(OFFSET($P23,0,AL$13),15-13*ORÇAMENTO!$AF$7)*OFFSET(ORÇAMENTO!$W$15,ROW(AL23)-ROW(AL$15),0),15-13*ORÇAMENTO!$AF$11)),0) -> 0 | AM23: =IF(AND($D23="Serviço",AM$12<>0,$H23>0,OR(AUTOEVENTO<>"manual",$M23<>1)), IF(Import.TipoArredondamento<>"TransfereGOV", ROUND(OFFSET($P23,0,AM$13),15-13*ORÇAMENTO!$AF$7)/$H23*OFFSET(ORÇAMENTO!$X$15,ROW(AM23)-ROW(AM$15),0), ROUND(ROUND(OFFSET($P23,0,AM$13),15-13*ORÇAMENTO!$AF$7)*OFFSET(ORÇAMENTO!$W$15,ROW(AM23)-ROW(AM$15),0),15-13*ORÇAMENTO!$AF$11)),0) -> 0 | AN23: =IF(AND($D23="Serviço",AN$12<>0,$H23>0,OR(AUTOEVENTO<>"manual",$M23<>1)), IF(Import.TipoArredondamento<>"TransfereGOV", ROUND(OFFSET($P23,0,AN$13),15-13*ORÇAMENTO!$AF$7)/$H23*OFFSET(ORÇAMENTO!$X$15,ROW(AN23)-ROW(AN$15),0), ROUND(ROUND(OFFSET($P23,0,AN$13),15-13*ORÇAMENTO!$AF$7)*OFFSET(ORÇAMENTO!$W$15,ROW(AN23)-ROW(AN$15),0),15-13*ORÇAMENTO!$AF$11)),0) -> 0 | AO23: =IF(AND($D23="Serviço",AO$12<>0,$H23>0,OR(AUTOEVENTO<>"manual",$M23<>1)), IF(Import.TipoArredondamento<>"TransfereGOV", ROUND(OFFSET($P23,0,AO$13),15-13*ORÇAMENTO!$AF$7)/$H23*OFFSET(ORÇAMENTO!$X$15,ROW(AO23)-ROW(AO$15),0), ROUND(ROUND(OFFSET($P23,0,AO$13),15-13*ORÇAMENTO!$AF$7)*OFFSET(ORÇAMENTO!$W$15,ROW(AO23)-ROW(AO$15),0),15-13*ORÇAMENTO!$AF$11)),0) -> 0 | AP23: =IF(AND($D23="Serviço",AP$12<>0,$H23>0,OR(AUTOEVENTO<>"manual",$M23<>1)), IF(Import.TipoArredondamento<>"TransfereGOV", ROUND(OFFSET($P23,0,AP$13),15-13*ORÇAMENTO!$AF$7)/$H23*OFFSET(ORÇAMENTO!$X$15,ROW(AP23)-ROW(AP$15),0), ROUND(ROUND(OFFSET($P23,0,AP$13),15-13*ORÇAMENTO!$AF$7)*OFFSET(ORÇAMENTO!$W$15,ROW(AP23)-ROW(AP$15),0),15-13*ORÇAMENTO!$AF$11)),0) -> 0 | AQ23: =IF(AND($D23="Serviço",AQ$12<>0,$H23>0,OR(AUTOEVENTO<>"manual",$M23<>1)), IF(Import.TipoArredondamento<>"TransfereGOV", ROUND(OFFSET($P23,0,AQ$13),15-13*ORÇAMENTO!$AF$7)/$H23*OFFSET(ORÇAMENTO!$X$15,ROW(AQ23)-ROW(AQ$15),0), ROUND(ROUND(OFFSET($P23,0,AQ$13),15-13*ORÇAMENTO!$AF$7)*OFFSET(ORÇAMENTO!$W$15,ROW(AQ23)-ROW(AQ$15),0),15-13*ORÇAMENTO!$AF$11)),0) -> 0 | ... BA23: =IF(AND($D23="Serviço",BA$12<>0,$H23>0,OR(AUTOEVENTO<>"manual",$M23<>1)), IF(Import.TipoArredondamento<>"TransfereGOV", ROUND(OFFSET($P23,0,BA$13),15-13*ORÇAMENTO!$AF$7)/$H23*OFFSET(ORÇAMENTO!$X$15,ROW(BA23)-ROW(BA$15),0), ROUND(ROUND(OFFSET($P23,0,BA$13),15-13*ORÇAMENTO!$AF$7)*OFFSET(ORÇAMENTO!$W$15,ROW(BA23)-ROW(BA$15),0),15-13*ORÇAMENTO!$AF$11)),0) -> 0 | BC23: =IF($D23<>"Serviço",0,IF(AND(AUTOEVENTO="Manual",$M23=1),0,IF(OFFSET(CRONOPLE!$F$14,$M23,BC$13)="",10^12,OFFSET(CRONOPLE!$F$14,$M23,BC$13)))) -> 12 | BD23: =IF($D23<>"Serviço",0,IF(AND(AUTOEVENTO="Manual",$M23=1),0,IF(OFFSET(CRONOPLE!$F$14,$M23,BD$13)="",10^12,OFFSET(CRONOPLE!$F$14,$M23,BD$13)))) -> 1000000000000 | BE23: =IF($D23<>"Serviço",0,IF(AND(AUTOEVENTO="Manual",$M23=1),0,IF(OFFSET(CRONOPLE!$F$14,$M23,BE$13)="",10^12,OFFSET(CRONOPLE!$F$14,$M23,BE$13)))) -> 1000000000000 | BF23: =IF($D23<>"Serviço",0,IF(AND(AUTOEVENTO="Manual",$M23=1),0,IF(OFFSET(CRONOPLE!$F$14,$M23,BF$13)="",10^12,OFFSET(CRONOPLE!$F$14,$M23,BF$13)))) -> 1000000000000 | BG23: =IF($D23<>"Serviço",0,IF(AND(AUTOEVENTO="Manual",$M23=1),0,IF(OFFSET(CRONOPLE!$F$14,$M23,BG$13)="",10^12,OFFSET(CRONOPLE!$F$14,$M23,BG$13)))) -> 1000000000000 | BH23: =IF($D23<>"Serviço",0,IF(AND(AUTOEVENTO="Manual",$M23=1),0,IF(OFFSET(CRONOPLE!$F$14,$M23,BH$13)="",10^12,OFFSET(CRONOPLE!$F$14,$M23,BH$13)))) -> 1000000000000 | BI23: =IF($D23<>"Serviço",0,IF(AND(AUTOEVENTO="Manual",$M23=1),0,IF(OFFSET(CRONOPLE!$F$14,$M23,BI$13)="",10^12,OFFSET(CRONOPLE!$F$14,$M23,BI$13)))) -> 1000000000000 | BJ23: =IF($D23<>"Serviço",0,IF(AND(AUTOEVENTO="Manual",$M23=1),0,IF(OFFSET(CRONOPLE!$F$14,$M23,BJ$13)="",10^12,OFFSET(CRONOPLE!$F$14,$M23,BJ$13)))) -> 1000000000000 | ... BT23: =IF($D23<>"Serviço",0,IF(AND(AUTOEVENTO="Manual",$M23=1),0,IF(OFFSET(CRONOPLE!$F$14,$M23,BT$13)="",10^12,OFFSET(CRONOPLE!$F$14,$M23,BT$13)))) -> 1000000000000 | BV23: =IF($D23<>"Serviço",0,IF(OR(AND(AUTOEVENTO="Manual",$M23=1),$M23>(ROW(PLE.lastrow)-ROW(PLE.firstrow))),0,IF(OFFSET(PLE!$G$14,$M23,BV$13)="",10^12,OFFSET(PLE!$G$14,$M23,BV$13)))) -> 1000000000000 | BW23: =IF($D23<>"Serviço",0,IF(OR(AND(AUTOEVENTO="Manual",$M23=1),$M23>(ROW(PLE.lastrow)-ROW(PLE.firstrow))),0,IF(OFFSET(PLE!$G$14,$M23,BW$13)="",10^12,OFFSET(PLE!$G$14,$M23,BW$13)))) -> 1000000000000 | BX23: =IF($D23<>"Serviço",0,IF(OR(AND(AUTOEVENTO="Manual",$M23=1),$M23>(ROW(PLE.lastrow)-ROW(PLE.firstrow))),0,IF(OFFSET(PLE!$G$14,$M23,BX$13)="",10^12,OFFSET(PLE!$G$14,$M23,BX$13)))) -> 1000000000000 | BY23: =IF($D23<>"Serviço",0,IF(OR(AND(AUTOEVENTO="Manual",$M23=1),$M23>(ROW(PLE.lastrow)-ROW(PLE.firstrow))),0,IF(OFFSET(PLE!$G$14,$M23,BY$13)="",10^12,OFFSET(PLE!$G$14,$M23,BY$13)))) -> 1000000000000 | BZ23: =IF($D23<>"Serviço",0,IF(OR(AND(AUTOEVENTO="Manual",$M23=1),$M23>(ROW(PLE.lastrow)-ROW(PLE.firstrow))),0,IF(OFFSET(PLE!$G$14,$M23,BZ$13)="",10^12,OFFSET(PLE!$G$14,$M23,BZ$13)))) -> 1000000000000 | CA23: =IF($D23<>"Serviço",0,IF(OR(AND(AUTOEVENTO="Manual",$M23=1),$M23>(ROW(PLE.lastrow)-ROW(PLE.firstrow))),0,IF(OFFSET(PLE!$G$14,$M23,CA$13)="",10^12,OFFSET(PLE!$G$14,$M23,CA$13)))) -> 1000000000000 | CB23: =IF($D23<>"Serviço",0,IF(OR(AND(AUTOEVENTO="Manual",$M23=1),$M23>(ROW(PLE.lastrow)-ROW(PLE.firstrow))),0,IF(OFFSET(PLE!$G$14,$M23,CB$13)="",10^12,OFFSET(PLE!$G$14,$M23,CB$13)))) -> 1000000000000 | CC23: =IF($D23<>"Serviço",0,IF(OR(AND(AUTOEVENTO="Manual",$M23=1),$M23>(ROW(PLE.lastrow)-ROW(PLE.firstrow))),0,IF(OFFSET(PLE!$G$14,$M23,CC$13)="",10^12,OFFSET(PLE!$G$14,$M23,CC$13)))) -> 1000000000000 | ... CM23: =IF($D23<>"Serviço",0,IF(OR(AND(AUTOEVENTO="Manual",$M23=1),$M23>(ROW(PLE.lastrow)-ROW(PLE.firstrow))),0,IF(OFFSET(PLE!$G$14,$M23,CM$13)="",10^12,OFFSET(PLE!$G$14,$M23,CM$13)))) -> 1000000000000
